Workbook
Name BDI.Opcao: [1]DADOS!$F$18
Name BDI.TipoObra: BDI!$A$138:$A$146
Name DESONERACAO: IF(OR(Import.Desoneracao="DESONERADO",Import.Desoneracao="SIM"),"SIM","NÃO")
Name Import.Desoneracao: OFFSET([1]DADOS!$G$18,0,-1)

Sheet RESUMO
A12: RESUMO DA PLANILHA DE ORÇAMENTOS DE PROJETOS E OBRAS
A13: UFF- INSTITUTO DE QUIMICA | E13: AUTOR: | H13: FUNÇÃO:
A14: LOCAL: CAMPUS PRAIA VERMELHA | E14: PROCESSO: 23069.180351/2025-62 | H14: ART/RRT:
A15: NOME/APELIDO DA OBRA: | E15: BDI | F15: BDI EQUIP. | G15: SIAPE | H15: DATA | I15: REVISÃO
A16: BASE DE DADOS: SINAPI - 07/2025 - Rio de Janeiro; SBC - 07/2025 - Rio de Janeiro; EMOP - 07/2025 - Rio de Janeiro; SCO - 07/2025 - Rio de Janeiro - DESONERADO | E16: =BDI!$D$66 -> 0.2549 | F16: =BDI_DIF.!D67 -> 0.1612 | H16: 45931 | I16: R21
A17: ITEM | B17: SERVIÇO | I17: PREÇO TOTAL
A18: 1 | B18: PROJETOS | I18: 128905.04
A19: 2 | B19: GERENCIAMENTO DE OBRAS / FISCALIZAÇÃO | I19: 1806412.1
A20: 3 | B20: SERVIÇOS PRELIMINARES | I20: 424790.73
A21: 4 | B21: MOVIMENTO DE TERRA | I21: 31617.87
A22: 5 | B22: FUNDAÇÃO E INFRAESTRUTURA | I22: 395645.02
A23: 6 | B23: SUPERESTRUTURA | I23: 538800.04
A24: 7 | B24: ELEMENTOS DE FECHAMENTO | I24: 89452.13
A25: 8 | B25: COBERTURAS | I25: 79099.69
A26: 9 | B26: IMPERMEABILIZAÇÃO, ISOLAMENTO TÉRMICO E ACÚSTICO | I26: 206292.48
A27: 10 | B27: ESQUADRIAS E VIDROS | I27: 1919499
A28: 11 | B28: INSTALAÇÕES HIDRÁULICAS E SANITÁRIAS | I28: 560198.88
A29: 12 | B29: INSTALAÇÕES ELÉTRICAS | I29: 8154071.1
... A38: 21 | B38: SERVIÇOS COMPLEMENTARES | I38: 169272
A39: TOTAL GERAL | I39: =SUM(I18:I38) -> 24592340

Sheet Orçamento Sintético
A2: PLANILHA DE ORÇAMENTOS DE PROJETOS E OBRAS - SINTÉTICA
A3: UFF- INSTITUTO DE QUIMICA | E3: AUTOR: | H3: FUNÇÃO:
A4: LOCAL: CAMPUS PRAIA VERMELHA | E4: =RESUMO!E14 -> PROCESSO: 23069.180351/2025-62 | H4: ART/RRT:
A5: NOME/APELIDO DA OBRA: | E5: BDI | F5: BDI EQUIP. | G5: SIAPE | H5: DATA | J5: REVISÃO
A6: =RESUMO!A16 -> BASE DE DADOS: SINAPI - 07/2025 - Rio de Janeiro; SBC - 07/2025 - Rio de Janeiro; EMOP - 07/2025 - Rio de Janeiro; SCO - 07/2025 - Rio de Janeiro - DESONERADO | E6: =BDI!$D$66 -> 0.2549 | F6: =BDI_DIF.!D67 -> 0.1612 | H6: =RESUMO!H16 -> 45931 | I6: =RESUMO!I16 -> R21
A7: Item | B7: Código | C7: Banco | D7: Descrição | E7: Und | F7: Quant. | G7: Valor Unit | H7: Valor Unit com BDI | I7: Total | J7: Peso (%) | K7: DESCONTO OFERTADO | L7: VALOR TOTAL COM DESCONTO
A8: 1 | D8: PROJETOS | F8: 1 | H8: 128905.04 | I8: 128905.04 | J8: 0.0052416745 | K8: =I1051 -> 0 | L8: =SUM(L9:L26) -> 128905.04
A9: 1.1 | B9: 01.050.0810-A | C9: EMOP | D9: PROJETO DE AS BUILT DE ARQUITETURA PARA PREDIOS ESCOLARES E/ OU ADMINISTRATIVOS ATE 500M2,APRESENTADO NOS PADROES DA CONT RATANTE,INCLUSIVE COORDENACAO E COMPATIBILIZACAO COM OS PROJ ETOS COMPLEMENTARES | E9: 0 | F9: 500 | G9: 12.95 | H9: 16.25 | I9: 8125 | J9: 0.00033038743 | K9: =$I$1051 -> 0 | L9: =I9-(I9*K9) -> 8125
A10: 1.2 | B10: 01.050.0811-A | C10: EMOP | D10: PROJETO DE AS BUILT DE ARQUITETURA PARA PREDIOS ESCOLARES E/ OU ADMINISTRATIVOS DE 501 ATE 3000M2,APRESENTADO NOS PADROES DA CONTRATANTE,INCLUSIVE COORDENACAO E COMPATIBILIZACAO COM OS PROJETOS COMPLEMENTARES | E10: 0 | F10: 2500 | G10: 9.4 | H10: 11.79 | I10: 29475 | J10: 0.001198544 | K10: =$I$1051 -> 0 | L10: =I10-(I10*K10) -> 29475
A11: 1.3 | B11: 01.050.0812-A | C11: EMOP | D11: PROJETO DE AS BUILT DE ARQUITETURA PARA PREDIOS ESCOLARES E/ OU ADMINISTRATIVOS ACIMA DE 3000M2,APRESENTADO NOS PADROES D A CONTRATANTE,INCLUSIVE COORDENACAO E COMPATIBILIZACAO COM O S PROJETOS COMPLEMENTARES | E11: 0 | F11: 5503.41 | G11: 7.55 | H11: 9.47 | I11: 52117.29 | J11: 0.002119249 | K11: =$I$1051 -> 0 | L11: =I11-(I11*K11) -> 52117.29
A12: 1.4 | B12: 01.050.0955-A | C12: EMOP | D12: PROJETO DE AS BUILT DE INSTALACAO ELETRICA PARA PREDIOS ESCO LARES E/OU ADMINISTRATIVOS ATE 500M2,APRESENTADO NOS PADROES DA CONTRATANTE | E12: 0 | F12: 500 | G12: 1.88 | H12: 2.35 | I12: 1175 | J12: 4.7779106e-05 | K12: =$I$1051 -> 0 | L12: =I12-(I12*K12) -> 1175
A13: 1.5 | B13: 01.050.0956-A | C13: EMOP | D13: PROJETO DE AS BUILT DE INSTALACAO ELETRICA PARA PREDIOS ESCO LARES E/OU ADMINISTRATIVOS DE 501 ATE 3000M2,APRESENTADO NOS PADROES DA CONTRATANTE | E13: 0 | F13: 2500 | G13: 1.57 | H13: 1.97 | I13: 4925 | J13: 0.00020026561 | K13: =$I$1051 -> 0 | L13: =I13-(I13*K13) -> 4925
A14: 1.6 | B14: 01.050.0957-A | C14: EMOP | D14: PROJETO DE AS BUILT DE INSTALACAO ELETRICA PARA PREDIOS ESCO LARES E/OU ADMINISTRATIVOS ACIMA DE 3000M2,APRESENTADO NOS PADROES DA CONTRATANTE | E14: 0 | F14: 5503.41 | G14: 0.93 | H14: 1.16 | I14: 6383.95 | J14: 0.000259591 | K14: =$I$1051 -> 0 | L14: =I14-(I14*K14) -> 6383.95
A15: 1.7 | B15: 01.050.0980-A | C15: EMOP | D15: PROJETO DE AS BUILT DE INSTALACAO DE SEGURANCA (CFTV E SONOR IZACAO) ATE 500M2,APRESENTADO NOS PADROES DA CONTRATANTE | E15: 0 | F15: 500 | G15: 0.62 | H15: 0.77 | I15: 385 | J15: 1.5655282e-05 | K15: =$I$1051 -> 0 | L15: =I15-(I15*K15) -> 385
A16: 1.8 | B16: 01.050.0981-A | C16: EMOP | D16: PROJETO DE AS BUILT DE INSTALACAO DE SEGURANCA (CFTV E SONOR IZACAO) DE 501 ATE 3000M2,APRESENTADO NOS PADROES DA CONTRAT ANTE | E16: 0 | F16: 2500 | G16: 0.44 | H16: 0.55 | I16: 1375 | J16: 5.591172e-05 | K16: =$I$1051 -> 0 | L16: =I16-(I16*K16) -> 1375
A17: 1.9 | B17: 01.050.0982-A | C17: EMOP | D17: PROJETO DE AS BUILT DE INSTALACAO DE SEGURANCA (CFTV E SONOR IZACAO) ACIMA DE 3000M2,APRESENTADO NOS PADROES DA CONTRATAN TE | E17: 0 | F17: 5503.41 | G17: 0.25 | H17: 0.31 | I17: 1706.05 | J17: 6.9373229e-05 | K17: =$I$1051 -> 0 | L17: =I17-(I17*K17) -> 1706.05
A18: 1.10 | B18: 01.050.0840-A | C18: EMOP | D18: PROJETO DE AS BUILT DE INSTALACAO DE INCENDIO E SPDA PARA PR EDIOS ESCOLARES E/OU ADMINISTRATIVOS ATE 500M2,APRESENTADO NOS PADROES DA CONTRATANTE | E18: 0 | F18: 500 | G18: 0.93 | H18: 1.16 | I18: 580 | J18: 2.358458e-05 | K18: =$I$1051 -> 0 | L18: =I18-(I18*K18) -> 580
A19: 1.11 | B19: 01.050.0841-A | C19: EMOP | D19: PROJETO DE AS BUILT DE INSTALACAO DE INCENDIO E SPDA PARA PR EDIOS ESCOLARES E/OU ADMINISTRATIVOS DE 501 ATE 3000M2,APRES ENTADO NOS PADROES DA CONTRATANTE | E19: 0 | F19: 2500 | G19: 0.51 | H19: 0.63 | I19: 1575 | J19: 6.4044334e-05 | K19: =$I$1051 -> 0 | L19: =I19-(I19*K19) -> 1575
A20: 1.12 | B20: 01.050.0842-A | C20: EMOP | D20: PROJETO DE AS BUILT DE INSTALACAO DE INCENDIO E SPDA PARA PR EDIOS ESCOLARES E/OU ADMINISTRATIVOS ACIMA DE 3000M2,APRESEN TADO NOS PADROES DA CONTRATANTE | E20: 0 | F20: 5503.41 | G20: 0.25 | H20: 0.31 | I20: 1706.05 | J20: 6.9373229e-05 | K20: =$I$1051 -> 0 | L20: =I20-(I20*K20) -> 1706.05
... A26: 1.18 | B26: 01.050.0977-A | C26: EMOP | D26: PROJETO DE AS BUILT DE SISTEMA DE AR CONDICIONADO,EM PREDIOS ACIMA DE 3000M2,APRESENTADO NOS PADROES DA CONTRATANTE | E26: 0 | F26: 5503.41 | G26: 0.72 | H26: 0.9 | I26: 4953.06 | J26: 0.00020140662 | K26: =$I$1051 -> 0 | L26: =I26-(I26*K26) -> 4953.06
A27: 2 | D27: GERENCIAMENTO DE OBRAS / FISCALIZAÇÃO | F27: 1 | H27: 1806412.1 | I27: 1806412.1 | J27: 0.073454258 | K27: =$I$1051 -> 0 | L27: =SUM(L28) -> 1806412.1
A28: 2.1 | B28: UFF00066 | C28: Próprio | D28: ADMINISTRAÇÃO LOCAL | E28: UN | F28: 1 | G28: 1439486.9 | H28: 1806412.1 | I28: 1806412.1 | J28: 0.073454258 | K28: =$I$1051 -> 0 | L28: =I28-(I28*K28) -> 1806412.1
A29: 3 | D29: SERVIÇOS PRELIMINARES | F29: 1 | H29: 424790.73 | I29: 424790.73 | J29: 0.017273295 | K29: =$I$1051 -> 0 | L29: =SUM(L30,L33,L36,L74,L96,L103,L105) -> 424790.73
A30: 3.1 | D30: LICENÇAS / TAXAS / PLACA / INVENTÁRIO | F30: 1 | H30: 28318.36 | I30: 28318.36 | J30: 0.0011515114 | K30: =$I$1051 -> 0 | L30: =SUM(L31:L32) -> 28318.36
A31: 3.1.1 | B31: 103689 | C31: SINAPI | D31: FORNECIMENTO E INSTALAÇÃO DE PLACA DE OBRA COM CHAPA GALVANIZADA E ESTRUTURA DE MADEIRA. AF_03/2022_PS | E31: m² | F31: 3.15 | G31: 476.28 | H31: 597.68 | I31: 1882.69 | J31: 7.6555953e-05 | K31: =$I$1051 -> 0 | L31: =I31-(I31*K31) -> 1882.69
A32: 3.1.2 | B32: UFF-AT002 | C32: Próprio | D32: SERVIÇO PRELIMINAR (ANTERIOR A MOBILIZAÇÃO DO CANTEIRO) DE LEVANTAMENTO E INVENTÁRIO DOS MATERIAIS DEPOSITADOS NO CANTEIRO E NA OBRA. INCLUSIVE RELATÓRIO E DOCUMENTOS TÉCNICOS PERTINENTES | E32: UN | F32: 1 | G32: 21065.96 | H32: 26435.67 | I32: 26435.67 | J32: 0.0010749555 | K32: =$I$1051 -> 0 | L32: =I32-(I32*K32) -> 26435.67
A33: 3.2 | D33: MOBILIZAÇÃO E DESMOBILIZAÇÃO | F33: 1 | H33: 29557.93 | I33: 29557.93 | J33: 0.0012019161 | K33: =$I$1051 -> 0 | L33: =SUM(L34:L35) -> 29557.93
A34: 3.2.1 | B34: 012689 | C34: SBC | D34: MOBILIZACAO E DESMOBILIZACAO DE CANTEIRO | E34: UN | F34: 1 | G34: 6216.46 | H34: 7801.03 | I34: 7801.03 | J34: 0.00031721382 | K34: =$I$1051 -> 0 | L34: =I34-(I34*K34) -> 7801.03
A35: 3.2.2 | B35: 98459 | C35: SINAPI | D35: TAPUME COM TELHA METÁLICA. AF_03/2024 | E35: m² | F35: 165 | G35: 105.08 | H35: 131.86 | I35: 21756.9 | J35: 0.00088470232 | K35: =$I$1051 -> 0 | L35: =I35-(I35*K35) -> 21756.9
A36: 3.3 | D36: CANTEIRO DE OBRAS (REFORMA DO EXISTENTE) | F36: 1 | H36: 112611.56 | I36: 112611.56 | J36: 0.0045791316 | K36: =$I$1051 -> 0 | L36: =SUM(L37:L73) -> 112611.56
A37: 3.3.1 | B37: 98679 | C37: SINAPI | D37: PISO CIMENTADO, TRAÇO 1:3 (CIMENTO E AREIA), ACABAMENTO LISO, ESPESSURA 2,0 CM, PREPARO MECÂNICO DA ARGAMASSA. AF_09/2020 | E37: m² | F37: 24 | G37: 40.28 | H37: 50.54 | I37: 1212.96 | J37: 4.9322676e-05 | K37: =$I$1051 -> 0 | L37: =I37-(I37*K37) -> 1212.96
A38: 3.3.2 | B38: 98445 | C38: SINAPI | D38: PAREDE DE MADEIRA COMPENSADA PARA CONSTRUÇÃO TEMPORÁRIA EM CHAPA SIMPLES, EXTERNA, COM ÁREA LÍQUIDA MAIOR OU IGUAL A 6 M², COM VÃO. AF_03/2024 | E38: m² | F38: 90 | G38: 124.74 | H38: 156.53 | I38: 14087.7 | J38: 0.00057284912 | K38: =$I$1051 -> 0 | L38: =I38-(I38*K38) -> 14087.7
A39: 3.3.3 | B39: 90820 | C39: SINAPI | D39: PORTA DE MADEIRA PARA PINTURA, SEMI-OCA (LEVE OU MÉDIA), 60X210CM, ESPESSURA DE 3,5CM, INCLUSO DOBRADIÇAS - FORNECIMENTO E INSTALAÇÃO. AF_12/2019 | E39: UN | F39: 4 | G39: 420.39 | H39: 527.54 | I39: 2110.16 | J39: 8.5805582e-05 | K39: =$I$1051 -> 0 | L39: =I39-(I39*K39) -> 2110.16
A40: 3.3.4 | B40: 90822 | C40: SINAPI | D40: PORTA DE MADEIRA PARA PINTURA, SEMI-OCA (LEVE OU MÉDIA), 80X210CM, ESPESSURA DE 3,5CM, INCLUSO DOBRADIÇAS - FORNECIMENTO E INSTALAÇÃO. AF_12/2019 | E40: UN | F40: 6 | G40: 460.96 | H40: 578.45 | I40: 3470.7 | J40: 0.00014112931 | K40: =$I$1051 -> 0 | L40: =I40-(I40*K40) -> 3470.7
A41: 3.3.5 | B41: 91304 | C41: SINAPI | D41: FECHADURA DE EMBUTIR COM CILINDRO, EXTERNA, COMPLETA, ACABAMENTO PADRÃO POPULAR, INCLUSO EXECUÇÃO DE FURO - FORNECIMENTO E INSTALAÇÃO. AF_12/2019 | E41: UN | F41: 6 | G41: 139.33 | H41: 174.84 | I41: 1049.04 | J41: 4.2657186e-05 | K41: =$I$1051 -> 0 | L41: =I41-(I41*K41) -> 1049.04
A42: 3.3.6 | B42: 91305 | C42: SINAPI | D42: FECHADURA DE EMBUTIR PARA PORTA DE BANHEIRO, COMPLETA, ACABAMENTO PADRÃO POPULAR, INCLUSO EXECUÇÃO DE FURO - FORNECIMENTO E INSTALAÇÃO. AF_12/2019 | E42: UN | F42: 4 | G42: 136.75 | H42: 171.6 | I42: 686.4 | J42: 2.7911131e-05 | K42: =$I$1051 -> 0 | L42: =I42-(I42*K42) -> 686.4
A43: 3.3.7 | B43: 100666 | C43: SINAPI | D43: JANELA DE MADEIRA (PINUS/EUCALIPTO OU EQUIV.) DE ABRIR COM 4 FOLHAS (2 VENEZIANAS E 2 GUILHOTINAS PARA VIDRO), COM BATENTE, ALIZAR E FERRAGENS. EXCLUSIVE VIDROS, ACABAMENTO E CONTRAMARCO. FORNECIMENTO E INSTALAÇÃO. AF_12/2019 | E43: m² | F43: 4 | G43: 631.07 | H43: 791.92 | I43: 3167.68 | J43: 0.00012880759 | K43: =$I$1051 -> 0 | L43: =I43-(I43*K43) -> 3167.68
A44: 3.3.8 | B44: 100668 | C44: SINAPI | D44: JANELA DE MADEIRA (CEDRINHO/ANGELIM OU EQUIV.) TIPO MAXIM-AR, PARA VIDRO, COM BATENTE, ALIZAR E FERRAGENS. EXCLUSIVE VIDRO, ACABAMENTO E CONTRAMARCO. FORNECIMENTO E INSTALAÇÃO. AF_12/2019 | E44: m² | F44: 2.16 | G44: 1250.46 | H44: 1569.2 | I44: 3389.47 | J44: 0.00013782625 | K44: =$I$1051 -> 0 | L44: =I44-(I44*K44) -> 3389.47
A45: 3.3.9 | B45: 102152 | C45: SINAPI | D45: INSTALAÇÃO DE VIDRO LISO, E = 4 MM, EM ESQUADRIA DE MADEIRA, FIXADO COM BAGUETE. AF_01/2021 | E45: m² | F45: 6.16 | G45: 202.75 | H45: 254.43 | I45: 1567.28 | J45: 6.3730415e-05 | K45: =$I$1051 -> 0 | L45: =I45-(I45*K45) -> 1567.28
A46: 3.3.10 | B46: 103328 | C46: SINAPI | D46: ALVENARIA DE VEDAÇÃO DE BLOCOS CERÂMICOS FURADOS NA HORIZONTAL DE 9X19X19 CM (ESPESSURA 9 CM) E ARGAMASSA DE ASSENTAMENTO COM PREPARO EM BETONEIRA. AF_12/2021 | E46: m² | F46: 10 | G46: 113.21 | H46: 142.06 | I46: 1420.6 | J46: 5.7765956e-05 | K46: =$I$1051 -> 0 | L46: =I46-(I46*K46) -> 1420.6
A47: 3.3.11 | B47: 87548 | C47: SINAPI | D47: MASSA ÚNICA, EM ARGAMASSA TRAÇO 1:2:8, PREPARO MANUAL, APLICADA MANUALMENTE EM PAREDES INTERNAS DE AMBIENTES COM ÁREA ENTRE 5M² E 10M², E = 10MM, COM TALISCAS. AF_03/2024 | E47: m² | F47: 20 | G47: 35.15 | H47: 44.1 | I47: 882 | J47: 3.5864827e-05 | K47: =$I$1051 -> 0 | L47: =I47-(I47*K47) -> 882
A48: 3.3.12 | B48: 87878 | C48: SINAPI | D48: CHAPISCO APLICADO EM ALVENARIAS E ESTRUTURAS DE CONCRETO INTERNAS, COM COLHER DE PEDREIRO. ARGAMASSA TRAÇO 1:3 COM PREPARO MANUAL. AF_10/2022 | E48: m² | F48: 20 | G48: 5.75 | H48: 7.21 | I48: 144.2 | J48: 5.8636145e-06 | K48: =$I$1051 -> 0 | L48: =I48-(I48*K48) -> 144.2
... A73: 3.3.37 | B73: UFF00468 (ADAPT_SINAPI: 93583) | C73: Próprio | D73: EXECUÇÃO DE CENTRAL DE FÔRMAS, PRODUÇÃO DE ARGAMASSA OU CONCRETO EM CANTEIRO DE OBRA, NÃO INCLUSO MOBILIÁRIO E EQUIPAMENTOS. | E73: m² | F73: 20 | G73: 490.17 | H73: 615.11 | I73: 12302.2 | J73: 0.00050024521 | K73: =$I$1051 -> 0 | L73: =I73-(I73*K73) -> 12302.2
A74: 3.4 | D74: DEMOLIÇÕES / REMOÇÕES | F74: 1 | H74: 55248.08 | I74: 55248.08 | J74: 0.0022465565 | K74: =$I$1051 -> 0 | L74: =SUM(L75:L95) -> 55248.08
A75: 3.4.1 | B75: 97637 | C75: SINAPI | D75: REMOÇÃO DE TAPUME/ CHAPAS METÁLICAS E DE MADEIRA, DE FORMA MANUAL, SEM REAPROVEITAMENTO. AF_09/2023 | E75: m² | F75: 550 | G75: 4.09 | H75: 5.13 | I75: 2821.5 | J75: 0.00011473085 | K75: =$I$1051 -> 0 | L75: =I75-(I75*K75) -> 2821.5
A76: 3.4.2 | B76: 104797 | C76: SINAPI | D76: REMOÇAO DE GUIAS PRÉ-FABRICADAS DE CONCRETO, DE FORMA MECANIZADA, COM REAPROVEITAMENTO. AF_09/2023 | E76: M | F76: 30 | G76: 23.05 | H76: 28.92 | I76: 867.6 | J76: 3.5279279e-05 | K76: =$I$1051 -> 0 | L76: =I76-(I76*K76) -> 867.6
A77: 3.4.3 | B77: 97622 | C77: SINAPI | D77: DEMOLIÇÃO DE ALVENARIA DE BLOCO FURADO, DE FORMA MANUAL, SEM REAPROVEITAMENTO. AF_09/2023 | E77: m³ | F77: 45 | G77: 77.08 | H77: 96.72 | I77: 4352.4 | J77: 0.00017698194 | K77: =$I$1051 -> 0 | L77: =I77-(I77*K77) -> 4352.4
A78: 3.4.4 | B78: UFF00118 (ADAPT_SINAPI: 97633) | C78: Próprio | D78: RETIRADA DE PLACAS CERÂMICAS DA FACHADA, DE FORMA MANUAL. | E78: m² | F78: 348.62 | G78: 31.52 | H78: 39.55 | I78: 13787.92 | J78: 0.00056065914 | K78: =$I$1051 -> 0 | L78: =I78-(I78*K78) -> 13787.92
A79: 3.4.5 | B79: UFF00104 (ADAPT_ORSE:36) | C79: Próprio | D79: REMOÇÃO DE BRISES | E79: m² | F79: 99.42 | G79: 5.83 | H79: 7.31 | I79: 726.76 | J79: 2.9552292e-05 | K79: =$I$1051 -> 0 | L79: =I79-(I79*K79) -> 726.76
A80: 3.4.6 | B80: 97640 | C80: SINAPI | D80: REMOÇÃO DE FORROS DE DRYWALL, PVC E FIBROMINERAL, DE FORMA MANUAL, SEM REAPROVEITAMENTO. AF_09/2023 | E80: m² | F80: 98.56 | G80: 2.77 | H80: 3.47 | I80: 342 | J80: 1.390677e-05 | K80: =$I$1051 -> 0 | L80: =I80-(I80*K80) -> 342
A81: 3.4.7 | B81: 97642 | C81: SINAPI | D81: REMOÇÃO DE TRAMA METÁLICA OU DE MADEIRA PARA FORRO, DE FORMA MANUAL, SEM REAPROVEITAMENTO. AF_09/2023 | E81: m² | F81: 561.95 | G81: 3.98 | H81: 4.99 | I81: 2804.13 | J81: 0.00011402453 | K81: =$I$1051 -> 0 | L81: =I81-(I81*K81) -> 2804.13
A82: 3.4.8 | B82: 97644 | C82: SINAPI | D82: REMOÇÃO DE PORTAS, DE FORMA MANUAL, SEM REAPROVEITAMENTO. AF_09/2023 | E82: m² | F82: 287.82 | G82: 12.97 | H82: 16.27 | I82: 4682.83 | J82: 0.00019041824 | K82: =$I$1051 -> 0 | L82: =I82-(I82*K82) -> 4682.83
A83: 3.4.9 | B83: 97645 | C83: SINAPI | D83: REMOÇÃO DE JANELAS, DE FORMA MANUAL, SEM REAPROVEITAMENTO. AF_09/2023 | E83: m² | F83: 48.46 | G83: 33.5 | H83: 42.03 | I83: 2036.77 | J83: 8.2821319e-05 | K83: =$I$1051 -> 0 | L83: =I83-(I83*K83) -> 2036.77
A84: 3.4.10 | B84: 102191 | C84: SINAPI | D84: REMOÇÃO DE VIDRO LISO COMUM DE ESQUADRIA COM BAGUETE DE ALUMÍNIO OU PVC. AF_01/2021 | E84: m² | F84: 6.16 | G84: 29.96 | H84: 37.59 | I84: 231.55 | J84: 9.4155336e-06 | K84: =$I$1051 -> 0 | L84: =I84-(I84*K84) -> 231.55
A85: 3.4.11 | B85: 102192 | C85: SINAPI | D85: REMOÇÃO DE VIDRO TEMPERADO FIXADO EM PERFIL U. AF_01/2021 | E85: m² | F85: 42.3 | G85: 21.39 | H85: 26.84 | I85: 1135.33 | J85: 4.6166002e-05 | K85: =$I$1051 -> 0 | L85: =I85-(I85*K85) -> 1135.33
A86: 3.4.12 | B86: 97647 | C86: SINAPI | D86: REMOÇÃO DE TELHAS DE FIBROCIMENTO METÁLICA E CERÂMICA, DE FORMA MANUAL, SEM REAPROVEITAMENTO. AF_09/2023 | E86: m² | F86: 400 | G86: 4.87 | H86: 6.11 | I86: 2444 | J86: 9.938054e-05 | K86: =$I$1051 -> 0 | L86: =I86-(I86*K86) -> 2444
... A95: 3.4.21 | B95: UFF00495 (ADAPT_ORSE: 11101) | C95: Próprio | D95: RETIRADA DE CAIXA DE HIDRANTE DE PAREDE. | E95: un | F95: 24 | G95: 66.11 | H95: 82.96 | I95: 1991.04 | J95: 8.0961797e-05 | K95: =$I$1051 -> 0 | L95: =I95-(I95*K95) -> 1991.04
A96: 3.5 | D96: ANDAIMES | F96: 1 | H96: 88052.1 | I96: 88052.1 | J96: 0.0035804686 | K96: =$I$1051 -> 0 | L96: =SUM(L97:L102) -> 88052.1
A97: 3.5.1 | B97: 05.006.0001-1 | C97: EMOP | D97: LOCACAO DE ANDAIME COM ELEMENTOS TUBULARES SOBRE SAPATAS FIX AS,CONSIDERANDO-SE A AREA DA PROJECAO VERTICAL DO ANDAIME E PAGO PELO TEMPO NECESSARIO A SUA UTILIZACAO,EXCLUSIVE TRANSP ORTE DOS ELEMENTOS DO ANDAIME ATE A OBRA,PLATAFORMA OU PASSA RELA DE PINHO,MONTAGEM E DESMONTAGEM DOS ANDAIMES | E97: M2XMES | F97: 1344 | G97: 39.66 | H97: 49.76 | I97: 66877.44 | J97: 0.002719442 | K97: =$I$1051 -> 0 | L97: =I97-(I97*K97) -> 66877.44
A98: 3.5.2 | B98: 04.021.0010-A | C98: EMOP | D98: CARGA E DESCARGA MANUAL DE ANDAIME TUBULAR,INCLUSIVE TEMPO D E ESPERA DO CAMINHAO,CONSIDERANDO-SE A AREA DE PROJECAO VERT ICAL | E98: m² | F98: 336 | G98: 1.01 | H98: 1.26 | I98: 423.36 | J98: 1.7215117e-05 | K98: =$I$1051 -> 0 | L98: =I98-(I98*K98) -> 423.36
A99: 3.5.3 | B99: 04.020.0122-A | C99: EMOP | D99: TRANSPORTE DE ANDAIME TUBULAR,CONSIDERANDO-SE A AREA DE PROJ ECAO VERTICAL DO ANDAIME,EXCLUSIVE CARGA,DESCARGA E TEMPO DE ESPERA DO CAMINHAO(VIDE ITEM 04.021.0010) | E99: M2XKM | F99: 10080 | G99: 0.2 | H99: 0.25 | I99: 2520 | J99: 0.00010247093 | K99: =$I$1051 -> 0 | L99: =I99-(I99*K99) -> 2520
A100: 3.5.4 | B100: 05.008.0001-A | C100: EMOP | D100: MONTAGEM E DESMONTAGEM DE ANDAIME COM ELEMENTOS TUBULARES,CO NSIDERANDO-SE A AREA VERTICAL RECOBERTA | E100: m² | F100: 672 | G100: 7.89 | H100: 9.9 | I100: 6652.8 | J100: 0.00027052326 | K100: =$I$1051 -> 0 | L100: =I100-(I100*K100) -> 6652.8
A101: 3.5.5 | B101: 05.007.0007-A | C101: EMOP | D101: LOCACAO DE PASSARELA METALICA,PERFURADA,PARA ANDAIME METALIC O TUBULAR,INCLUSIVE TRANSPORTE,CARGA E DESCARGA,EXCLUSIVE AN DAIME TUBULAR E MOVIMENTACAO (VIDE ITEM 05.008.0008) | E101: M2XMES | F101: 90 | G101: 101.88 | H101: 127.84 | I101: 11505.6 | J101: 0.00046785301 | K101: =$I$1051 -> 0 | L101: =I101-(I101*K101) -> 11505.6
A102: 3.5.6 | B102: 05.008.0008-B | C102: EMOP | D102: MOVIMENTACAO VERTICAL OU HORIZONTAL DE PLATAFORMA OU PASSARE LA | E102: m² | F102: 90 | G102: 0.65 | H102: 0.81 | I102: 72.9 | J102: 2.9643377e-06 | K102: =$I$1051 -> 0 | L102: =I102-(I102*K102) -> 72.9
A103: 3.6 | D103: DESMOBILIZAÇÃO DE EQUIPAMENTOS | F103: 1 | H103: 105131.84 | I103: 105131.84 | J103: 0.0042749833 | K103: =$I$1051 -> 0 | L103: =SUM(L104) -> 105131.84
A104: 3.6.1 | B104: UFF00489 (ADAPT_EMOP: 18.030.0206-A) | C104: Próprio | D104: DESMONTAGEM, TRANSPORTE E ELEVACAO VERTICAL DE EQUIPAMENTOS ATÉ 300TR-MEIO MECANICO | E104: UN | F104: 16 | G104: 5236.07 | H104: 6570.74 | I104: 105131.84 | J104: 0.0042749833 | K104: =$I$1051 -> 0 | L104: =I104-(I104*K104) -> 105131.84
A105: 3.7 | D105: DEMOLIÇÕES / LIMPEZA TERRENO | F105: 1 | H105: 5870.86 | I105: 5870.86 | J105: 0.00023872718 | K105: =$I$1051 -> 0 | L105: =SUM(L106) -> 5870.86
A106: 3.7.1 | D106: ÁREA DAS ESCADAS | F106: 1 | H106: 5870.86 | I106: 5870.86 | J106: 0.00023872718 | K106: =$I$1051 -> 0 | L106: =SUM(L107:L108) -> 5870.86
A107: 3.7.1.1 | B107: 98524 | C107: SINAPI | D107: LIMPEZA MANUAL DE VEGETAÇÃO EM TERRENO COM ENXADA. AF_03/2024 | E107: m² | F107: 678.46 | G107: 6.21 | H107: 7.79 | I107: 5285.2 | J107: 0.00021491245 | K107: =$I$1051 -> 0 | L107: =I107-(I107*K107) -> 5285.2
A108: 3.7.1.2 | B108: 022104 | C108: SBC | D108: DEMOLICAO MECANICA DE CONCRETO SIMPLES ACIMA DE 2,0M3 | E108: m³ | F108: 0.5925 | G108: 787.69 | H108: 988.47 | I108: 585.66 | J108: 2.3814733e-05 | K108: =$I$1051 -> 0 | L108: =I108-(I108*K108) -> 585.66
A109: 4 | D109: MOVIMENTO DE TERRA | F109: 1 | H109: 31617.87 | I109: 31617.87 | J109: 0.0012856796 | K109: =$I$1051 -> 0 | L109: =L110+L113+L116 -> 31617.87
A110: 4.1 | D110: ESCADAS | F110: 1 | H110: 9632.87 | I110: 9632.87 | J110: 0.00039170206 | K110: =$I$1051 -> 0 | L110: =SUM(L111:L112) -> 9632.87
A111: 4.1.1 | B111: 93358 | C111: SINAPI | D111: ESCAVAÇÃO MANUAL DE VALA COM PROFUNDIDADE MENOR OU IGUAL A 1,30 M. AF_02/2021 | E111: m³ | F111: 50.1716 | G111: 115.31 | H111: 144.7 | I111: 7259.83 | J111: 0.00029520697 | K111: =$I$1051 -> 0 | L111: =I111-(I111*K111) -> 7259.83
A112: 4.1.2 | B112: 93382 | C112: SINAPI | D112: REATERRO MANUAL DE VALAS, COM COMPACTADOR DE SOLOS DE PERCUSSÃO. AF_08/2023 | E112: m³ | F112: 55.187 | G112: 34.27 | H112: 43 | I112: 2373.04 | J112: 9.6495089e-05 | K112: =$I$1051 -> 0 | L112: =I112-(I112*K112) -> 2373.04
A113: 4.2 | D113: SUBESTAÇÃO | F113: 1 | H113: 15987.54 | I113: 15987.54 | J113: 0.00065010244 | K113: =$I$1051 -> 0 | L113: =SUM(L114:L115) -> 15987.54
A114: 4.2.1 | B114: 93358 | C114: SINAPI | D114: ESCAVAÇÃO MANUAL DE VALA COM PROFUNDIDADE MENOR OU IGUAL A 1,30 M. AF_02/2021 | E114: m³ | F114: 88.2 | G114: 115.31 | H114: 144.7 | I114: 12762.54 | J114: 0.00051896404 | K114: =$I$1051 -> 0 | L114: =I114-(I114*K114) -> 12762.54
A115: 4.2.2 | B115: 93382 | C115: SINAPI | D115: REATERRO MANUAL DE VALAS, COM COMPACTADOR DE SOLOS DE PERCUSSÃO. AF_08/2023 | E115: m³ | F115: 75 | G115: 34.27 | H115: 43 | I115: 3225 | J115: 0.0001311384 | K115: =$I$1051 -> 0 | L115: =I115-(I115*K115) -> 3225
A116: 4.3 | D116: ABRIGO DE GÁS | F116: 1 | H116: 5997.46 | I116: 5997.46 | J116: 0.00024387513 | K116: =$I$1051 -> 0 | L116: =SUM(L117:L118) -> 5997.46
A117: 4.3.1 | B117: 93358 | C117: SINAPI | D117: ESCAVAÇÃO MANUAL DE VALA COM PROFUNDIDADE MENOR OU IGUAL A 1,30 M. AF_02/2021 | E117: m³ | F117: 32.8 | G117: 115.31 | H117: 144.7 | I117: 4746.16 | J117: 0.00019299343 | K117: =$I$1051 -> 0 | L117: =I117-(I117*K117) -> 4746.16
A118: 4.3.2 | B118: 93382 | C118: SINAPI | D118: REATERRO MANUAL DE VALAS, COM COMPACTADOR DE SOLOS DE PERCUSSÃO. AF_08/2023 | E118: m³ | F118: 29.1 | G118: 34.27 | H118: 43 | I118: 1251.3 | J118: 5.0881698e-05 | K118: =$I$1051 -> 0 | L118: =I118-(I118*K118) -> 1251.3
A119: 5 | D119: INFRAESTRUTURA: FUNDAÇÕES SIMPLES (OU DIRETAS) | F119: 1 | H119: 395645.02 | I119: 395645.02 | J119: 0.016088141 | K119: =$I$1051 -> 0 | L119: =SUM(L120,L132,L151) -> 395645.02
A120: 5.1 | D120: ESCADAS | F120: 1 | H120: 276846.39 | I120: 276846.39 | J120: 0.011257424 | K120: =$I$1051 -> 0 | L120: =SUM(L121:L131) -> 276846.39
A121: 5.1.1 | B121: 96544 | C121: SINAPI | D121: ARMAÇÃO DE BLOCO UTILIZANDO AÇO CA-50 DE 6,3 MM - MONTAGEM. AF_01/2024 | E121: KG | F121: 77 | G121: 20.86 | H121: 26.17 | I121: 2015.09 | J121: 8.1939744e-05 | K121: =$I$1051 -> 0 | L121: =I121-(I121*K121) -> 2015.09
A122: 5.1.2 | B122: 96545 | C122: SINAPI | D122: ARMAÇÃO DE BLOCO UTILIZANDO AÇO CA-50 DE 8 MM - MONTAGEM. AF_01/2024 | E122: KG | F122: 46.2 | G122: 18.43 | H122: 23.12 | I122: 1068.14 | J122: 4.343385e-05 | K122: =$I$1051 -> 0 | L122: =I122-(I122*K122) -> 1068.14
A123: 5.1.3 | B123: 96546 | C123: SINAPI | D123: ARMAÇÃO DE BLOCO UTILIZANDO AÇO CA-50 DE 10 MM - MONTAGEM. AF_01/2024 | E123: KG | F123: 19.8 | G123: 15.92 | H123: 19.97 | I123: 395.4 | J123: 1.6078177e-05 | K123: =$I$1051 -> 0 | L123: =I123-(I123*K123) -> 395.4
A124: 5.1.4 | B124: 104920 | C124: SINAPI | D124: ARMAÇÃO DE BLOCO, SAPATA ISOLADA, VIGA BALDRAME E SAPATA CORRIDA UTILIZANDO AÇO CA-50 DE 12,5 MM - MONTAGEM. AF_01/2024 | E124: KG | F124: 891 | G124: 12.01 | H124: 15.07 | I124: 13427.37 | J124: 0.00054599807 | K124: =$I$1051 -> 0 | L124: =I124-(I124*K124) -> 13427.37
A125: 5.1.5 | B125: 104921 | C125: SINAPI | D125: ARMAÇÃO DE BLOCO, SAPATA ISOLADA, VIGA BALDRAME E SAPATA CORRIDA UTILIZANDO AÇO CA-50 DE 16 MM - MONTAGEM. AF_01/2024 | E125: KG | F125: 195.8 | G125: 11.17 | H125: 14.01 | I125: 2743.15 | J125: 0.0001115449 | K125: =$I$1051 -> 0 | L125: =I125-(I125*K125) -> 2743.15
A126: 5.1.6 | B126: 96540 | C126: SINAPI | D126: FABRICAÇÃO, MONTAGEM E DESMONTAGEM DE FÔRMA PARA BLOCO DE COROAMENTO, EM CHAPA DE MADEIRA COMPENSADA RESINADA, E=17 MM, 4 UTILIZAÇÕES. AF_01/2024 | E126: m² | F126: 37.84 | G126: 156.54 | H126: 196.44 | I126: 7433.28 | J126: 0.00030225998 | K126: =$I$1051 -> 0 | L126: =I126-(I126*K126) -> 7433.28
A127: 5.1.7 | B127: 96555 | C127: SINAPI | D127: CONCRETAGEM DE BLOCO DE COROAMENTO OU VIGA BALDRAME, FCK 30 MPA, COM USO DE JERICA - LANÇAMENTO, ADENSAMENTO E ACABAMENTO. AF_01/2024 | E127: m³ | F127: 26.985 | G127: 732.3 | H127: 918.96 | I127: 24798.13 | J127: 0.0010083681 | K127: =$I$1051 -> 0 | L127: =I127-(I127*K127) -> 24798.13
A128: 5.1.8 | B128: 96616 | C128: SINAPI | D128: LASTRO DE CONCRETO MAGRO, APLICADO EM BLOCOS DE COROAMENTO OU SAPATAS. AF_01/2024 | E128: m³ | F128: 1.057 | G128: 852.23 | H128: 1069.46 | I128: 1130.41 | J128: 4.596594e-05 | K128: =$I$1051 -> 0 | L128: =I128-(I128*K128) -> 1130.41
A129: 5.1.9 | B129: 031009 | C129: SBC | D129: MOBILIZACAO/RETIRADA DE EQUIPAMENTO/MOLDAGEM ESTACAS""IN LOCO"" | E129: UN | F129: 1 | G129: 11631.77 | H129: 14596.7 | I129: 14596.7 | J129: 0.00059354662 | K129: =$I$1051 -> 0 | L129: =I129-(I129*K129) -> 14596.7
A130: 5.1.10 | B130: 01.002.0044-A | C130: EMOP | D130: PERFURACAO ROTATIVA COM COROA DE WIDIA,EM SOLO,DIAMETRO 12", VERTICAL,INCLUSIVE DESLOCAMENTO DENTRO DO CANTEIRO E INSTALA CAO DA SONDA EM CADA FURO | E130: M | F130: 272 | G130: 334.7 | H130: 420.01 | I130: 114242.72 | J130: 0.0046454596 | K130: =$I$1051 -> 0 | L130: =I130-(I130*K130) -> 114242.72
A131: 5.1.11 | B131: 10.003.0050-A | C131: EMOP | D131: ESTACA RAIZ COM DIAMETRO DE 12" PARA CARGA DE 110T,INJECAO D E ARGAMASSA DE CIMENTO E AREIA,COM RESISTENCIA DE 20MPA,CONF ORME ABNT NBR 6122,INCLUSIVE FORNECIMENTO DOS MATERIAIS (CIM ENTO,AREIA E ACO),EXCLUSIVE PERFURACAO | E131: M | F131: 272 | G131: 278.31 | H131: 349.25 | I131: 94996 | J131: 0.0038628289 | K131: =$I$1051 -> 0 | L131: =I131-(I131*K131) -> 94996
A132: 5.2 | D132: SUBESTAÇÃO | F132: 1 | H132: 91104.31 | I132: 91104.31 | J132: 0.0037045808 | K132: =$I$1051 -> 0 | L132: =SUM(L133:L150) -> 91104.31
A133: 5.2.1 | B133: 96558 | C133: SINAPI | D133: CONCRETAGEM DE SAPATA, FCK 30 MPA, COM USO DE BOMBA - LANÇAMENTO, ADENSAMENTO E ACABAMENTO. AF_01/2024 | E133: m³ | F133: 3.93 | G133: 756.52 | H133: 949.35 | I133: 3730.94 | J133: 0.00015171147 | K133: =$I$1051 -> 0 | L133: =I133-(I133*K133) -> 3730.94
A134: 5.2.2 | B134: 96557 | C134: SINAPI | D134: CONCRETAGEM DE BLOCO DE COROAMENTO OU VIGA BALDRAME, FCK 30 MPA, COM USO DE BOMBA - LANÇAMENTO, ADENSAMENTO E ACABAMENTO. AF_01/2024 | E134: m³ | F134: 4.61 | G134: 719.07 | H134: 902.36 | I134: 4159.87 | J134: 0.00016915308 | K134: =$I$1051 -> 0 | L134: =I134-(I134*K134) -> 4159.87
A135: 5.2.3 | B135: 96616 | C135: SINAPI | D135: LASTRO DE CONCRETO MAGRO, APLICADO EM BLOCOS DE COROAMENTO OU SAPATAS. AF_01/2024 | E135: m³ | F135: 3.27 | G135: 852.23 | H135: 1069.46 | I135: 3497.13 | J135: 0.00014220404 | K135: =$I$1051 -> 0 | L135: =I135-(I135*K135) -> 3497.13
A136: 5.2.4 | B136: 97087 | C136: SINAPI | D136: CAMADA SEPARADORA PARA EXECUÇÃO DE RADIER, PISO DE CONCRETO OU LAJE SOBRE SOLO, EM LONA PLÁSTICA. AF_09/2021 | E136: m² | F136: 121 | G136: 2.71 | H136: 3.4 | I136: 411.4 | J136: 1.6728787e-05 | K136: =$I$1051 -> 0 | L136: =I136-(I136*K136) -> 411.4
A137: 5.2.5 | B137: 104916 | C137: SINAPI | D137: ARMAÇÃO DE SAPATA ISOLADA, VIGA BALDRAME E SAPATA CORRIDA UTILIZANDO AÇO CA-60 DE 5 MM - MONTAGEM. AF_01/2024 | E137: KG | F137: 61.1 | G137: 19.57 | H137: 24.55 | I137: 1500 | J137: 6.0994603e-05 | K137: =$I$1051 -> 0 | L137: =I137-(I137*K137) -> 1500
A138: 5.2.6 | B138: 104918 | C138: SINAPI | D138: ARMAÇÃO DE SAPATA ISOLADA, VIGA BALDRAME E SAPATA CORRIDA UTILIZANDO AÇO CA-50 DE 8 MM - MONTAGEM. AF_01/2024 | E138: KG | F138: 80.08 | G138: 16.14 | H138: 20.25 | I138: 1621.62 | J138: 6.5940046e-05 | K138: =$I$1051 -> 0 | L138: =I138-(I138*K138) -> 1621.62
...

Sheet Orçamento Analitico
C2: PLANILHA ORÇAMENTÁRIA ANALÍTICA
C3: UFF- INSTITUTO DE QUIMICA | H3: AUTOR: | K3: FUNÇÃO:
C4: LOCAL: CAMPUS PRAIA VERMELHA | H4: =RESUMO!E14 -> PROCESSO: 23069.180351/2025-62 | K4: ART/RRT:
C5: NOME/APELIDO DA OBRA: | H5: BDI | I5: BDI EQUIP. | J5: SIAPE | K5: DATA | L5: REVISÃO
C6: =RESUMO!A16 -> BASE DE DADOS: SINAPI - 07/2025 - Rio de Janeiro; SBC - 07/2025 - Rio de Janeiro; EMOP - 07/2025 - Rio de Janeiro; SCO - 07/2025 - Rio de Janeiro - DESONERADO | H6: =BDI!$D$66 -> 0.2549 | I6: =BDI_DIF.!D67 -> 0.1612 | K6: =RESUMO!H16 -> 45931 | L6: =RESUMO!I16 -> R21
C7: Composições Analíticas com Preço Unitário
C8: Composições Principais
B9: =C8 -> Composições Principais | C9: 1.1 | D9: Código | E9: Banco | F9: Descrição | G9: Tipo | I9: Und | J9: Quant. | K9: Porcent. | L9: Valor Unit | M9: Total | N9: 11.6 | O9: =IF(N9=M9,"OK","DIF") -> DIF
A10: =B10 -> Composições Principais | B10: =B9 -> Composições Principais | C10: Composição | D10: 01.050.0810-A | E10: EMOP | F10: PROJETO DE AS BUILT DE ARQUITETURA PARA PREDIOS ESCOLARES E/ OU ADMINISTRATIVOS ATE 500M2,APRESENTADO NOS PADROES DA CONT RATANTE,INCLUSIVE COORDENACAO E COMPATIBILIZACAO COM OS PROJ ETOS COMPLEMENTARES 9%-DESPESAS ADMINISTRATIVAS E DE MATERIAIS | G10: 1 | I10: m² | J10: 1 | L10: 12.95 | M10: 12.95 | N10: 11.6 | O10: =IF(N10=M10,"OK","DIF") -> DIF
C11: Insumo | D11: 20017 | E11: EMOP | F11: MAO-DE-OBRA DE ARQUITETO OU ENGENHEIRO J UNIOR-PROJETO E CONSULTORIA, INCLUSIVE E NCARGOS SOCIAIS DESONERADOS | G11: Mão de Obra | I11: H | J11: 0.0912 | K11: 9 | L11: 130.31 | M11: 12.95
H12: MO sem LS => | I12: 12.95 | J12: LS => | K12: 0 | L12: MO com LS => | M12: 12.95
B13: =C12 -> 0 | H13: Valor do BDI => | I13: 3.3 | K13: Valor com BDI => | M13: 16.25 | N13: 8.42 | O13: =IF(N13=M13,"OK","DIF") -> DIF
A14: =B14 -> 0 | B14: =B13 -> 0 | N14: 8.42 | O14: =IF(N14=M14,"OK","DIF") -> DIF
C15: 1.2 | D15: Código | E15: Banco | F15: Descrição | G15: Tipo | I15: Und | J15: Quant. | K15: Porcent. | L15: Valor Unit | M15: Total
C16: Composição | D16: 01.050.0811-A | E16: EMOP | F16: PROJETO DE AS BUILT DE ARQUITETURA PARA PREDIOS ESCOLARES E/ OU ADMINISTRATIVOS DE 501 ATE 3000M2,APRESENTADO NOS PADROES DA CONTRATANTE,INCLUSIVE COORDENACAO E COMPATIBILIZACAO COM OS PROJETOS COMPLEMENTARES 9%-DESPESAS ADMINISTRATIVAS E DE MATERIAIS | G16: 1 | I16: m² | J16: 1 | L16: 9.4 | M16: 9.4
B17: =C16 -> Composição | C17: Insumo | D17: 20017 | E17: EMOP | F17: MAO-DE-OBRA DE ARQUITETO OU ENGENHEIRO J UNIOR-PROJETO E CONSULTORIA, INCLUSIVE E NCARGOS SOCIAIS DESONERADOS | G17: Mão de Obra | I17: H | J17: 0.0662 | K17: 9 | L17: 130.31 | M17: 9.4 | N17: 6.76 | O17: =IF(N17=M17,"OK","DIF") -> DIF
A18: =B18 -> Composição | B18: =B17 -> Composição | H18: MO sem LS => | I18: 9.4 | J18: LS => | K18: 0 | L18: MO com LS => | M18: 9.4 | N18: 6.76 | O18: =IF(N18=M18,"OK","DIF") -> DIF
H19: Valor do BDI => | I19: 2.39 | K19: Valor com BDI => | M19: 11.79
B21: =C20 -> 0 | C21: 1.3 | D21: Código | E21: Banco | F21: Descrição | G21: Tipo | I21: Und | J21: Quant. | K21: Porcent. | L21: Valor Unit | M21: Total | N21: 1.69 | O21: =IF(N21=M21,"OK","DIF") -> DIF
A22: =B22 -> 0 | B22: =B21 -> 0 | C22: Composição | D22: 01.050.0812-A | E22: EMOP | F22: PROJETO DE AS BUILT DE ARQUITETURA PARA PREDIOS ESCOLARES E/ OU ADMINISTRATIVOS ACIMA DE 3000M2,APRESENTADO NOS PADROES D A CONTRATANTE,INCLUSIVE COORDENACAO E COMPATIBILIZACAO COM O S PROJETOS COMPLEMENTARES 9%-DESPESAS ADMINISTRATIVAS E DE MATERIAIS | G22: 1 | I22: m² | J22: 1 | L22: 7.55 | M22: 7.55 | N22: 1.69 | O22: =IF(N22=M22,"OK","DIF") -> DIF
C23: Insumo | D23: 20017 | E23: EMOP | F23: MAO-DE-OBRA DE ARQUITETO OU ENGENHEIRO J UNIOR-PROJETO E CONSULTORIA, INCLUSIVE E NCARGOS SOCIAIS DESONERADOS | G23: Mão de Obra | I23: H | J23: 0.0532 | K23: 9 | L23: 130.31 | M23: 7.55
H24: MO sem LS => | I24: 7.55 | J24: LS => | K24: 0 | L24: MO com LS => | M24: 7.55
B25: =C24 -> 0 | H25: Valor do BDI => | I25: 1.92 | K25: Valor com BDI => | M25: 9.47 | N25: 1.41 | O25: =IF(N25=M25,"OK","DIF") -> DIF
A26: =B26 -> 0 | B26: =B25 -> 0 | N26: 1.41 | O26: =IF(N26=M26,"OK","DIF") -> DIF
C27: 1.4 | D27: Código | E27: Banco | F27: Descrição | G27: Tipo | I27: Und | J27: Quant. | K27: Porcent. | L27: Valor Unit | M27: Total
C28: Composição | D28: 01.050.0955-A | E28: EMOP | F28: PROJETO DE AS BUILT DE INSTALACAO ELETRICA PARA PREDIOS ESCO LARES E/OU ADMINISTRATIVOS ATE 500M2,APRESENTADO NOS PADROES DA CONTRATANTE 9%-DESPESAS ADMINISTRATIVAS E DE MATERIAIS | G28: 1 | I28: m² | J28: 1 | L28: 1.88 | M28: 1.88
B29: =C28 -> Composição | C29: Insumo | D29: 20017 | E29: EMOP | F29: MAO-DE-OBRA DE ARQUITETO OU ENGENHEIRO J UNIOR-PROJETO E CONSULTORIA, INCLUSIVE E NCARGOS SOCIAIS DESONERADOS | G29: Mão de Obra | I29: H | J29: 0.0133 | K29: 9 | L29: 130.31 | M29: 1.88 | N29: 0.83 | O29: =IF(N29=M29,"OK","DIF") -> DIF
A30: =B30 -> Composição | B30: =B29 -> Composição | H30: MO sem LS => | I30: 1.88 | J30: LS => | K30: 0 | L30: MO com LS => | M30: 1.88 | N30: 0.83 | O30: =IF(N30=M30,"OK","DIF") -> DIF
H31: Valor do BDI => | I31: 0.47 | K31: Valor com BDI => | M31: 2.35
B33: =C32 -> 0 | C33: 1.5 | D33: Código | E33: Banco | F33: Descrição | G33: Tipo | I33: Und | J33: Quant. | K33: Porcent. | L33: Valor Unit | M33: Total | N33: 0.55 | O33: =IF(N33=M33,"OK","DIF") -> DIF
A34: =B34 -> 0 | B34: =B33 -> 0 | C34: Composição | D34: 01.050.0956-A | E34: EMOP | F34: PROJETO DE AS BUILT DE INSTALACAO ELETRICA PARA PREDIOS ESCO LARES E/OU ADMINISTRATIVOS DE 501 ATE 3000M2,APRESENTADO NOS PADROES DA CONTRATANTE 9%-DESPESAS ADMINISTRATIVAS E DE MATERIAIS | G34: 1 | I34: m² | J34: 1 | L34: 1.57 | M34: 1.57 | N34: 0.55 | O34: =IF(N34=M34,"OK","DIF") -> DIF
C35: Insumo | D35: 20017 | E35: EMOP | F35: MAO-DE-OBRA DE ARQUITETO OU ENGENHEIRO J UNIOR-PROJETO E CONSULTORIA, INCLUSIVE E NCARGOS SOCIAIS DESONERADOS | G35: Mão de Obra | I35: H | J35: 0.0111 | K35: 9 | L35: 130.31 | M35: 1.57
H36: MO sem LS => | I36: 1.57 | J36: LS => | K36: 0 | L36: MO com LS => | M36: 1.57
B37: =C36 -> 0 | H37: Valor do BDI => | I37: 0.4 | K37: Valor com BDI => | M37: 1.97 | N37: 0.39 | O37: =IF(N37=M37,"OK","DIF") -> DIF
A38: =B38 -> 0 | B38: =B37 -> 0 | N38: 0.39 | O38: =IF(N38=M38,"OK","DIF") -> DIF
C39: 1.6 | D39: Código | E39: Banco | F39: Descrição | G39: Tipo | I39: Und | J39: Quant. | K39: Porcent. | L39: Valor Unit | M39: Total
C40: Composição | D40: 01.050.0957-A | E40: EMOP | F40: PROJETO DE AS BUILT DE INSTALACAO ELETRICA PARA PREDIOS ESCO LARES E/OU ADMINISTRATIVOS ACIMA DE 3000M2,APRESENTADO NOS PADROES DA CONTRATANTE 9%-DESPESAS ADMINISTRATIVAS E DE MATERIAIS | G40: 1 | I40: m² | J40: 1 | L40: 0.93 | M40: 0.93
B41: =C40 -> Composição | C41: Insumo | D41: 20017 | E41: EMOP | F41: MAO-DE-OBRA DE ARQUITETO OU ENGENHEIRO J UNIOR-PROJETO E CONSULTORIA, INCLUSIVE E NCARGOS SOCIAIS DESONERADOS | G41: Mão de Obra | I41: H | J41: 0.0066 | K41: 9 | L41: 130.31 | M41: 0.93 | N41: 0.22 | O41: =IF(N41=M41,"OK","DIF") -> DIF
A42: =B42 -> Composição | B42: =B41 -> Composição | H42: MO sem LS => | I42: 0.93 | J42: LS => | K42: 0 | L42: MO com LS => | M42: 0.93 | N42: 0.22 | O42: =IF(N42=M42,"OK","DIF") -> DIF
H43: Valor do BDI => | I43: 0.23 | K43: Valor com BDI => | M43: 1.16
B45: =C44 -> 0 | C45: 1.7 | D45: Código | E45: Banco | F45: Descrição | G45: Tipo | I45: Und | J45: Quant. | K45: Porcent. | L45: Valor Unit | M45: Total | N45: 0.83 | O45: =IF(N45=M45,"OK","DIF") -> DIF
A46: =B46 -> 0 | B46: =B45 -> 0 | C46: Composição | D46: 01.050.0980-A | E46: EMOP | F46: PROJETO DE AS BUILT DE INSTALACAO DE SEGURANCA (CFTV E SONOR IZACAO) ATE 500M2,APRESENTADO NOS PADROES DA CONTRATANTE 9%-DESPESAS ADMINISTRATIVAS E DE MATERIAIS | G46: 1 | I46: m² | J46: 1 | L46: 0.62 | M46: 0.62 | N46: 0.83 | O46: =IF(N46=M46,"OK","DIF") -> DIF
C47: Insumo | D47: 20017 | E47: EMOP | F47: MAO-DE-OBRA DE ARQUITETO OU ENGENHEIRO J UNIOR-PROJETO E CONSULTORIA, INCLUSIVE E NCARGOS SOCIAIS DESONERADOS | G47: Mão de Obra | I47: H | J47: 0.0044 | K47: 9 | L47: 130.31 | M47: 0.62
H48: MO sem LS => | I48: 0.62 | J48: LS => | K48: 0 | L48: MO com LS => | M48: 0.62
B49: =C48 -> 0 | H49: Valor do BDI => | I49: 0.15 | K49: Valor com BDI => | M49: 0.77 | N49: 0.45 | O49: =IF(N49=M49,"OK","DIF") -> DIF
A50: =B50 -> 0 | B50: =B49 -> 0 | N50: 0.45 | O50: =IF(N50=M50,"OK","DIF") -> DIF
C51: 1.8 | D51: Código | E51: Banco | F51: Descrição | G51: Tipo | I51: Und | J51: Quant. | K51: Porcent. | L51: Valor Unit | M51: Total
C52: Composição | D52: 01.050.0981-A | E52: EMOP | F52: PROJETO DE AS BUILT DE INSTALACAO DE SEGURANCA (CFTV E SONOR IZACAO) DE 501 ATE 3000M2,APRESENTADO NOS PADROES DA CONTRAT ANTE 9%-DESPESAS ADMINISTRATIVAS E DE MATERIAIS | G52: 1 | I52: m² | J52: 1 | L52: 0.44 | M52: 0.44
B53: =C52 -> Composição | C53: Insumo | D53: 20017 | E53: EMOP | F53: MAO-DE-OBRA DE ARQUITETO OU ENGENHEIRO J UNIOR-PROJETO E CONSULTORIA, INCLUSIVE E NCARGOS SOCIAIS DESONERADOS | G53: Mão de Obra | I53: H | J53: 0.0031 | K53: 9 | L53: 130.31 | M53: 0.44 | N53: 0.22 | O53: =IF(N53=M53,"OK","DIF") -> DIF
A54: =B54 -> Composição | B54: =B53 -> Composição | H54: MO sem LS => | I54: 0.44 | J54: LS => | K54: 0 | L54: MO com LS => | M54: 0.44 | N54: 0.22 | O54: =IF(N54=M54,"OK","DIF") -> DIF
H55: Valor do BDI => | I55: 0.11 | K55: Valor com BDI => | M55: 0.55
B57: =C56 -> 0 | C57: 1.9 | D57: Código | E57: Banco | F57: Descrição | G57: Tipo | I57: Und | J57: Quant. | K57: Porcent. | L57: Valor Unit | M57: Total | N57: 1.41 | O57: =IF(N57=M57,"OK","DIF") -> DIF
A58: =B58 -> 0 | B58: =B57 -> 0 | C58: Composição | D58: 01.050.0982-A | E58: EMOP | F58: PROJETO DE AS BUILT DE INSTALACAO DE SEGURANCA (CFTV E SONOR IZACAO) ACIMA DE 3000M2,APRESENTADO NOS PADROES DA CONTRATAN TE 9%-DESPESAS ADMINISTRATIVAS E DE MATERIAIS | G58: 1 | I58: m² | J58: 1 | L58: 0.25 | M58: 0.25 | N58: 1.41 | O58: =IF(N58=M58,"OK","DIF") -> DIF
C59: Insumo | D59: 20017 | E59: EMOP | F59: MAO-DE-OBRA DE ARQUITETO OU ENGENHEIRO J UNIOR-PROJETO E CONSULTORIA, INCLUSIVE E NCARGOS SOCIAIS DESONERADOS | G59: Mão de Obra | I59: H | J59: 0.0018 | K59: 9 | L59: 130.31 | M59: 0.25
H60: MO sem LS => | I60: 0.25 | J60: LS => | K60: 0 | L60: MO com LS => | M60: 0.25
B61: =C60 -> 0 | H61: Valor do BDI => | I61: 0.06 | K61: Valor com BDI => | M61: 0.31 | N61: 0.83 | O61: =IF(N61=M61,"OK","DIF") -> DIF
A62: =B62 -> 0 | B62: =B61 -> 0 | N62: 0.83 | O62: =IF(N62=M62,"OK","DIF") -> DIF
C63: 1.10 | D63: Código | E63: Banco | F63: Descrição | G63: Tipo | I63: Und | J63: Quant. | K63: Porcent. | L63: Valor Unit | M63: Total
C64: Composição | D64: 01.050.0840-A | E64: EMOP | F64: PROJETO DE AS BUILT DE INSTALACAO DE INCENDIO E SPDA PARA PR EDIOS ESCOLARES E/OU ADMINISTRATIVOS ATE 500M2,APRESENTADO NOS PADROES DA CONTRATANTE 9%-DESPESAS ADMINISTRATIVAS E DE MATERIAIS | G64: 1 | I64: m² | J64: 1 | L64: 0.93 | M64: 0.93
B65: =C64 -> Composição | C65: Insumo | D65: 20017 | E65: EMOP | F65: MAO-DE-OBRA DE ARQUITETO OU ENGENHEIRO J UNIOR-PROJETO E CONSULTORIA, INCLUSIVE E NCARGOS SOCIAIS DESONERADOS | G65: Mão de Obra | I65: H | J65: 0.0066 | K65: 9 | L65: 130.31 | M65: 0.93 | N65: 0.77 | O65: =IF(N65=M65,"OK","DIF") -> DIF
A66: =B66 -> Composição | B66: =B65 -> Composição | H66: MO sem LS => | I66: 0.93 | J66: LS => | K66: 0 | L66: MO com LS => | M66: 0.93 | N66: 0.77 | O66: =IF(N66=M66,"OK","DIF") -> DIF
H67: Valor do BDI => | I67: 0.23 | K67: Valor com BDI => | M67: 1.16
B69: =C68 -> 0 | C69: 1.11 | D69: Código | E69: Banco | F69: Descrição | G69: Tipo | I69: Und | J69: Quant. | K69: Porcent. | L69: Valor Unit | M69: Total | N69: 1.29 | O69: =IF(N69=M69,"OK","DIF") -> DIF
A70: =B70 -> 0 | B70: =B69 -> 0 | C70: Composição | D70: 01.050.0841-A | E70: EMOP | F70: PROJETO DE AS BUILT DE INSTALACAO DE INCENDIO E SPDA PARA PR EDIOS ESCOLARES E/OU ADMINISTRATIVOS DE 501 ATE 3000M2,APRES ENTADO NOS PADROES DA CONTRATANTE 9%-DESPESAS ADMINISTRATIVAS E DE MATERIAIS | G70: 1 | I70: m² | J70: 1 | L70: 0.51 | M70: 0.51 | N70: 1.29 | O70: =IF(N70=M70,"OK","DIF") -> DIF
C71: Insumo | D71: 20017 | E71: EMOP | F71: MAO-DE-OBRA DE ARQUITETO OU ENGENHEIRO J UNIOR-PROJETO E CONSULTORIA, INCLUSIVE E NCARGOS SOCIAIS DESONERADOS | G71: Mão de Obra | I71: H | J71: 0.0036 | K71: 9 | L71: 130.31 | M71: 0.51
H72: MO sem LS => | I72: 0.51 | J72: LS => | K72: 0 | L72: MO com LS => | M72: 0.51
B73: =C72 -> 0 | H73: Valor do BDI => | I73: 0.12 | K73: Valor com BDI => | M73: 0.63 | N73: 1.08 | O73: =IF(N73=M73,"OK","DIF") -> DIF
A74: =B74 -> 0 | B74: =B73 -> 0 | N74: 1.08 | O74: =IF(N74=M74,"OK","DIF") -> DIF
C75: 1.12 | D75: Código | E75: Banco | F75: Descrição | G75: Tipo | I75: Und | J75: Quant. | K75: Porcent. | L75: Valor Unit | M75: Total
C76: Composição | D76: 01.050.0842-A | E76: EMOP | F76: PROJETO DE AS BUILT DE INSTALACAO DE INCENDIO E SPDA PARA PR EDIOS ESCOLARES E/OU ADMINISTRATIVOS ACIMA DE 3000M2,APRESEN TADO NOS PADROES DA CONTRATANTE 9%-DESPESAS ADMINISTRATIVAS E DE MATERIAIS | G76: 1 | I76: m² | J76: 1 | L76: 0.25 | M76: 0.25
B77: =C76 -> Composição | C77: Insumo | D77: 20017 | E77: EMOP | F77: MAO-DE-OBRA DE ARQUITETO OU ENGENHEIRO J UNIOR-PROJETO E CONSULTORIA, INCLUSIVE E NCARGOS SOCIAIS DESONERADOS | G77: Mão de Obra | I77: H | J77: 0.0018 | K77: 9 | L77: 130.31 | M77: 0.25 | N77: 0.64 | O77: =IF(N77=M77,"OK","DIF") -> DIF
A78: =B78 -> Composição | B78: =B77 -> Composição | H78: MO sem LS => | I78: 0.25 | J78: LS => | K78: 0 | L78: MO com LS => | M78: 0.25 | N78: 0.64 | O78: =IF(N78=M78,"OK","DIF") -> DIF
H79: Valor do BDI => | I79: 0.06 | K79: Valor com BDI => | M79: 0.31
C81: 1.13 | D81: Código | E81: Banco | F81: Descrição | G81: Tipo | I81: Und | J81: Quant. | K81: Porcent. | L81: Valor Unit | M81: Total
B82: =C81 -> 1.13 | C82: Composição | D82: 01.050.0930-A | E82: EMOP | F82: PROJETO DE AS BUILT DE INSTALACAO HIDRAULICA PARA PREDIOS ES COLARES E/OU ADMINISTRATIVOS ATE 500M2,APRESENTADO NOS PADRO ES DA CONTRATANTE 9%-DESPESAS ADMINISTRATIVAS E DE MATERIAIS | G82: 1 | I82: m² | J82: 1 | L82: 1.57 | M82: 1.57 | N82: 1328602.2 | O82: =IF(N82=M82,"OK","DIF") -> DIF
A83: =B83 -> 1.13 | B83: =B82 -> 1.13 | C83: Insumo | D83: 20017 | E83: EMOP | F83: MAO-DE-OBRA DE ARQUITETO OU ENGENHEIRO J UNIOR-PROJETO E CONSULTORIA, INCLUSIVE E NCARGOS SOCIAIS DESONERADOS | G83: Mão de Obra | I83: H | J83: 0.0111 | K83: 9 | L83: 130.31 | M83: 1.57 | N83: 127987.68 | O83: =IF(N83=M83,"OK","DIF") -> DIF
A84: =B84 -> 1.13 | B84: =B83 -> 1.13 | H84: MO sem LS => | I84: 1.57 | J84: LS => | K84: 0 | L84: MO com LS => | M84: 1.57 | N84: 284383.56 | O84: =IF(N84=M84,"OK","DIF") -> DIF
A85: =B85 -> 1.13 | B85: =B84 -> 1.13 | H85: Valor do BDI => | I85: 0.4 | K85: Valor com BDI => | M85: 1.97 | N85: 118418.4 | O85: =IF(N85=M85,"OK","DIF") -> DIF
A86: =B86 -> 1.13 | B86: =B85 -> 1.13 | N86: 127987.68 | O86: =IF(N86=M86,"OK","DIF") -> DIF
A87: =B87 -> 1.13 | B87: =B86 -> 1.13 | C87: 1.14 | D87: Código | E87: Banco | F87: Descrição | G87: Tipo | I87: Und | J87: Quant. | K87: Porcent. | L87: Valor Unit | M87: Total | N87: 111494.64 | O87: =IF(N87=M87,"OK","DIF") -> DIF
A88: =B88 -> 1.13 | B88: =B87 -> 1.13 | C88: Composição | D88: 01.050.0931-A | E88: EMOP | F88: PROJETO DE AS BUILT DE INSTALACAO HIDRAULICA PARA PREDIOS ES COLARES E/OU ADMINISTRATIVOS DE 501 A 3000M2,APRESENTADO NOS PADROES DA CONTRATANTE 9%-DESPESAS ADMINISTRATIVAS E DE MATERIAIS | G88: 1 | I88: m² | J88: 1 | L88: 0.93 | M88: 0.93 | N88: 81990.84 | O88: =IF(N88=M88,"OK","DIF") -> DIF
A89: =B89 -> 1.13 | B89: =B88 -> 1.13 | C89: Insumo | D89: 20017 | E89: EMOP | F89: MAO-DE-OBRA DE ARQUITETO OU ENGENHEIRO J UNIOR-PROJETO E CONSULTORIA, INCLUSIVE E NCARGOS SOCIAIS DESONERADOS | G89: Mão de Obra | I89: H | J89: 0.0066 | K89: 9 | L89: 130.31 | M89: 0.93 | N89: 87866.04 | O89: =IF(N89=M89,"OK","DIF") -> DIF
A90: =B90 -> 1.13 | B90: =B89 -> 1.13 | H90: MO sem LS => | I90: 0.93 | J90: LS => | K90: 0 | L90: MO com LS => | M90: 0.93 | N90: 75925.68 | O90: =IF(N90=M90,"OK","DIF") -> DIF
A91: =B91 -> 1.13 | B91: =B90 -> 1.13 | H91: Valor do BDI => | I91: 0.23 | K91: Valor com BDI => | M91: 1.16 | N91: 60953.88 | O91: =IF(N91=M91,"OK","DIF") -> DIF
A92: =B92 -> 1.13 | B92: =B91 -> 1.13 | N92: 62732.88 | O92: =IF(N92=M92,"OK","DIF") -> DIF
A93: =B93 -> 1.13 | B93: =B92 -> 1.13 | C93: 1.15 | D93: Código | E93: Banco | F93: Descrição | G93: Tipo | I93: Und | J93: Quant. | K93: Porcent. | L93: Valor Unit | M93: Total | N93: 2128.1 | O93: =IF(N93=M93,"OK","DIF") -> DIF
A94: =B94 -> 1.13 | B94: =B93 -> 1.13 | C94: Composição | D94: 01.050.0932-A | E94: EMOP | F94: PROJETO DE AS BUILT DE INSTALACAO HIDRAULICA PARA PREDIOS ES COLARES E/OU ADMINISTRATIVOS ACIMA DE 3000M2,APRESENTADO NOS PADROES DA CONTRATANTE 9%-DESPESAS ADMINISTRATIVAS E DE MATERIAIS | G94: 1 | I94: m² | J94: 1 | L94: 0.86 | M94: 0.86 | N94: 182499 | O94: =IF(N94=M94,"OK","DIF") -> DIF
A95: =B95 -> 1.13 | B95: =B94 -> 1.13 | C95: Insumo | D95: 20017 | E95: EMOP | F95: MAO-DE-OBRA DE ARQUITETO OU ENGENHEIRO J UNIOR-PROJETO E CONSULTORIA, INCLUSIVE E NCARGOS SOCIAIS DESONERADOS | G95: Mão de Obra | I95: H | J95: 0.0061 | K95: 9 | L95: 130.31 | M95: 0.86 | N95: 4233.79 | O95: =IF(N95=M95,"OK","DIF") -> DIF
H96: MO sem LS => | I96: 0.86 | J96: LS => | K96: 0 | L96: MO com LS => | M96: 0.86
H97: Valor do BDI => | I97: 0.21 | K97: Valor com BDI => | M97: 1.07
C99: 1.16 | D99: Código | E99: Banco | F99: Descrição | G99: Tipo | I99: Und | J99: Quant. | K99: Porcent. | L99: Valor Unit | M99: Total
B100: =C99 -> 1.16 | C100: Composição | D100: 01.050.0975-A | E100: EMOP | F100: PROJETO DE AS BUILT DE SISTEMA DE AR CONDICIONADO,EM PREDIOS COM AREA ATE 500M2,APRESENTADO NOS PADROES DA CONTRATANTE 9%-DESPESAS ADMINISTRATIVAS E DE MATERIAIS | G100: 1 | I100: m² | J100: 1 | L100: 1.44 | M100: 1.44 | N100: 319.36 | O100: =IF(N100=M100,"OK","DIF") -> DIF
A101: =B101 -> 1.16 | B101: =B100 -> 1.16 | C101: Insumo | D101: 20017 | E101: EMOP | F101: MAO-DE-OBRA DE ARQUITETO OU ENGENHEIRO J UNIOR-PROJETO E CONSULTORIA, INCLUSIVE E NCARGOS SOCIAIS DESONERADOS | G101: Mão de Obra | I101: H | J101: 0.0102 | K101: 9 | L101: 130.31 | M101: 1.44 | N101: 13.72 | O101: =IF(N101=M101,"OK","DIF") -> DIF
A102: =B102 -> 1.16 | B102: =B101 -> 1.16 | H102: MO sem LS => | I102: 1.44 | J102: LS => | K102: 0 | L102: MO com LS => | M102: 1.44 | N102: 29.02 | O102: =IF(N102=M102,"OK","DIF") -> DIF
A103: =B103 -> 1.16 | B103: =B102 -> 1.16 | H103: Valor do BDI => | I103: 0.36 | K103: Valor com BDI => | M103: 1.8 | N103: 12.36 | O103: =IF(N103=M103,"OK","DIF") -> DIF
A104: =B104 -> 1.16 | B104: =B103 -> 1.16 | N104: 250 | O104: =IF(N104=M104,"OK","DIF") -> DIF
A105: =B105 -> 1.16 | B105: =B104 -> 1.16 | C105: 1.17 | D105: Código | E105: Banco | F105: Descrição | G105: Tipo | I105: Und | J105: Quant. | K105: Porcent. | L105: Valor Unit | M105: Total | N105: 0.24 | O105: =IF(N105=M105,"OK","DIF") -> DIF
A106: =B106 -> 1.16 | B106: =B105 -> 1.16 | C106: Composição | D106: 01.050.0976-A | E106: EMOP | F106: PROJETO DE AS BUILT DE SISTEMA DE AR CONDICIONADO,EM PREDIOS COM AREA DE 501 ATE 3000M2,APRESENTADO NOS PADROES DA CONTR ATANTE 9%-DESPESAS ADMINISTRATIVAS E DE MATERIAIS | G106: 1 | I106: m² | J106: 1 | L106: 1.2 | M106: 1.2 | N106: 0.39 | O106: =IF(N106=M106,"OK","DIF") -> DIF
A107: =B107 -> 1.16 | B107: =B106 -> 1.16 | C107: Insumo | D107: 20017 | E107: EMOP | F107: MAO-DE-OBRA DE ARQUITETO OU ENGENHEIRO J UNIOR-PROJETO E CONSULTORIA, INCLUSIVE E NCARGOS SOCIAIS DESONERADOS | G107: Mão de Obra | I107: H | J107: 0.0085 | K107: 9 | L107: 130.31 | M107: 1.2 | N107: 13.63 | O107: =IF(N107=M107,"OK","DIF") -> DIF
H108: MO sem LS => | I108: 1.2 | J108: LS => | K108: 0 | L108: MO com LS => | M108: 1.2
...

Sheet Memória de Cálculo
C2: PLANILHA DE ORÇAMENTOS DE PROJETOS E OBRAS - MEMÓRIA DE CÁLCULO
C3: UFF- INSTITUTO DE QUIMICA | G3: AUTOR: | J3: FUNÇÃO:
C4: LOCAL: CAMPUS PRAIA VERMELHA | G4: =RESUMO!E14 -> PROCESSO: 23069.180351/2025-62 | J4: ART/RRT:
C5: NOME/APELIDO DA OBRA: | G5: BDI | H5: BDI EQUIP. | I5: SIAPE | J5: DATA | L5: REVISÃO
C6: =RESUMO!A16 -> BASE DE DADOS: SINAPI - 07/2025 - Rio de Janeiro; SBC - 07/2025 - Rio de Janeiro; EMOP - 07/2025 - Rio de Janeiro; SCO - 07/2025 - Rio de Janeiro - DESONERADO | G6: =BDI!$D$66 -> 0.2549 | H6: =BDI_DIF.!D67 -> 0.1612 | I6: 0000000 | J6: 45689 | L6: =RESUMO!I16 -> R21 | N6: MEMÓRIA DE CÁLCULO
C7: Item | D7: Código | E7: Banco | F7: Descrição | G7: Und | H7: Quant. | I7: Valor Unit | J7: Valor Unit com BDI | K7: Total sem BDI | L7: Total | M7: Peso (%)
B8: =C8 -> 1 | C8: 1 | F8: PROJETOS | K8: =SUM(K9:K26) -> 102935.99 | L8: =SUM(L9:L26) -> 128905.04 | M8: =K8/$L$1062 -> #N/A | N8: Térreo | O8: 2º Pav. | P8: 3º Pav. | Q8: 4º Pav. | R8: 5º Pav. | S8: Pav. Téc.
A9: =B9 -> 1 | B9: =B8 -> 1 | C9: 1.1 | D9: 01.050.0810-A | E9: EMOP | F9: PROJETO DE AS BUILT DE ARQUITETURA PARA PREDIOS ESCOLARES E/ OU ADMINISTRATIVOS ATE 500M2,APRESENTADO NOS PADROES DA CONT RATANTE,INCLUSIVE COORDENACAO E COMPATIBILIZACAO COM OS PROJ ETOS COMPLEMENTARES | G9: m² | H9: 500 | I9: =VLOOKUP(D9,'Orçamento Analitico'!D:L,9,FALSE()) -> 12.95 | J9: =ROUNDDOWN(I9*(1+$G$6),2) -> 16.25 | K9: =ROUNDDOWN(H9*I9,2) -> 6475 | L9: =ROUNDDOWN(H9*J9,2) -> 8125 | M9: =K9/$L$1062 -> #N/A
A10: =B10 -> 1 | B10: =B9 -> 1 | C10: 1.2 | D10: 01.050.0811-A | E10: EMOP | F10: PROJETO DE AS BUILT DE ARQUITETURA PARA PREDIOS ESCOLARES E/ OU ADMINISTRATIVOS DE 501 ATE 3000M2,APRESENTADO NOS PADROES DA CONTRATANTE,INCLUSIVE COORDENACAO E COMPATIBILIZACAO COM OS PROJETOS COMPLEMENTARES | G10: m² | H10: 2500 | I10: =VLOOKUP(D10,'Orçamento Analitico'!D:L,9,FALSE()) -> 9.4 | J10: =ROUNDDOWN(I10*(1+$G$6),2) -> 11.79 | K10: =ROUNDDOWN(H10*I10,2) -> 23500 | L10: =ROUNDDOWN(H10*J10,2) -> 29475 | M10: =K10/$L$1062 -> #N/A
A11: =B11 -> 1 | B11: =B10 -> 1 | C11: 1.3 | D11: 01.050.0812-A | E11: EMOP | F11: PROJETO DE AS BUILT DE ARQUITETURA PARA PREDIOS ESCOLARES E/ OU ADMINISTRATIVOS ACIMA DE 3000M2,APRESENTADO NOS PADROES D A CONTRATANTE,INCLUSIVE COORDENACAO E COMPATIBILIZACAO COM O S PROJETOS COMPLEMENTARES | G11: m² | H11: =SUM(N11:S11)-SUM(H9:H10) -> 5503.41 | I11: =VLOOKUP(D11,'Orçamento Analitico'!D:L,9,FALSE()) -> 7.55 | J11: =ROUNDDOWN(I11*(1+$G$6),2) -> 9.47 | K11: =ROUNDDOWN(H11*I11,2) -> 41550.74 | L11: =ROUNDDOWN(H11*J11,2) -> 52117.29 | M11: =K11/$L$1062 -> #N/A | N11: 1612.63 | O11: 679.12 | P11: 237.1 | Q11: 3052.77 | R11: 2164.21 | S11: 757.58
A12: =B12 -> 1 | B12: =B11 -> 1 | C12: 1.4 | D12: 01.050.0955-A | E12: EMOP | F12: PROJETO DE AS BUILT DE INSTALACAO ELETRICA PARA PREDIOS ESCO LARES E/OU ADMINISTRATIVOS ATE 500M2,APRESENTADO NOS PADROES DA CONTRATANTE | G12: m² | H12: 500 | I12: =VLOOKUP(D12,'Orçamento Analitico'!D:L,9,FALSE()) -> 1.88 | J12: =ROUNDDOWN(I12*(1+$G$6),2) -> 2.35 | K12: =ROUNDDOWN(H12*I12,2) -> 940 | L12: =ROUNDDOWN(H12*J12,2) -> 1175 | M12: =K12/$L$1062 -> #N/A
A13: =B13 -> 1 | B13: =B12 -> 1 | C13: 1.5 | D13: 01.050.0956-A | E13: EMOP | F13: PROJETO DE AS BUILT DE INSTALACAO ELETRICA PARA PREDIOS ESCO LARES E/OU ADMINISTRATIVOS DE 501 ATE 3000M2,APRESENTADO NOS PADROES DA CONTRATANTE | G13: m² | H13: 2500 | I13: =VLOOKUP(D13,'Orçamento Analitico'!D:L,9,FALSE()) -> 1.57 | J13: =ROUNDDOWN(I13*(1+$G$6),2) -> 1.97 | K13: =ROUNDDOWN(H13*I13,2) -> 3925 | L13: =ROUNDDOWN(H13*J13,2) -> 4925 | M13: =K13/$L$1062 -> #N/A
A14: =B14 -> 1 | B14: =B13 -> 1 | C14: 1.6 | D14: 01.050.0957-A | E14: EMOP | F14: PROJETO DE AS BUILT DE INSTALACAO ELETRICA PARA PREDIOS ESCO LARES E/OU ADMINISTRATIVOS ACIMA DE 3000M2,APRESENTADO NOS PADROES DA CONTRATANTE | G14: m² | H14: =SUM(N14:S14)-SUM(H12:H13) -> 5503.41 | I14: =VLOOKUP(D14,'Orçamento Analitico'!D:L,9,FALSE()) -> 0.93 | J14: =ROUNDDOWN(I14*(1+$G$6),2) -> 1.16 | K14: =ROUNDDOWN(H14*I14,2) -> 5118.17 | L14: =ROUNDDOWN(H14*J14,2) -> 6383.95 | M14: =K14/$L$1062 -> #N/A | N14: =N11 -> 1612.63 | O14: =O11 -> 679.12 | P14: =P11 -> 237.1 | Q14: 3052.77 | R14: 2164.21 | S14: 757.58
A15: =B15 -> 1 | B15: =B14 -> 1 | C15: 1.7 | D15: 01.050.0980-A | E15: EMOP | F15: PROJETO DE AS BUILT DE INSTALACAO DE SEGURANCA (CFTV E SONOR IZACAO) ATE 500M2,APRESENTADO NOS PADROES DA CONTRATANTE | G15: m² | H15: 500 | I15: =VLOOKUP(D15,'Orçamento Analitico'!D:L,9,FALSE()) -> 0.62 | J15: =ROUNDDOWN(I15*(1+$G$6),2) -> 0.77 | K15: =ROUNDDOWN(H15*I15,2) -> 310 | L15: =ROUNDDOWN(H15*J15,2) -> 385 | M15: =K15/$L$1062 -> #N/A
A16: =B16 -> 1 | B16: =B15 -> 1 | C16: 1.8 | D16: 01.050.0981-A | E16: EMOP | F16: PROJETO DE AS BUILT DE INSTALACAO DE SEGURANCA (CFTV E SONOR IZACAO) DE 501 ATE 3000M2,APRESENTADO NOS PADROES DA CONTRAT ANTE | G16: m² | H16: 2500 | I16: =VLOOKUP(D16,'Orçamento Analitico'!D:L,9,FALSE()) -> 0.44 | J16: =ROUNDDOWN(I16*(1+$G$6),2) -> 0.55 | K16: =ROUNDDOWN(H16*I16,2) -> 1100 | L16: =ROUNDDOWN(H16*J16,2) -> 1375 | M16: =K16/$L$1062 -> #N/A
A17: =B17 -> 1 | B17: =B16 -> 1 | C17: 1.9 | D17: 01.050.0982-A | E17: EMOP | F17: PROJETO DE AS BUILT DE INSTALACAO DE SEGURANCA (CFTV E SONOR IZACAO) ACIMA DE 3000M2,APRESENTADO NOS PADROES DA CONTRATAN TE | G17: m² | H17: =SUM(N17:S17)-SUM(H15:H16) -> 5503.41 | I17: =VLOOKUP(D17,'Orçamento Analitico'!D:L,9,FALSE()) -> 0.25 | J17: =ROUNDDOWN(I17*(1+$G$6),2) -> 0.31 | K17: =ROUNDDOWN(H17*I17,2) -> 1375.85 | L17: =ROUNDDOWN(H17*J17,2) -> 1706.05 | M17: =K17/$L$1062 -> #N/A | N17: =N14 -> 1612.63 | O17: =O14 -> 679.12 | P17: =P14 -> 237.1 | Q17: 3052.77 | R17: 2164.21 | S17: 757.58
A18: =B18 -> 1 | B18: =B17 -> 1 | C18: 1.10 | D18: 01.050.0840-A | E18: EMOP | F18: PROJETO DE AS BUILT DE INSTALACAO DE INCENDIO E SPDA PARA PR EDIOS ESCOLARES E/OU ADMINISTRATIVOS ATE 500M2,APRESENTADO NOS PADROES DA CONTRATANTE | G18: m² | H18: 500 | I18: =VLOOKUP(D18,'Orçamento Analitico'!D:L,9,FALSE()) -> 0.93 | J18: =ROUNDDOWN(I18*(1+$G$6),2) -> 1.16 | K18: =ROUNDDOWN(H18*I18,2) -> 465 | L18: =ROUNDDOWN(H18*J18,2) -> 580 | M18: =K18/$L$1062 -> #N/A
A19: =B19 -> 1 | B19: =B18 -> 1 | C19: 1.11 | D19: 01.050.0841-A | E19: EMOP | F19: PROJETO DE AS BUILT DE INSTALACAO DE INCENDIO E SPDA PARA PR EDIOS ESCOLARES E/OU ADMINISTRATIVOS DE 501 ATE 3000M2,APRES ENTADO NOS PADROES DA CONTRATANTE | G19: m² | H19: 2500 | I19: =VLOOKUP(D19,'Orçamento Analitico'!D:L,9,FALSE()) -> 0.51 | J19: =ROUNDDOWN(I19*(1+$G$6),2) -> 0.63 | K19: =ROUNDDOWN(H19*I19,2) -> 1275 | L19: =ROUNDDOWN(H19*J19,2) -> 1575 | M19: =K19/$L$1062 -> #N/A
A20: =B20 -> 1 | B20: =B19 -> 1 | C20: 1.12 | D20: 01.050.0842-A | E20: EMOP | F20: PROJETO DE AS BUILT DE INSTALACAO DE INCENDIO E SPDA PARA PR EDIOS ESCOLARES E/OU ADMINISTRATIVOS ACIMA DE 3000M2,APRESEN TADO NOS PADROES DA CONTRATANTE | G20: m² | H20: =SUM(N20:S20)-SUM(H18:H19) -> 5503.41 | I20: =VLOOKUP(D20,'Orçamento Analitico'!D:L,9,FALSE()) -> 0.25 | J20: =ROUNDDOWN(I20*(1+$G$6),2) -> 0.31 | K20: =ROUNDDOWN(H20*I20,2) -> 1375.85 | L20: =ROUNDDOWN(H20*J20,2) -> 1706.05 | M20: =K20/$L$1062 -> #N/A | N20: =N17 -> 1612.63 | O20: =O17 -> 679.12 | P20: =P17 -> 237.1 | Q20: 3052.77 | R20: 2164.21 | S20: 757.58
A21: =B21 -> 1 | B21: =B20 -> 1 | C21: 1.13 | D21: 01.050.0930-A | E21: EMOP | F21: PROJETO DE AS BUILT DE INSTALACAO HIDRAULICA PARA PREDIOS ES COLARES E/OU ADMINISTRATIVOS ATE 500M2,APRESENTADO NOS PADRO ES DA CONTRATANTE | G21: m² | H21: 500 | I21: =VLOOKUP(D21,'Orçamento Analitico'!D:L,9,FALSE()) -> 1.57 | J21: =ROUNDDOWN(I21*(1+$G$6),2) -> 1.97 | K21: =ROUNDDOWN(H21*I21,2) -> 785 | L21: =ROUNDDOWN(H21*J21,2) -> 985 | M21: =K21/$L$1062 -> #N/A
A22: =B22 -> 1 | B22: =B21 -> 1 | C22: 1.14 | D22: 01.050.0931-A | E22: EMOP | F22: PROJETO DE AS BUILT DE INSTALACAO HIDRAULICA PARA PREDIOS ES COLARES E/OU ADMINISTRATIVOS DE 501 A 3000M2,APRESENTADO NOS PADROES DA CONTRATANTE | G22: m² | H22: 2500 | I22: =VLOOKUP(D22,'Orçamento Analitico'!D:L,9,FALSE()) -> 0.93 | J22: =ROUNDDOWN(I22*(1+$G$6),2) -> 1.16 | K22: =ROUNDDOWN(H22*I22,2) -> 2325 | L22: =ROUNDDOWN(H22*J22,2) -> 2900 | M22: =K22/$L$1062 -> #N/A
A23: =B23 -> 1 | B23: =B22 -> 1 | C23: 1.15 | D23: 01.050.0932-A | E23: EMOP | F23: PROJETO DE AS BUILT DE INSTALACAO HIDRAULICA PARA PREDIOS ES COLARES E/OU ADMINISTRATIVOS ACIMA DE 3000M2,APRESENTADO NOS PADROES DA CONTRATANTE | G23: m² | H23: =SUM(N23:S23)-SUM(H21:H22) -> 5503.41 | I23: =VLOOKUP(D23,'Orçamento Analitico'!D:L,9,FALSE()) -> 0.86 | J23: =ROUNDDOWN(I23*(1+$G$6),2) -> 1.07 | K23: =ROUNDDOWN(H23*I23,2) -> 4732.93 | L23: =ROUNDDOWN(H23*J23,2) -> 5888.64 | M23: =K23/$L$1062 -> #N/A | N23: =N20 -> 1612.63 | O23: =O20 -> 679.12 | P23: =P20 -> 237.1 | Q23: 3052.77 | R23: 2164.21 | S23: 757.58
A24: =B24 -> 1 | B24: =B23 -> 1 | C24: 1.16 | D24: 01.050.0975-A | E24: EMOP | F24: PROJETO DE AS BUILT DE SISTEMA DE AR CONDICIONADO,EM PREDIOS COM AREA ATE 500M2,APRESENTADO NOS PADROES DA CONTRATANTE | G24: m² | H24: 500 | I24: =VLOOKUP(D24,'Orçamento Analitico'!D:L,9,FALSE()) -> 1.44 | J24: =ROUNDDOWN(I24*(1+$G$6),2) -> 1.8 | K24: =ROUNDDOWN(H24*I24,2) -> 720 | L24: =ROUNDDOWN(H24*J24,2) -> 900 | M24: =K24/$L$1062 -> #N/A
A25: =B25 -> 1 | B25: =B24 -> 1 | C25: 1.17 | D25: 01.050.0976-A | E25: EMOP | F25: PROJETO DE AS BUILT DE SISTEMA DE AR CONDICIONADO,EM PREDIOS COM AREA DE 501 ATE 3000M2,APRESENTADO NOS PADROES DA CONTR ATANTE | G25: m² | H25: 2500 | I25: =VLOOKUP(D25,'Orçamento Analitico'!D:L,9,FALSE()) -> 1.2 | J25: =ROUNDDOWN(I25*(1+$G$6),2) -> 1.5 | K25: =ROUNDDOWN(H25*I25,2) -> 3000 | L25: =ROUNDDOWN(H25*J25,2) -> 3750 | M25: =K25/$L$1062 -> #N/A
A26: =B26 -> 1 | B26: =B25 -> 1 | C26: 1.18 | D26: 01.050.0977-A | E26: EMOP | F26: PROJETO DE AS BUILT DE SISTEMA DE AR CONDICIONADO,EM PREDIOS ACIMA DE 3000M2,APRESENTADO NOS PADROES DA CONTRATANTE | G26: m² | H26: =SUM(N26:S26)-SUM(H24:H25) -> 5503.41 | I26: =VLOOKUP(D26,'Orçamento Analitico'!D:L,9,FALSE()) -> 0.72 | J26: =ROUNDDOWN(I26*(1+$G$6),2) -> 0.9 | K26: =ROUNDDOWN(H26*I26,2) -> 3962.45 | L26: =ROUNDDOWN(H26*J26,2) -> 4953.06 | M26: =K26/$L$1062 -> #N/A | N26: =N23 -> 1612.63 | O26: =O23 -> 679.12 | P26: =P23 -> 237.1 | Q26: 3052.77 | R26: 2164.21 | S26: 757.58
B27: =C27 -> 2 | C27: 2 | F27: GERENCIAMENTO DE OBRAS / FISCALIZAÇÃO | K27: =SUM(K28) -> 1439486.9 | L27: =SUM(L28) -> 1806412.1 | M27: =K27/$L$1062 -> #N/A
A28: =B28 -> 2 | B28: =B27 -> 2 | C28: 2.1 | D28: UFF00066 | E28: Próprio | F28: ADMINISTRAÇÃO LOCAL | G28: UN | H28: =SUM(N28:S28) -> 1 | I28: =VLOOKUP(D28,'Orçamento Analitico'!D:L,9,FALSE()) -> 1439486.9 | J28: =ROUNDDOWN(I28*(1+$G$6),2) -> 1806412.1 | K28: =ROUNDDOWN(H28*I28,2) -> 1439486.9 | L28: =ROUNDDOWN(H28*J28,2) -> 1806412.1 | M28: =K28/$L$1062 -> #N/A | N28: 1
C29: 3 | F29: SERVIÇOS PRELIMINARES | K29: =SUM(K30,K32,K35,K73,K99,K106,K108) -> 317513.28 | L29: =SUM(L30,L32,L35,L73,L99,L106,L108) -> 398355.06 | M29: =K29/$L$1062 -> #N/A
B30: =C30 -> 3.1 | C30: 3.1 | F30: LICENÇAS / TAXAS | K30: =SUMIF(A:A,B30,K:K) -> 1500.28 | L30: =SUMIF(A:A,C30,L:L) -> 1882.69 | M30: =K30/$L$1062 -> #N/A
A31: =B31 -> 3.1 | B31: =B30 -> 3.1 | C31: 3.1.1 | D31: 103689 | E31: SINAPI | F31: FORNECIMENTO E INSTALAÇÃO DE PLACA DE OBRA COM CHAPA GALVANIZADA E ESTRUTURA DE MADEIRA. AF_03/2022_PS | G31: m² | H31: =SUM(N31:S31) -> 3.15 | I31: =VLOOKUP(D31,'Orçamento Analitico'!D:L,9,FALSE()) -> 476.28 | J31: =ROUNDDOWN(I31*(1+$G$6),2) -> 597.68 | K31: =ROUNDDOWN(H31*I31,2) -> 1500.28 | L31: =ROUNDDOWN(H31*J31,2) -> 1882.69 | M31: =K31/$L$1062 -> #N/A | N31: 3.15
B32: =C32 -> 3.2 | C32: 3.2 | F32: MOBILIZAÇÃO E DESMOBILIZAÇÃO | K32: =SUMIF(A:A,B32,K:K) -> 23554.66 | L32: =SUMIF(A:A,C32,L:L) -> 29557.93 | M32: =K32/$L$1062 -> #N/A
A33: =B33 -> 3.2 | B33: =B32 -> 3.2 | C33: 3.2.1 | D33: 012689 | E33: SBC | F33: MOBILIZACAO E DESMOBILIZACAO DE CANTEIRO | G33: UN | H33: 1 | I33: =VLOOKUP(D33,'Orçamento Analitico'!D:L,9,FALSE()) -> 6216.46 | J33: =ROUNDDOWN(I33*(1+$G$6),2) -> 7801.03 | K33: =ROUNDDOWN(H33*I33,2) -> 6216.46 | L33: =ROUNDDOWN(H33*J33,2) -> 7801.03 | M33: =K33/$L$1062 -> #N/A
A34: =B34 -> 3.2 | B34: =B33 -> 3.2 | C34: 3.2.2 | D34: 98459 | E34: SINAPI | F34: TAPUME COM TELHA METÁLICA. AF_03/2024 | G34: m² | H34: =R34 -> 165 | I34: =VLOOKUP(D34,'Orçamento Analitico'!D:L,9,FALSE()) -> 105.08 | J34: =ROUNDDOWN(I34*(1+$G$6),2) -> 131.86 | K34: =ROUNDDOWN(H34*I34,2) -> 17338.2 | L34: =ROUNDDOWN(H34*J34,2) -> 21756.9 | M34: =K34/$L$1062 -> #N/A | N34: =250*0.3 -> 75 | O34: X | P34: 2.2 | Q34: = | R34: =ROUND(N34*P34,2) -> 165 | S34: <== CERCAMENTO EXISTENTE
B35: =C35 -> 3.3 | C35: 3.3 | F35: CANTEIRO DE OBRAS (REFORMA DO EXISTENTE) | K35: =SUMIF(A:A,B35,K:K) -> 89745.72 | L35: =SUMIF(A:A,C35,L:L) -> 112611.56 | M35: =K35/$L$1062 -> #N/A | N35: Reforma Canteiro existente
A36: =B36 -> 3.3 | B36: =B35 -> 3.3 | C36: 3.3.1 | D36: 98679 | E36: SINAPI | F36: PISO CIMENTADO, TRAÇO 1:3 (CIMENTO E AREIA), ACABAMENTO LISO, ESPESSURA 2,0 CM, PREPARO MECÂNICO DA ARGAMASSA. AF_09/2020 | G36: m² | H36: =R36 -> 24 | I36: =VLOOKUP(D36,'Orçamento Analitico'!D:L,9,FALSE()) -> 40.28 | J36: =ROUNDDOWN(I36*(1+$G$6),2) -> 50.54 | K36: =ROUNDDOWN(H36*I36,2) -> 966.72 | L36: =ROUNDDOWN(H36*J36,2) -> 1212.96 | M36: =K36/$L$1062 -> #N/A | N36: 20 | O36: X | P36: 1.2 | Q36: = | R36: =ROUNDDOWN(N36*P36,2) -> 24 | T36: <== ÁREA EXTERNA
A37: =B37 -> 3.3 | B37: =B36 -> 3.3 | C37: 3.3.2 | D37: 98445 | E37: SINAPI | F37: PAREDE DE MADEIRA COMPENSADA PARA CONSTRUÇÃO TEMPORÁRIA EM CHAPA SIMPLES, EXTERNA, COM ÁREA LÍQUIDA MAIOR OU IGUAL A 6 M², COM VÃO. AF_03/2024 | G37: m² | H37: =R37 -> 90 | I37: =VLOOKUP(D37,'Orçamento Analitico'!D:L,9,FALSE()) -> 124.74 | J37: =ROUNDDOWN(I37*(1+$G$6),2) -> 156.53 | K37: =ROUNDDOWN(H37*I37,2) -> 11226.6 | L37: =ROUNDDOWN(H37*J37,2) -> 14087.7 | M37: =K37/$L$1062 -> #N/A | N37: 30 | O37: X | P37: 3 | Q37: = | R37: =ROUNDDOWN(N37*P37,2) -> 90
A38: =B38 -> 3.3 | B38: =B37 -> 3.3 | C38: 3.3.3 | D38: 90820 | E38: SINAPI | F38: PORTA DE MADEIRA PARA PINTURA, SEMI-OCA (LEVE OU MÉDIA), 60X210CM, ESPESSURA DE 3,5CM, INCLUSO DOBRADIÇAS - FORNECIMENTO E INSTALAÇÃO. AF_12/2019 | G38: UN | H38: =SUM(N38:U38) -> 4 | I38: =VLOOKUP(D38,'Orçamento Analitico'!D:L,9,FALSE()) -> 420.39 | J38: =ROUNDDOWN(I38*(1+$G$6),2) -> 527.54 | K38: =ROUNDDOWN(H38*I38,2) -> 1681.56 | L38: =ROUNDDOWN(H38*J38,2) -> 2110.16 | M38: =K38/$L$1062 -> #N/A | N38: 4 | V38: =0.6*2.1 -> 1.26
A39: =B39 -> 3.3 | B39: =B38 -> 3.3 | C39: 3.3.4 | D39: 90822 | E39: SINAPI | F39: PORTA DE MADEIRA PARA PINTURA, SEMI-OCA (LEVE OU MÉDIA), 80X210CM, ESPESSURA DE 3,5CM, INCLUSO DOBRADIÇAS - FORNECIMENTO E INSTALAÇÃO. AF_12/2019 | G39: UN | H39: =SUM(N39:U39) -> 6 | I39: =VLOOKUP(D39,'Orçamento Analitico'!D:L,9,FALSE()) -> 460.96 | J39: =ROUNDDOWN(I39*(1+$G$6),2) -> 578.45 | K39: =ROUNDDOWN(H39*I39,2) -> 2765.76 | L39: =ROUNDDOWN(H39*J39,2) -> 3470.7 | M39: =K39/$L$1062 -> #N/A | N39: 6 | V39: =0.8*2.1 -> 1.68
A40: =B40 -> 3.3 | B40: =B39 -> 3.3 | C40: 3.3.5 | D40: 91304 | E40: SINAPI | F40: FECHADURA DE EMBUTIR COM CILINDRO, EXTERNA, COMPLETA, ACABAMENTO PADRÃO POPULAR, INCLUSO EXECUÇÃO DE FURO - FORNECIMENTO E INSTALAÇÃO. AF_12/2019 | G40: UN | H40: =SUM(N40:U40) -> 6 | I40: =VLOOKUP(D40,'Orçamento Analitico'!D:L,9,FALSE()) -> 139.33 | J40: =ROUNDDOWN(I40*(1+$G$6),2) -> 174.84 | K40: =ROUNDDOWN(H40*I40,2) -> 835.98 | L40: =ROUNDDOWN(H40*J40,2) -> 1049.04 | M40: =K40/$L$1062 -> #N/A | N40: =N39 -> 6
A41: =B41 -> 3.3 | B41: =B40 -> 3.3 | C41: 3.3.6 | D41: 91305 | E41: SINAPI | F41: FECHADURA DE EMBUTIR PARA PORTA DE BANHEIRO, COMPLETA, ACABAMENTO PADRÃO POPULAR, INCLUSO EXECUÇÃO DE FURO - FORNECIMENTO E INSTALAÇÃO. AF_12/2019 | G41: UN | H41: =SUM(N41:U41) -> 4 | I41: =VLOOKUP(D41,'Orçamento Analitico'!D:L,9,FALSE()) -> 136.75 | J41: =ROUNDDOWN(I41*(1+$G$6),2) -> 171.6 | K41: =ROUNDDOWN(H41*I41,2) -> 547 | L41: =ROUNDDOWN(H41*J41,2) -> 686.4 | M41: =K41/$L$1062 -> #N/A | N41: =N38 -> 4
A42: =B42 -> 3.3 | B42: =B41 -> 3.3 | C42: 3.3.7 | D42: 100666 | E42: SINAPI | F42: JANELA DE MADEIRA (PINUS/EUCALIPTO OU EQUIV.) DE ABRIR COM 4 FOLHAS (2 VENEZIANAS E 2 GUILHOTINAS PARA VIDRO), COM BATENTE, ALIZAR E FERRAGENS. EXCLUSIVE VIDROS, ACABAMENTO E CONTRAMARCO. FORNECIMENTO E INSTALAÇÃO. AF_12/2019 | G42: m² | H42: =T42 -> 4 | I42: =VLOOKUP(D42,'Orçamento Analitico'!D:L,9,FALSE()) -> 631.07 | J42: =ROUNDDOWN(I42*(1+$G$6),2) -> 791.92 | K42: =ROUNDDOWN(H42*I42,2) -> 2524.28 | L42: =ROUNDDOWN(H42*J42,2) -> 3167.68 | M42: =K42/$L$1062 -> #N/A | N42: 4 | O42: X | P42: 1 | Q42: X | R42: 1 | S42: = | T42: =ROUNDDOWN(N42*P42*R42,2) -> 4
A43: =B43 -> 3.3 | B43: =B42 -> 3.3 | C43: 3.3.8 | D43: 100668 | E43: SINAPI | F43: JANELA DE MADEIRA (CEDRINHO/ANGELIM OU EQUIV.) TIPO MAXIM-AR, PARA VIDRO, COM BATENTE, ALIZAR E FERRAGENS. EXCLUSIVE VIDRO, ACABAMENTO E CONTRAMARCO. FORNECIMENTO E INSTALAÇÃO. AF_12/2019 | G43: m² | H43: =T43 -> 2.16 | I43: =VLOOKUP(D43,'Orçamento Analitico'!D:L,9,FALSE()) -> 1250.46 | J43: =ROUNDDOWN(I43*(1+$G$6),2) -> 1569.2 | K43: =ROUNDDOWN(H43*I43,2) -> 2700.99 | L43: =ROUNDDOWN(H43*J43,2) -> 3389.47 | M43: =K43/$L$1062 -> #N/A | N43: 6 | O43: X | P43: 0.6 | Q43: X | R43: 0.6 | S43: = | T43: =ROUNDDOWN(N43*P43*R43,2) -> 2.16
A44: =B44 -> 3.3 | B44: =B43 -> 3.3 | C44: 3.3.9 | D44: 102152 | E44: SINAPI | F44: INSTALAÇÃO DE VIDRO LISO, E = 4 MM, EM ESQUADRIA DE MADEIRA, FIXADO COM BAGUETE. AF_01/2021 | G44: m² | H44: =SUM(N44:U44) -> 6.16 | I44: =VLOOKUP(D44,'Orçamento Analitico'!D:L,9,FALSE()) -> 202.75 | J44: =ROUNDDOWN(I44*(1+$G$6),2) -> 254.43 | K44: =ROUNDDOWN(H44*I44,2) -> 1248.94 | L44: =ROUNDDOWN(H44*J44,2) -> 1567.28 | M44: =K44/$L$1062 -> #N/A | S44: = | T44: =SUM(T42:T43) -> 6.16
A45: =B45 -> 3.3 | B45: =B44 -> 3.3 | C45: 3.3.10 | D45: 103328 | E45: SINAPI | F45: ALVENARIA DE VEDAÇÃO DE BLOCOS CERÂMICOS FURADOS NA HORIZONTAL DE 9X19X19 CM (ESPESSURA 9 CM) E ARGAMASSA DE ASSENTAMENTO COM PREPARO EM BETONEIRA. AF_12/2021 | G45: m² | H45: =SUM(N45:U45) -> 10 | I45: =VLOOKUP(D45,'Orçamento Analitico'!D:L,9,FALSE()) -> 113.21 | J45: =ROUNDDOWN(I45*(1+$G$6),2) -> 142.06 | K45: =ROUNDDOWN(H45*I45,2) -> 1132.1 | L45: =ROUNDDOWN(H45*J45,2) -> 1420.6 | M45: =K45/$L$1062 -> #N/A | N45: 10
A46: =B46 -> 3.3 | B46: =B45 -> 3.3 | C46: 3.3.11 | D46: 87548 | E46: SINAPI | F46: MASSA ÚNICA, EM ARGAMASSA TRAÇO 1:2:8, PREPARO MANUAL, APLICADA MANUALMENTE EM PAREDES INTERNAS DE AMBIENTES COM ÁREA ENTRE 5M² E 10M², E = 10MM, COM TALISCAS. AF_03/2024 | G46: m² | H46: =SUM(N46:U46) -> 20 | I46: =VLOOKUP(D46,'Orçamento Analitico'!D:L,9,FALSE()) -> 35.15 | J46: =ROUNDDOWN(I46*(1+$G$6),2) -> 44.1 | K46: =ROUNDDOWN(H46*I46,2) -> 703 | L46: =ROUNDDOWN(H46*J46,2) -> 882 | M46: =K46/$L$1062 -> #N/A | N46: =N45*2 -> 20
A47: =B47 -> 3.3 | B47: =B46 -> 3.3 | C47: 3.3.12 | D47: 87878 | E47: SINAPI | F47: CHAPISCO APLICADO EM ALVENARIAS E ESTRUTURAS DE CONCRETO INTERNAS, COM COLHER DE PEDREIRO. ARGAMASSA TRAÇO 1:3 COM PREPARO MANUAL. AF_10/2022 | G47: m² | H47: =SUM(N47:U47) -> 20 | I47: =VLOOKUP(D47,'Orçamento Analitico'!D:L,9,FALSE()) -> 5.75 | J47: =ROUNDDOWN(I47*(1+$G$6),2) -> 7.21 | K47: =ROUNDDOWN(H47*I47,2) -> 115 | L47: =ROUNDDOWN(H47*J47,2) -> 144.2 | M47: =K47/$L$1062 -> #N/A | N47: =N46 -> 20
A48: =B48 -> 3.3 | B48: =B47 -> 3.3 | C48: 3.3.13 | D48: 104642 | E48: SINAPI | F48: PINTURA LÁTEX ACRÍLICA STANDARD, APLICAÇÃO MANUAL EM PAREDES, DUAS DEMÃOS. AF_04/2023 | G48: m² | H48: =T48 -> 360 | I48: =VLOOKUP(D48,'Orçamento Analitico'!D:L,9,FALSE()) -> 12.8 | J48: =ROUNDDOWN(I48*(1+$G$6),2) -> 16.06 | K48: =ROUNDDOWN(H48*I48,2) -> 4608 | L48: =ROUNDDOWN(H48*J48,2) -> 5781.6 | M48: =K48/$L$1062 -> #N/A | N48: 2 | O48: X | P48: 60 | Q48: X | R48: 3 | S48: = | T48: =ROUNDDOWN(N48*P48*R48,2) -> 360
A49: =B49 -> 3.3 | B49: =B48 -> 3.3 | C49: 3.3.14 | D49: 92543 | E49: SINAPI | F49: TRAMA DE MADEIRA COMPOSTA POR TERÇAS PARA TELHADOS DE ATÉ 2 ÁGUAS PARA TELHA ONDULADA DE FIBROCIMENTO, METÁLICA, PLÁSTICA OU TERMOACÚSTICA, INCLUSO TRANSPORTE VERTICAL. AF_07/2019 | G49: m² | H49: =T49 -> 210 | I49: =VLOOKUP(D49,'Orçamento Analitico'!D:L,9,FALSE()) -> 27.57 | J49: =ROUNDDOWN(I49*(1+$G$6),2) -> 34.59 | K49: =ROUNDDOWN(H49*I49,2) -> 5789.7 | L49: =ROUNDDOWN(H49*J49,2) -> 7263.9 | M49: =K49/$L$1062 -> #N/A | N49: 30 | O49: X | P49: 10 | Q49: X | R49: 0.7 | S49: = | T49: =ROUNDDOWN(N49*P49*R49,2) -> 210
A50: =B50 -> 3.3 | B50: =B49 -> 3.3 | C50: 3.3.15 | D50: 94210 | E50: SINAPI | F50: TELHAMENTO COM TELHA ONDULADA DE FIBROCIMENTO E = 6 MM, COM RECOBRIMENTO LATERAL DE 1 1/4 DE ONDA PARA TELHADO COM INCLINAÇÃO MÁXIMA DE 10°, COM ATÉ 2 ÁGUAS, INCLUSO IÇAMENTO. AF_07/2019 | G50: m² | H50: =SUM(N50:U50) -> 210 | I50: =VLOOKUP(D50,'Orçamento Analitico'!D:L,9,FALSE()) -> 55.89 | J50: =ROUNDDOWN(I50*(1+$G$6),2) -> 70.13 | K50: =ROUNDDOWN(H50*I50,2) -> 11736.9 | L50: =ROUNDDOWN(H50*J50,2) -> 14727.3 | M50: =K50/$L$1062 -> #N/A | T50: =T49 -> 210
A51: =B51 -> 3.3 | B51: =B50 -> 3.3 | C51: 3.3.16 | D51: 16.001.0116-A | E51: EMOP | F51: CAIBRO DE MADEIRA SERRADA COM 3"X2".FORNECIMENTO E COLOCACAO | G51: M | H51: =SUM(N51:U51) -> 10 | I51: =VLOOKUP(D51,'Orçamento Analitico'!D:L,9,FALSE()) -> 25.64 | J51: =ROUNDDOWN(I51*(1+$G$6),2) -> 32.17 | K51: =ROUNDDOWN(H51*I51,2) -> 256.4 | L51: =ROUNDDOWN(H51*J51,2) -> 321.7 | M51: =K51/$L$1062 -> #N/A | N51: 10
A52: =B52 -> 3.3 | B52: =B51 -> 3.3 | C52: 3.3.17 | D52: 96116 | E52: SINAPI | F52: FORRO EM RÉGUAS DE PVC, FRISADO, PARA AMBIENTES COMERCIAIS, INCLUSIVE ESTRUTURA BIDIRECIONAL DE FIXAÇÃO. AF_08/2023_PS | G52: m² | H52: =SUM(N52:U52) -> 190.5 | I52: =VLOOKUP(D52,'Orçamento Analitico'!D:L,9,FALSE()) -> 78.9 | J52: =ROUNDDOWN(I52*(1+$G$6),2) -> 99.01 | K52: =ROUNDDOWN(H52*I52,2) -> 15030.45 | L52: =ROUNDDOWN(H52*J52,2) -> 18861.4 | M52: =K52/$L$1062 -> #N/A | N52: 30 | O52: X | P52: 10 | Q52: X | R52: 0.5 | S52: = | T52: =ROUNDDOWN(N52*P52*R52,2) -> 150
A53: =B53 -> 3.3 | B53: =B52 -> 3.3 | C53: 3.3.18 | D53: UFF00466 (ADAPT_SINAPI: 89957) | E53: Próprio | F53: PONTO DE CONSUMO TERMINAL DE ÁGUA FRIA (SUBRAMAL) COM TUBULAÇÃO DE PVC, DN 25 MM, INSTALADO EM RAMAL DE ÁGUA, INCLUSOS RASGO E CHUMBAMENTO EM ALVENARIA. | G53: UN | H53: =SUM(N53:U53) -> 6 | I53: =VLOOKUP(D53,'Orçamento Analitico'!D:L,9,FALSE()) -> 172.29 | J53: =ROUNDDOWN(I53*(1+$G$6),2) -> 216.2 | K53: =ROUNDDOWN(H53*I53,2) -> 1033.74 | L53: =ROUNDDOWN(H53*J53,2) -> 1297.2 | M53: =K53/$L$1062 -> #N/A | N53: 6
A54: =B54 -> 3.3 | B54: =B53 -> 3.3 | C54: 3.3.19 | D54: 91170 | E54: SINAPI | F54: FIXAÇÃO DE TUBOS HORIZONTAIS DE PVC ÁGUA, PVC ESGOTO, PVC ÁGUA PLUVIAL, CPVC, PPR, COBRE OU AÇO, DIÂMETROS MENORES OU IGUAIS A 40 MM, COM ABRAÇADEIRA METÁLICA RÍGIDA TIPO U PERFIL 1 1/4", FIXADA EM PERFILADO EM LAJE. AF_09/2023_PS | G54: M | H54: =SUM(N54:U54) -> 100 | I54: =VLOOKUP(D54,'Orçamento Analitico'!D:L,9,FALSE()) -> 12.77 | J54: =ROUNDDOWN(I54*(1+$G$6),2) -> 16.02 | K54: =ROUNDDOWN(H54*I54,2) -> 1277 | L54: =ROUNDDOWN(H54*J54,2) -> 1602 | M54: =K54/$L$1062 -> #N/A | N54: 100
A55: =B55 -> 3.3 | B55: =B54 -> 3.3 | C55: 3.3.20 | D55: 91863 | E55: SINAPI | F55: ELETRODUTO RÍGIDO ROSCÁVEL, PVC, DN 25 MM (3/4"), PARA CIRCUITOS TERMINAIS, INSTALADO EM FORRO - FORNECIMENTO E INSTALAÇÃO. AF_03/2023 | G55: M | H55: =SUM(N55:U55) -> 50 | I55: =VLOOKUP(D55,'Orçamento Analitico'!D:L,9,FALSE()) -> 13.02 | J55: =ROUNDDOWN(I55*(1+$G$6),2) -> 16.33 | K55: =ROUNDDOWN(H55*I55,2) -> 651 | L55: =ROUNDDOWN(H55*J55,2) -> 816.5 | M55: =K55/$L$1062 -> #N/A | N55: =N54*0.5 -> 50
A56: =B56 -> 3.3 | B56: =B55 -> 3.3 | C56: 3.3.21 | D56: 91871 | E56: SINAPI | F56: ELETRODUTO RÍGIDO ROSCÁVEL, PVC, DN 25 MM (3/4"), PARA CIRCUITOS TERMINAIS, INSTALADO EM PAREDE - FORNECIMENTO E INSTALAÇÃO. AF_03/2023 | G56: M | H56: =SUM(N56:U56) -> 50 | I56: =VLOOKUP(D56,'Orçamento Analitico'!D:L,9,FALSE()) -> 16.92 | J56: =ROUNDDOWN(I56*(1+$G$6),2) -> 21.23 | K56: =ROUNDDOWN(H56*I56,2) -> 846 | L56: =ROUNDDOWN(H56*J56,2) -> 1061.5 | M56: =K56/$L$1062 -> #N/A | N56: =N54*0.5 -> 50
A57: =B57 -> 3.3 | B57: =B56 -> 3.3 | C57: 3.3.22 | D57: 91875 | E57: SINAPI | F57: LUVA PARA ELETRODUTO, PVC, ROSCÁVEL, DN 25 MM (3/4"), PARA CIRCUITOS TERMINAIS, INSTALADA EM FORRO - FORNECIMENTO E INSTALAÇÃO. AF_03/2023 | G57: UN | H57: =SUM(N57:U57) -> 33 | I57: =VLOOKUP(D57,'Orçamento Analitico'!D:L,9,FALSE()) -> 10.75 | J57: =ROUNDDOWN(I57*(1+$G$6),2) -> 13.49 | K57: =ROUNDDOWN(H57*I57,2) -> 354.75 | L57: =ROUNDDOWN(H57*J57,2) -> 445.17 | M57: =K57/$L$1062 -> #N/A | N57: =ROUND(SUM(N55:N56)/3,0) -> 33
A58: =B58 -> 3.3 | B58: =B57 -> 3.3 | C58: 3.3.23 | D58: 91890 | E58: SINAPI | F58: CURVA 90 GRAUS PARA ELETRODUTO, PVC, ROSCÁVEL, DN 25 MM (3/4"), PARA CIRCUITOS TERMINAIS, INSTALADA EM FORRO - FORNECIMENTO E INSTALAÇÃO. AF_03/2023 | G58: UN | H58: =SUM(N58:U58) -> 33 | I58: =VLOOKUP(D58,'Orçamento Analitico'!D:L,9,FALSE()) -> 17.39 | J58: =ROUNDDOWN(I58*(1+$G$6),2) -> 21.82 | K58: =ROUNDDOWN(H58*I58,2) -> 573.87 | L58: =ROUNDDOWN(H58*J58,2) -> 720.06 | M58: =K58/$L$1062 -> #N/A | N58: =N57 -> 33
A59: =B59 -> 3.3 | B59: =B58 -> 3.3 | C59: 3.3.24 | D59: 91926 | E59: SINAPI | F59: CABO DE COBRE FLEXÍVEL ISOLADO, 2,5 MM², ANTI-CHAMA 450/750 V, PARA CIRCUITOS TERMINAIS - FORNECIMENTO E INSTALAÇÃO. AF_03/2023 | G59: M | H59: =SUM(N59:U59) -> 300 | I59: =VLOOKUP(D59,'Orçamento Analitico'!D:L,9,FALSE()) -> 4.98 | J59: =ROUNDDOWN(I59*(1+$G$6),2) -> 6.24 | K59: =ROUNDDOWN(H59*I59,2) -> 1494 | L59: =ROUNDDOWN(H59*J59,2) -> 1872 | M59: =K59/$L$1062 -> #N/A | N59: =SUM(N55:N56)*3 -> 300
A60: =B60 -> 3.3 | B60: =B59 -> 3.3 | C60: 3.3.25 | D60: 91939 | E60: SINAPI | F60: CAIXA RETANGULAR 4" X 2" ALTA (2,00 M DO PISO), PVC, INSTALADA EM PAREDE - FORNECIMENTO E INSTALAÇÃO. AF_03/2023 | G60: UN | H60: =SUM(N60:U60) -> 6 | I60: =VLOOKUP(D60,'Orçamento Analitico'!D:L,9,FALSE()) -> 40.68 | J60: =ROUNDDOWN(I60*(1+$G$6),2) -> 51.04 | K60: =ROUNDDOWN(H60*I60,2) -> 244.08 | L60: =ROUNDDOWN(H60*J60,2) -> 306.24 | M60: =K60/$L$1062 -> #N/A | N60: 6
A61: =B61 -> 3.3 | B61: =B60 -> 3.3 | C61: 3.3.26 | D61: 91940 | E61: SINAPI | F61: CAIXA RETANGULAR 4" X 2" MÉDIA (1,30 M DO PISO), PVC, INSTALADA EM PAREDE - FORNECIMENTO E INSTALAÇÃO. AF_03/2023 | G61: UN | H61: =SUM(N61:U61) -> 8 | I61: =VLOOKUP(D61,'Orçamento Analitico'!D:L,9,FALSE()) -> 23.21 | J61: =ROUNDDOWN(I61*(1+$G$6),2) -> 29.12 | K61: =ROUNDDOWN(H61*I61,2) -> 185.68 | L61: =ROUNDDOWN(H61*J61,2) -> 232.96 | M61: =K61/$L$1062 -> #N/A | N61: 8
A62: =B62 -> 3.3 | B62: =B61 -> 3.3 | C62: 3.3.27 | D62: 91941 | E62: SINAPI | F62: CAIXA RETANGULAR 4" X 2" BAIXA (0,30 M DO PISO), PVC, INSTALADA EM PAREDE - FORNECIMENTO E INSTALAÇÃO. AF_03/2023 | G62: UN | H62: =SUM(N62:U62) -> 10 | I62: =VLOOKUP(D62,'Orçamento Analitico'!D:L,9,FALSE()) -> 14.64 | J62: =ROUNDDOWN(I62*(1+$G$6),2) -> 18.37 | K62: =ROUNDDOWN(H62*I62,2) -> 146.4 | L62: =ROUNDDOWN(H62*J62,2) -> 183.7 | M62: =K62/$L$1062 -> #N/A | N62: 10
A63: =B63 -> 3.3 | B63: =B62 -> 3.3 | C63: 3.3.28 | D63: 92000 | E63: SINAPI | F63: TOMADA BAIXA DE EMBUTIR (1 MÓDULO), 2P+T 10 A, INCLUINDO SUPORTE E PLACA - FORNECIMENTO E INSTALAÇÃO. AF_03/2023 | G63: UN | H63: =SUM(N63:U63) -> 10 | I63: =VLOOKUP(D63,'Orçamento Analitico'!D:L,9,FALSE()) -> 35.53 | J63: =ROUNDDOWN(I63*(1+$G$6),2) -> 44.58 | K63: =ROUNDDOWN(H63*I63,2) -> 355.3 | L63: =ROUNDDOWN(H63*J63,2) -> 445.8 | M63: =K63/$L$1062 -> #N/A | N63: 10
A64: =B64 -> 3.3 | B64: =B63 -> 3.3 | C64: 3.3.29 | D64: 92008 | E64: SINAPI | F64: TOMADA BAIXA DE EMBUTIR (2 MÓDULOS), 2P+T 10 A, INCLUINDO SUPORTE E PLACA - FORNECIMENTO E INSTALAÇÃO. AF_03/2023 | G64: UN | H64: =SUM(N64:U64) -> 10 | I64: =VLOOKUP(D64,'Orçamento Analitico'!D:L,9,FALSE()) -> 54.37 | J64: =ROUNDDOWN(I64*(1+$G$6),2) -> 68.22 | K64: =ROUNDDOWN(H64*I64,2) -> 543.7 | L64: =ROUNDDOWN(H64*J64,2) -> 682.2 | M64: =K64/$L$1062 -> #N/A | N64: 10
A65: =B65 -> 3.3 | B65: =B64 -> 3.3 | C65: 3.3.30 | D65: 92023 | E65: SINAPI | F65: INTERRUPTOR SIMPLES (1 MÓDULO) COM 1 TOMADA DE EMBUTIR 2P+T 10 A, INCLUINDO SUPORTE E PLACA - FORNECIMENTO E INSTALAÇÃO. AF_03/2023 | G65: UN | H65: =SUM(N65:U65) -> 4 | I65: =VLOOKUP(D65,'Orçamento Analitico'!D:L,9,FALSE()) -> 57.93 | J65: =ROUNDDOWN(I65*(1+$G$6),2) -> 72.69 | K65: =ROUNDDOWN(H65*I65,2) -> 231.72 | L65: =ROUNDDOWN(H65*J65,2) -> 290.76 | M65: =K65/$L$1062 -> #N/A | N65: 4
A66: =B66 -> 3.3 | B66: =B65 -> 3.3 | C66: 3.3.31 | D66: 97584 | E66: SINAPI | F66: LUMINÁRIA TIPO CALHA, DE SOBREPOR, COM 1 LÂMPADA TUBULAR FLUORESCENTE DE 36 W, COM REATOR DE PARTIDA RÁPIDA - FORNECIMENTO E INSTALAÇÃO. AF_02/2020 | G66: UN | H66: =SUM(N66:U66) -> 7 | I66: =VLOOKUP(D66,'Orçamento Analitico'!D:L,9,FALSE()) -> 85.91 | J66: =ROUNDDOWN(I66*(1+$G$6),2) -> 107.8 | K66: =ROUNDDOWN(H66*I66,2) -> 601.37 | L66: =ROUNDDOWN(H66*J66,2) -> 754.6 | M66: =K66/$L$1062 -> #N/A | N66: 7
A67: =B67 -> 3.3 | B67: =B66 -> 3.3 | C67: 3.3.32 | D67: 101875 | E67: SINAPI | F67: QUADRO DE DISTRIBUIÇÃO DE ENERGIA EM CHAPA DE AÇO GALVANIZADO, DE EMBUTIR, COM BARRAMENTO TRIFÁSICO, PARA 12 DISJUNTORES DIN 100A - FORNECIMENTO E INSTALAÇÃO. AF_10/2020 | G67: UN | H67: =SUM(N67:U67) -> 1 | I67: =VLOOKUP(D67,'Orçamento Analitico'!D:L,9,FALSE()) -> 449.14 | J67: =ROUNDDOWN(I67*(1+$G$6),2) -> 563.62 | K67: =ROUNDDOWN(H67*I67,2) -> 449.14 | L67: =ROUNDDOWN(H67*J67,2) -> 563.62 | M67: =K67/$L$1062 -> #N/A | N67: 1
A68: =B68 -> 3.3 | B68: =B67 -> 3.3 | C68: 3.3.33 | D68: 93664 | E68: SINAPI | F68: DISJUNTOR BIPOLAR TIPO DIN, CORRENTE NOMINAL DE 32A - FORNECIMENTO E INSTALAÇÃO. AF_10/2020 | G68: UN | H68: =SUM(N68:U68) -> 10 | I68: =VLOOKUP(D68,'Orçamento Analitico'!D:L,9,FALSE()) -> 59.7 | J68: =ROUNDDOWN(I68*(1+$G$6),2) -> 74.91 | K68: =ROUNDDOWN(H68*I68,2) -> 597 | L68: =ROUNDDOWN(H68*J68,2) -> 749.1 | M68: =K68/$L$1062 -> #N/A | N68: 10
A69: =B69 -> 3.3 | B69: =B68 -> 3.3 | C69: 3.3.34 | D69: 93655 | E69: SINAPI | F69: DISJUNTOR MONOPOLAR TIPO DIN, CORRENTE NOMINAL DE 20A - FORNECIMENTO E INSTALAÇÃO. AF_10/2020 | G69: UN | H69: =SUM(N69:U69) -> 10 | I69: =VLOOKUP(D69,'Orçamento Analitico'!D:L,9,FALSE()) -> 12.33 | J69: =ROUNDDOWN(I69*(1+$G$6),2) -> 15.47 | K69: =ROUNDDOWN(H69*I69,2) -> 123.3 | L69: =ROUNDDOWN(H69*J69,2) -> 154.7 | M69: =K69/$L$1062 -> #N/A | N69: 10
A70: =B70 -> 3.3 | B70: =B69 -> 3.3 | C70: 3.3.35 | D70: UFF00117 (ADAPT_SINAPI: 93214) | E70: Próprio | F70: EXECUÇÃO DE RESERVATÓRIO DE ÁGUA (1000 LITROS) EM CANTEIRO DE OBRA. | G70: UN | H70: =SUM(N70:U70) -> 1 | I70: =VLOOKUP(D70,'Orçamento Analitico'!D:L,9,FALSE()) -> 775.49 | J70: =ROUNDDOWN(I70*(1+$G$6),2) -> 973.16 | K70: =ROUNDDOWN(H70*I70,2) -> 775.49 | L70: =ROUNDDOWN(H70*J70,2) -> 973.16 | M70: =K70/$L$1062 -> #N/A | N70: 1
A71: =B71 -> 3.3 | B71: =B70 -> 3.3 | C71: 3.3.36 | D71: UFF00467 (ADAPT_SINAPI: 93582) | E71: Próprio | F71: EXECUÇÃO DE CENTRAL DE ARMADURA EM CANTEIRO DE OBRA, NÃO INCLUSO MOBILIÁRIO E EQUIPAMENTOS. | G71: m² | H71: =SUM(N71:U71) -> 20 | I71: =VLOOKUP(D71,'Orçamento Analitico'!D:L,9,FALSE()) -> 279.47 | J71: =ROUNDDOWN(I71*(1+$G$6),2) -> 350.7 | K71: =ROUNDDOWN(H71*I71,2) -> 5589.4 | L71: =ROUNDDOWN(H71*J71,2) -> 7014 | M71: =K71/$L$1062 -> #N/A | N71: 20
A72: =B72 -> 3.3 | B72: =B71 -> 3.3 | C72: 3.3.37 | D72: UFF00468 (ADAPT_SINAPI: 93583) | E72: Próprio | F72: EXECUÇÃO DE CENTRAL DE FÔRMAS, PRODUÇÃO DE ARGAMASSA OU CONCRETO EM CANTEIRO DE OBRA, NÃO INCLUSO MOBILIÁRIO E EQUIPAMENTOS. | G72: m² | H72: =SUM(N72:U72) -> 20 | I72: =VLOOKUP(D72,'Orçamento Analitico'!D:L,9,FALSE()) -> 490.17 | J72: =ROUNDDOWN(I72*(1+$G$6),2) -> 615.11 | K72: =ROUNDDOWN(H72*I72,2) -> 9803.4 | L72: =ROUNDDOWN(H72*J72,2) -> 12302.2 | M72: =K72/$L$1062 -> #N/A | N72: 20
B73: =C73 -> 3.4 | C73: 3.4 | F73: DEMOLIÇÕES / REMOÇÕES | K73: =SUMIF(A:A,B73,K:K) -> 44067.39 | L73: =SUMIF(A:A,C73,L:L) -> 55248.08 | M73: =K73/$L$1062 -> #N/A
A74: =B74 -> 3.4 | B74: =B73 -> 3.4 | C74: 3.4.1 | D74: 97637 | E74: SINAPI | F74: REMOÇÃO DE TAPUME/ CHAPAS METÁLICAS E DE MADEIRA, DE FORMA MANUAL, SEM REAPROVEITAMENTO. AF_09/2023 | G74: m² | H74: =R74 -> 550 | I74: =VLOOKUP(D74,'Orçamento Analitico'!D:L,9,FALSE()) -> 4.09 | J74: =ROUNDDOWN(I74*(1+$G$6),2) -> 5.13 | K74: =ROUNDDOWN(H74*I74,2) -> 2249.5 | L74: =ROUNDDOWN(H74*J74,2) -> 2821.5 | M74: =K74/$L$1062 -> #N/A | N74: 250 | O74: X | P74: 2.2 | Q74: = | R74: =ROUNDDOWN(N74*P74,2) -> 550 | S74: <== CERCAMENTO EXISTENTE
A75: =B75 -> 3.4 | B75: =B74 -> 3.4 | C75: 3.4.2 | D75: 104797 | E75: SINAPI | F75: REMOÇAO DE GUIAS PRÉ-FABRICADAS DE CONCRETO, DE FORMA MECANIZADA, COM REAPROVEITAMENTO. AF_09/2023 | G75: M | H75: =SUM(N75) -> 30 | I75: =VLOOKUP(D75,'Orçamento Analitico'!D:L,9,FALSE()) -> 23.05 | J75: =ROUNDDOWN(I75*(1+$G$6),2) -> 28.92 | K75: =ROUNDDOWN(H75*I75,2) -> 691.5 | L75: =ROUNDDOWN(H75*J75,2) -> 867.6 | M75: =K75/$L$1062 -> #N/A | N75: 30
A76: =B76 -> 3.4 | B76: =B75 -> 3.4 | C76: 3.4.3 | D76: 97622 | E76: SINAPI | F76: DEMOLIÇÃO DE ALVENARIA DE BLOCO FURADO, DE FORMA MANUAL, SEM REAPROVEITAMENTO. AF_09/2023 | G76: m³ | H76: =T76 -> 45 | I76: =VLOOKUP(D76,'Orçamento Analitico'!D:L,9,FALSE()) -> 77.08 | J76: =ROUNDDOWN(I76*(1+$G$6),2) -> 96.72 | K76: =ROUNDDOWN(H76*I76,2) -> 3468.6 | L76: =ROUNDDOWN(H76*J76,2) -> 4352.4 | M76: =K76/$L$1062 -> #N/A | N76: 100 | O76: X | P76: 3 | Q76: X | R76: 0.15 | S76: = | T76: =ROUNDDOWN(N76*P76*R76,2) -> 45 | U76: < ==Canteiro Exist.
A77: =B77 -> 3.4 | B77: =B76 -> 3.4 | C77: 3.4.4 | D77: UFF00118 (ADAPT_SINAPI: 97633) | E77: Próprio | F77: RETIRADA DE PLACAS CERÂMICAS DA FACHADA, DE FORMA MANUAL. | G77: m² | H77: =R77 -> 348.62 | I77: =VLOOKUP(D77,'Orçamento Analitico'!D:L,9,FALSE()) -> 31.52 | J77: =ROUNDDOWN(I77*(1+$G$6),2) -> 39.55 | K77: =ROUNDDOWN(H77*I77,2) -> 10988.5 | L77: =ROUNDDOWN(H77*J77,2) -> 13787.92 | M77: =K77/$L$1062 -> #N/A | N77: =10.76*2 -> 21.52 | O77: X | P77: =24-7.8 -> 16.2 | Q77: = | R77: =ROUNDDOWN(N77*P77,2) -> 348.62 | S77: < ==Parede de Constr. da Nova escada
A78: =B78 -> 3.4 | B78: =B77 -> 3.4 | C78: 3.4.5 | D78: UFF00104 (ADAPT_ORSE:36) | E78: Próprio | F78: REMOÇÃO DE BRISES | G78: m² | H78: =R78 -> 99.42 | I78: =VLOOKUP(D78,'Orçamento Analitico'!D:L,9,FALSE()) -> 5.83 | J78: =ROUNDDOWN(I78*(1+$G$6),2) -> 7.31 | K78: =ROUNDDOWN(H78*I78,2) -> 579.61 | L78: =ROUNDDOWN(H78*J78,2) -> 726.76 | M78: =K78/$L$1062 -> #N/A | N78: =10.76*2*3 -> 64.56 | O78: X | P78: 1.54 | Q78: = | R78: =ROUNDDOWN(N78*P78,2) -> 99.42 | S78: < ==Parede de Constr. da Nova escada
A79: =B79 -> 3.4 | B79: =B78 -> 3.4 | C79: 3.4.6 | D79: 97640 | E79: SINAPI | F79: REMOÇÃO DE FORROS DE DRYWALL, PVC E FIBROMINERAL, DE FORMA MANUAL, SEM REAPROVEITAMENTO. AF_09/2023 | G79: m² | H79: =SUM(R79:R80) -> 98.56 | I79: =VLOOKUP(D79,'Orçamento Analitico'!D:L,9,FALSE()) -> 2.77 | J79: =ROUNDDOWN(I79*(1+$G$6),2) -> 3.47 | K79: =ROUNDDOWN(H79*I79,2) -> 273.01 | L79: =ROUNDDOWN(H79*J79,2) -> 342 | M79: =K79/$L$1062 -> #N/A | N79: 24.64 | O79: X | P79: 4 | Q79: = | R79: =ROUNDDOWN(N79*P79,2) -> 98.56 | U79: < ==Canteiro Exist.
A80: =B80 -> 3.4 | B80: =B79 -> 3.4 | M80: =K80/$L$1062 -> #N/A | O80: X | Q80: = | R80: =ROUNDDOWN(N80*P80,2) -> 0 | U80: < ==HALL 5º (TOTAL)
A81: =B81 -> 3.4 | B81: =B80 -> 3.4 | C81: 3.4.7 | D81: 97642 | E81: SINAPI | F81: REMOÇÃO DE TRAMA METÁLICA OU DE MADEIRA PARA FORRO, DE FORMA MANUAL, SEM REAPROVEITAMENTO. AF_09/2023 | G81: m² | H81: =SUM(R81:R82) -> 561.95 | I81: =VLOOKUP(D81,'Orçamento Analitico'!D:L,9,FALSE()) -> 3.98 | J81: =ROUNDDOWN(I81*(1+$G$6),2) -> 4.99 | K81: =ROUNDDOWN(H81*I81,2) -> 2236.56 | L81: =ROUNDDOWN(H81*J81,2) -> 2804.13 | M81: =K81/$L$1062 -> #N/A | Q81: = | R81: =R79 -> 98.56 | U81: < ==Canteiro Exist.
A82: =B82 -> 3.4 | B82: =B81 -> 3.4 | M82: =K82/$L$1062 -> #N/A | Q82: = | R82: =196.74+130.6+136.05 -> 463.39 | U82: < ==CIRCULAÇÃO 4º PAV.
A83: =B83 -> 3.4 | B83: =B81 -> 3.4 | C83: 3.4.8 | D83: 97644 | E83: SINAPI | F83: REMOÇÃO DE PORTAS, DE FORMA MANUAL, SEM REAPROVEITAMENTO. AF_09/2023 | G83: m² | H83: =SUM(Q83:Q84) -> 287.82 | I83: =VLOOKUP(D83,'Orçamento Analitico'!D:L,9,FALSE()) -> 12.97 | J83: =ROUNDDOWN(I83*(1+$G$6),2) -> 16.27 | K83: =ROUNDDOWN(H83*I83,2) -> 3733.02 | L83: =ROUNDDOWN(H83*J83,2) -> 4682.83 | M83: =K83/$L$1062 -> #N/A | P83: = | Q83: =ROUND(SUMPRODUCT($H$243:$H$251,$V$243:$V$251),2) -> 272.7 | R83: <== VER ITEM DE FORNEC. PORTA MADEIRA (PRÉDIO)
A84: =B84 -> 3.4 | B84: =B83 -> 3.4 | M84: =K84/$L$1062 -> #N/A | P84: = | Q84: =SUMPRODUCT($N$38:$N$39,$V$38:$V$39) -> 15.12 | R84: <== VER ITEM DE FORNEC. PORTA MADEIRA (CANTEIRO)
A85: =B85 -> 3.4 | B85: =B84 -> 3.4 | C85: 3.4.9 | D85: 97645 | E85: SINAPI | F85: REMOÇÃO DE JANELAS, DE FORMA MANUAL, SEM REAPROVEITAMENTO. AF_09/2023 | G85: m² | H85: =SUM(Q85:Q86) -> 48.46 | I85: =VLOOKUP(D85,'Orçamento Analitico'!D:L,9,FALSE()) -> 33.5 | J85: =ROUNDDOWN(I85*(1+$G$6),2) -> 42.03 | K85: =ROUNDDOWN(H85*I85,2) -> 1623.41 | L85: =ROUNDDOWN(H85*J85,2) -> 2036.77 | M85: =K85/$L$1062 -> #N/A | P85: = | Q85: =SUM($T$42:$T$43) -> 6.16 | R85: <== VER ITEM DE FORNEC. JANELAS (CANTEIRO)
A86: =B86 -> 3.4 | B86: =B85 -> 3.4 | M86: =K86/$L$1062 -> #N/A | P86: = | Q86: =SUM($O$270,$Q$270) -> 42.3 | R86: <== VER ITEM DE FORNEC. JANELAS (PREDIO)
A87: =B87 -> 3.4 | B87: =B86 -> 3.4 | C87: 3.4.10 | D87: 102191 | E87: SINAPI | F87: REMOÇÃO DE VIDRO LISO COMUM DE ESQUADRIA COM BAGUETE DE ALUMÍNIO OU PVC. AF_01/2021 | G87: m² | H87: =Q87 -> 6.16 | I87: =VLOOKUP(D87,'Orçamento Analitico'!D:L,9,FALSE()) -> 29.96 | J87: =ROUNDDOWN(I87*(1+$G$6),2) -> 37.59 | K87: =ROUNDDOWN(H87*I87,2) -> 184.55 | L87: =ROUNDDOWN(H87*J87,2) -> 231.55 | M87: =K87/$L$1062 -> #N/A | P87: = | Q87: =Q85 -> 6.16
A88: =B88 -> 3.4 | B88: =B87 -> 3.4 | C88: 3.4.11 | D88: 102192 | E88: SINAPI | F88: REMOÇÃO DE VIDRO TEMPERADO FIXADO EM PERFIL U. AF_01/2021 | G88: m² | H88: =Q88 -> 42.3 | I88: =VLOOKUP(D88,'Orçamento Analitico'!D:L,9,FALSE()) -> 21.39 | J88: =ROUNDDOWN(I88*(1+$G$6),2) -> 26.84 | K88: =ROUNDDOWN(H88*I88,2) -> 904.79 | L88: =ROUNDDOWN(H88*J88,2) -> 1135.33 | M88: =K88/$L$1062 -> #N/A | P88: = | Q88: =Q86 -> 42.3 | R88: <== JANELAS - JA-01;JA-02
A89: =B89 -> 3.4 | B89: =B88 -> 3.4 | C89: 3.4.12 | D89: 97647 | E89: SINAPI | F89: REMOÇÃO DE TELHAS DE FIBROCIMENTO METÁLICA E CERÂMICA, DE FORMA MANUAL, SEM REAPROVEITAMENTO. AF_09/2023 | G89: m² | H89: =R89 -> 400 | I89: =VLOOKUP(D89,'Orçamento Analitico'!D:L,9,FALSE()) -> 4.87 | J89: =ROUNDDOWN(I89*(1+$G$6),2) -> 6.11 | K89: =ROUNDDOWN(H89*I89,2) -> 1948 | L89: =ROUNDDOWN(H89*J89,2) -> 2444 | M89: =K89/$L$1062 -> #N/A | N89: 40 | O89: X | P89: 10 | Q89: = | R89: =ROUNDDOWN(N89*P89,2) -> 400 | S89: <== TELHADO DO CANTEIRO EXIST.
A90: =B90 -> 3.4 | B90: =B89 -> 3.4 | C90: 3.4.13 | D90: 97650 | E90: SINAPI | F90: REMOÇÃO DE TRAMA DE MADEIRA PARA COBERTURA, DE FORMA MANUAL, SEM REAPROVEITAMENTO. AF_09/2023 | G90: m² | H90: =R90 -> 400 | I90: =VLOOKUP(D90,'Orçamento Analitico'!D:L,9,FALSE()) -> 10.5 | J90: =ROUNDDOWN(I90*(1+$G$6),2) -> 13.17 | K90: =ROUNDDOWN(H90*I90,2) -> 4200 | L90: =ROUNDDOWN(H90*J90,2) -> 5268 | M90: =K90/$L$1062 -> #N/A | Q90: = | R90: =R89 -> 400 | S90: <== TELHADO DO CANTEIRO EXIST.
A91: =B91 -> 3.4 | B91: =B90 -> 3.4 | C91: 3.4.14 | D91: 97660 | E91: SINAPI | F91: REMOÇÃO DE INTERRUPTORES/TOMADAS ELÉTRICAS, DE FORMA MANUAL, SEM REAPROVEITAMENTO. AF_09/2023 | G91: UN | H91: =R91 -> 130 | I91: =VLOOKUP(D91,'Orçamento Analitico'!D:L,9,FALSE()) -> 0.89 | J91: =ROUNDDOWN(I91*(1+$G$6),2) -> 1.11 | K91: =ROUNDDOWN(H91*I91,2) -> 115.7 | L91: =ROUNDDOWN(H91*J91,2) -> 144.3 | M91: =K91/$L$1062 -> #N/A | Q91: = | R91: 130 | S91: <== NO 4º E 5º PAV.
A92: =B92 -> 3.4 | B92: =B91 -> 3.4 | C92: 3.4.15 | D92: 97661 | E92: SINAPI | F92: REMOÇÃO DE CABOS ELÉTRICOS, COM SEÇÃO DE 10 MM², FORMA MANUAL, SEM REAPROVEITAMENTO. AF_09/2023 | G92: M | H92: =R92 -> 8000 | I92: =VLOOKUP(D92,'Orçamento Analitico'!D:L,9,FALSE()) -> 0.96 | J92: =ROUNDDOWN(I92*(1+$G$6),2) -> 1.2 | K92: =ROUNDDOWN(H92*I92,2) -> 7680 | L92: =ROUNDDOWN(H92*J92,2) -> 9600 | M92: =K92/$L$1062 -> #N/A | Q92: = | R92: 8000 | S92: <== NO 5º PAV.
A93: =B93 -> 3.4 | B93: =B92 -> 3.4 | C93: 3.4.16 | D93: 97663 | E93: SINAPI | F93: REMOÇÃO DE LOUÇAS, DE FORMA MANUAL, SEM REAPROVEITAMENTO. AF_09/2023 | G93: UN | H93: =R93 -> 4 | I93: =VLOOKUP(D93,'Orçamento Analitico'!D:L,9,FALSE()) -> 17.07 | J93: =ROUNDDOWN(I93*(1+$G$6),2) -> 21.42 | K93: =ROUNDDOWN(H93*I93,2) -> 68.28 | L93: =ROUNDDOWN(H93*J93,2) -> 85.68 | M93: =K93/$L$1062 -> #N/A | Q93: = | R93: 4 | U93: < ==Canteiro Exist.
A94: =B94 -> 3.4 | B94: =B93 -> 3.4 | C94: 3.4.17 | D94: 97664 | E94: SINAPI | F94: REMOÇÃO DE ACESSÓRIOS, DE FORMA MANUAL, SEM REAPROVEITAMENTO. AF_09/2023 | G94: UN | H94: =R94 -> 10 | I94: =VLOOKUP(D94,'Orçamento Analitico'!D:L,9,FALSE()) -> 2.13 | J94: =ROUNDDOWN(I94*(1+$G$6),2) -> 2.67 | K94: =ROUNDDOWN(H94*I94,2) -> 21.3 | L94: =ROUNDDOWN(H94*J94,2) -> 26.7 | M94: =K94/$L$1062 -> #N/A | Q94: = | R94: 10 | U94: < ==Canteiro Exist.
A95: =B95 -> 3.4 | B95: =B94 -> 3.4 | C95: 3.4.18 | D95: 97665 | E95: SINAPI | F95: REMOÇÃO DE LUMINÁRIAS, DE FORMA MANUAL, SEM REAPROVEITAMENTO. AF_09/2023 | G95: UN | H95: =R95 -> 413 | I95: =VLOOKUP(D95,'Orçamento Analitico'!D:L,9,FALSE()) -> 2.44 | J95: =ROUNDDOWN(I95*(1+$G$6),2) -> 3.06 | K95: =ROUNDDOWN(H95*I95,2) -> 1007.72 | L95: =ROUNDDOWN(H95*J95,2) -> 1263.78 | M95: =K95/$L$1062 -> #N/A | Q95: = | R95: =SUM(R583,R585:R588) -> 413 | S95: <== VER ITEM DE FORNECIMENTO_5º PAV.
A96: =B96 -> 3.4 | B96: =B95 -> 3.4 | C96: 3.4.19 | D96: 97666 | E96: SINAPI | F96: REMOÇÃO DE METAIS SANITÁRIOS, DE FORMA MANUAL, SEM REAPROVEITAMENTO. AF_09/2023 | G96: UN | H96: =SUM(N96:T96) -> 15 | I96: =VLOOKUP(D96,'Orçamento Analitico'!D:L,9,FALSE()) -> 12.45 | J96: =ROUNDDOWN(I96*(1+$G$6),2) -> 15.62 | K96: =ROUNDDOWN(H96*I96,2) -> 186.75 | L96: =ROUNDDOWN(H96*J96,2) -> 234.3 | M96: =K96/$L$1062 -> #N/A | Q96: = | R96: 15 | U96: < ==Canteiro Exist.
A97: =B97 -> 3.4 | B97: =B96 -> 3.4 | C97: 3.4.20 | D97: UFF00494 (ADAPT_CPOS: 04.30.080) | E97: Próprio | F97: REMOÇÃO DE HIDRANTE DE PASSEIO | G97: UN | H97: =SUM(N97:T97) -> 3 | I97: =VLOOKUP(D97,'Orçamento Analitico'!D:L,9,FALSE()) -> 106.65 | J97: =ROUNDDOWN(I97*(1+$G$6),2) -> 133.83 | K97: =ROUNDDOWN(H97*I97,2) -> 319.95 | L97: =ROUNDDOWN(H97*J97,2) -> 401.49 | M97: =K97/$L$1062 -> #N/A | N97: 1 | O97: <= HIDRANTE | P97: 2 | Q97: <= SPRINKLER
A98: =B98 -> 3.4 | B98: =B97 -> 3.4 | C98: 3.4.21 | D98: UFF00495 (ADAPT_ORSE: 11101) | E98: Próprio | F98: RETIRADA DE CAIXA DE HIDRANTE DE PAREDE. | G98: un | H98: =SUM(N98:T98) -> 24 | I98: =VLOOKUP(D98,'Orçamento Analitico'!D:L,9,FALSE()) -> 66.11 | J98: =ROUNDDOWN(I98*(1+$G$6),2) -> 82.96 | K98: =ROUNDDOWN(H98*I98,2) -> 1586.64 | L98: =ROUNDDOWN(H98*J98,2) -> 1991.04 | M98: =K98/$L$1062 -> #N/A | N98: =N714 -> 24
B99: =C99 -> 3.5 | C99: 3.5 | F99: ANDAIMES | K99: =SUMIF(A:A,B99,K:K) -> 70188.18 | L99: =SUMIF(A:A,C99,L:L) -> 88052.1 | M99: =K99/$L$1062 -> #N/A
A100: =B100 -> 3.5 | B100: =B99 -> 3.5 | C100: 3.5.1 | D100: 05.006.0001-1 | E100: EMOP | F100: LOCACAO DE ANDAIME COM ELEMENTOS TUBULARES SOBRE SAPATAS FIX AS,CONSIDERANDO-SE A AREA DA PROJECAO VERTICAL DO ANDAIME E PAGO PELO TEMPO NECESSARIO A SUA UTILIZACAO,EXCLUSIVE TRANSP ORTE DOS ELEMENTOS DO ANDAIME ATE A OBRA,PLATAFORMA OU PASSA RELA DE PINHO,MONTAGEM E DESMONTAGEM DOS ANDAIMES | G100: M2XMES | H100: =T100 -> 1344 | I100: =VLOOKUP(D100,'Orçamento Analitico'!D:L,9,FALSE()) -> 39.66 | J100: =ROUNDDOWN(I100*(1+$G$6),2) -> 49.76 | K100: =ROUNDDOWN(H100*I100,2) -> 53303.04 | L100: =ROUNDDOWN(H100*J100,2) -> 66877.44 | M100: =K100/$L$1062 -> #N/A | N100: 30 | O100: X | P100: =19-7.8 -> 11.2 | Q100: X | R100: 4 | S100: = | T100: =ROUND(N100*P100*R100,2) -> 1344
A101: =B101 -> 3.5 | B101: =B100 -> 3.5 | C101: 3.5.2 | D101: 04.021.0010-A | E101: EMOP | F101: CARGA E DESCARGA MANUAL DE ANDAIME TUBULAR,INCLUSIVE TEMPO D E ESPERA DO CAMINHAO,CONSIDERANDO-SE A AREA DE PROJECAO VERT ICAL | G101: m² | H101: =R101 -> 336 | I101: =VLOOKUP(D101,'Orçamento Analitico'!D:L,9,FALSE()) -> 1.01 | J101: =ROUNDDOWN(I101*(1+$G$6),2) -> 1.26 | K101: =ROUNDDOWN(H101*I101,2) -> 339.36 | L101: =ROUNDDOWN(H101*J101,2) -> 423.36 | M101: =K101/$L$1062 -> #N/A | N101: 30 | O101: X | P101: =19-7.8 -> 11.2 | Q101: = | R101: =ROUND(N101*P101,2) -> 336
...

Sheet Mapa de Cotações
K1: 0.1256 | N1: EMPRESA IMECO - COT 54 A 70 E 165 A 171 - APLICAR 12,56%
B2: MAPA DE COTAÇÕES - JULHO DE 2025
B3: UFF- INSTITUTO DE QUIMICA | F3: AUTOR: | I3: FUNÇÃO:
B4: LOCAL: CAMPUS PRAIA VERMELHA | F4: PROCESSO: 23069.180351/2025-62 | I4: ART/RRT: | L4: INCC DEZ/24 ATÉ JUL/25 = | M4: 1.0439
B5: NOME/APELIDO DA OBRA: | F5: BDI | G5: BDI EQUIP. | H5: SIAPE | I5: DATA | J5: REVISÃO
B6: BASE DE DADOS: SINAPI - 07/2025 - Rio de Janeiro; SBC - 07/2025 - Rio de Janeiro; EMOP - 07/2025 - Rio de Janeiro; SCO - 07/2025 - Rio de Janeiro - DESONERADO | F6: ='Orçamento Analitico'!H6 -> 0.2549 | G6: ='Orçamento Analitico'!I6 -> 0.1612 | I6: ='Orçamento Analitico'!K6 -> 45931 | J6: ='Orçamento Analitico'!L6 -> R21 | O6: 35
A7: Categoria | B7: ITEM | C7: CÓDIGO | D7: DESCRIÇÃO | E7: EMPRESA 1 | F7: EMPRESA 2 | G7: EMPRESA 3 | H7: EMPRESA 4 | I7: EMPRESA 5 | J7: VALOR (Menor) | K7: PREÇO ATUALIZADO INCC | L7: PREÇO CPUs | M7: CONF. | N7: atualização ORÇAFASCIO | O7: 172
A8: =VLOOKUP(D8,'[2]2024 - Curva ABC de Insumos'!$E$6:$R$172,14,FALSE()) -> #N/A | B8: 10.1.19 | C8: UFF_COTAÇÃO 01 | D8: =VLOOKUP(C8,'[2]2024 - Curva ABC de Insumos'!B6:E172,4,FALSE()) -> #N/A | E8: MADEIRAMADEIRA | F8: TAQI | G8: WEB CONTINENTAL | J8: =SMALL(E9:I9,1) -> 609.83 | L8: =VLOOKUP(B8,[3]CPUs!D:L,9,FALSE()) -> #N/A | M8: =IF(J8=L8,"OK","DIF") -> #N/A | N8: Feito | O8: 224 a 274
D9: Cotação | E9: =ROUNDDOWN(3999.98/(2.2*2.4),2) -> 757.57 | F9: 609.83 | G9: 1268.17 | K9: =IF(A9="c",$M$4*J9,"")
D10: Link | E10: https://www.madeiramadeira.com.br/portao-de-aco-contrapeso-com-painel-em-chapa-frisada-220x240x8-7-868297.html | F10: https://www.taqi.com.br/portao-contrapeso-mecal-esquerdo-p402-1/185635 | G10: https://www.webcontinental.com.br/portao-de-aco-galvanizado-contrapeso-com-painel-chapa-frisada-220cmx240cmx8-7cm-cinza-000628298008/p | K10: =IF(A10="c",$M$4*J10,"")
K11: =IF(A11="c",$M$4*J11,"")
A12: =VLOOKUP(D12,'[2]2024 - Curva ABC de Insumos'!$E$6:$R$172,14,FALSE()) -> C | B12: 11.1.9 | C12: UFF_COTAÇÃO 02 | D12: CURVA 90 GRAUS EM ACO CARBONO, RAIO LONGO, SOLDAVEL, DN 4" | E12: IDEAL RV | F12: ACEPIL | G12: BRASIL VAPOR | J12: =SMALL(E13:I13,1) -> 63.87 | L12: =VLOOKUP(B12,[3]CPUs!D:L,9,FALSE()) -> #N/A | M12: =IF(J12=L12,"OK","DIF") -> #N/A | N12: ok
D13: Cotação | E13: 90.75 | F13: 63.87 | G13: 127.06 | K13: =IF(A13="c",$M$4*J13,"")
D14: Link | E14: https://lojaidealrv.com.br/curva-90o-rl-4-sch40-a-234-s-c | F14: https://loja.acepilinox.com.br/acc-90rl-curva-cotovelo-90-graus-aco-carbono-a234-wpb-asme-b16-9-sch-40/?sku=2329681.134092.0.242333 | G14: https://www.lojabrasilvapor.com.br/curva-aco-carbono-90-1-sch40-soldavel?utm_source=google&utm_medium=Shopping&utm_campaign=curva-aco-carbono-90-1-sch40-soldavel&inStock#derivacao=85/77 | K14: =IF(A14="c",$M$4*J14,"")
K15: =IF(A15="c",$M$4*J15,"")
A16: =VLOOKUP(D16,'[2]2024 - Curva ABC de Insumos'!$E$6:$R$172,14,FALSE()) -> A | B16: 11.1.21 | C16: UFF_COTAÇÃO 03 | D16: FILTRO DO TIPO VORTEX DA WISY WFF 300 OU SIMILAR, EM INOX E CARCAÇA DE POLIPROPILENO, DOTADOS DE PROLONGADORES E INSERÇÃO CEGA PARA INTERRUPÇÃO DE FILTRAGEM, COM CAPACIDADE DE FILTRAGEM DE 3.000 M² DE TELHADO | E16: ECOSOLI | F16: AQUASTOCK | J16: =SMALL(E17:I17,1) -> 46620 | L16: =VLOOKUP(B16,[3]CPUs!D:L,9,FALSE()) -> #N/A | M16: =IF(J16=L16,"OK","DIF") -> #N/A | N16: ok
D17: Cotação | E17: 64000 | F17: 46620 | K17: =IF(A17="c",$M$4*J17,"")
D18: Link | E18: ver proposta anexo | F18: ver proposta anexo | K18: =IF(A18="c",$M$4*J18,"")
D19: Justificativa pela ausência de três orçamentos: | E19: Foram feitas várias buscas em sites e pedidos de envio de orçamentos para diversas empresas do ramo específico, porém só obtivemos retorno, em tempo hábil, com as empresas mencionadas acima, dificultando assim o fechamento com três orçamentos, conforme é orientado.Comprometo-me que o valor considerado está de acordo com o preço de mercado. | K19: =IF(A19="c",$M$4*J19,"")
K20: =IF(A20="c",$M$4*J20,"")
A21: =VLOOKUP(D21,'[2]2024 - Curva ABC de Insumos'!$E$6:$R$172,14,FALSE()) -> C | B21: 11.1.21 | C21: UFF_COTAÇÃO 04 | D21: FILTRO FLUTUANTE DE Ø 1" , DA WISY OU SIMILAR, DO TIPO FILTRAGEM GROSSA, PARTÍCULAS MAIORES DE 1,2 MM, EM AÇO INOX, MONTADO COM VÁLVULA DE RETENÇÃO, FLUTUADOR ESFÉRICO DE POLIETILENO (Ø 150 MM) E MANGUEIRA FLEXÍVEL | E21: ECOSOLI | F21: AQUASTOCK | J21: =SMALL(E22:I22,1) -> 844 | L21: =VLOOKUP(B21,[3]CPUs!D:L,9,FALSE()) -> #N/A | M21: =IF(J21=L21,"OK","DIF") -> #N/A | N21: ok | O21: ATUALIZADA
D22: Cotação | E22: 1299 | F22: 844 | K22: =IF(A22="c",$M$4*J22,"")
D23: Link | E23: ver proposta anexo | F23: ver proposta anexo | K23: =IF(A23="c",$M$4*J23,"")
D24: Justificativa pela ausência de três orçamentos: | E24: Foram feitas várias buscas em sites e pedidos de envio de orçamentos para diversas empresas do ramo específico, porém só obtivemos retorno, em tempo hábil, com as empresas mencionadas acima, dificultando assim o fechamento com três orçamentos, conforme é orientado.Comprometo-me que o valor considerado está de acordo com o preço de mercado. | K24: =IF(A24="c",$M$4*J24,"")
K25: =IF(A25="c",$M$4*J25,"")
A26: =VLOOKUP(D26,'[2]2024 - Curva ABC de Insumos'!$E$6:$R$172,14,FALSE()) -> C | B26: 11.1.21 | C26: UFF_COTAÇÃO 05 | D26: KIT DE INTERLIGAÇÃO DA WISY OU SIMILAR, COM CAPACIDADE DE 30 L/MIN DE VAZÃO, COMPOSTO DE TORNEIRA, MANGUEIRA, ACIONADOR DE DESCARGA (VÁLVULA SOLENÓIDE ALIMENTADA ELETRICAMENTE), CONECTOR, BÓIA DE NÍVEL E BOCAL SEPARADOR | E26: ECOSOLI | F26: AQUASTOCK | J26: =SMALL(E27:I27,1) -> 4199 | L26: =VLOOKUP(B26,[3]CPUs!D:L,9,FALSE()) -> #N/A | M26: =IF(J26=L26,"OK","DIF") -> #N/A | N26: ok | O26: ATUALIZADA
D27: Cotação | E27: 4199 | F27: 4573 | K27: =IF(A27="c",$M$4*J27,"")
D28: Link | E28: ver proposta anexo | F28: ver proposta anexo | K28: =IF(A28="c",$M$4*J28,"")
D29: Justificativa pela ausência de três orçamentos: | E29: Foram feitas várias buscas em sites e pedidos de envio de orçamentos para diversas empresas do ramo específico, porém só obtivemos retorno, em tempo hábil, com as empresas mencionadas acima, dificultando assim o fechamento com três orçamentos, conforme é orientado.Comprometo-me que o valor considerado está de acordo com o preço de mercado. | K29: =IF(A29="c",$M$4*J29,"")
K30: =IF(A30="c",$M$4*J30,"")
A31: =VLOOKUP(D31,'[2]2024 - Curva ABC de Insumos'!$E$6:$R$172,14,FALSE()) -> C | B31: 11.1.28 | C31: UFF_COTAÇÃO 06 | D31: VOLANTE DE LATÃO PARA REGISTRO GAVETA BRUTO 1 1/2". | E31: CASA HYDRO | F31: HIDRO SHOP | G31: CASAS BAHIA | J31: =SMALL(E32:I32,1) -> 59.9 | L31: =VLOOKUP(B31,[3]CPUs!D:L,9,FALSE()) -> #N/A | M31: =IF(J31=L31,"OK","DIF") -> #N/A | N31: ok
D32: Cotação | E32: 59.9 | F32: 60.19 | G32: 62.53 | K32: =IF(A32="c",$M$4*J32,"")
D33: Link | E33: https://www.casahydro.com.br/deca/pecas-e-reparos-deca/pecas-e-reparos-registro-deca/volante-de-registro-gaveta-bruto-deca-1502b-1-12-4464084 | F33: https://www.hidroshop.com.br/valvulas-em-geral/pecas-e-reparos/volante-de-registro-gaveta-bruto-deca-1502b-1-12 | G33: - | K33: =IF(A33="c",$M$4*J33,"")
K34: =IF(A34="c",$M$4*J34,"")
A35: =VLOOKUP(D35,'[2]2024 - Curva ABC de Insumos'!$E$6:$R$172,14,FALSE()) -> C | B35: 11.1.29 | C35: UFF_COTAÇÃO 07 | D35: VOLANTE DE LATÃO PARA REGISTRO GAVETA BRUTO 2". | E35: CASA HYDRO | F35: LEROY MERLIN | G35: HIDROSHOP | J35: =SMALL(E36:I36,1) -> 77.7 | L35: =VLOOKUP(B35,[3]CPUs!D:L,9,FALSE()) -> #N/A | M35: =IF(J35=L35,"OK","DIF") -> #N/A | N35: ok
D36: Cotação | E36: 77.7 | F36: 83.5 | G36: 83.5
D37: Link | E37: https://www.casahydro.com.br/deca/banheiro/acabamentos-e-registro-deca/volante-de-registro-gaveta-bruto-deca-1502b-2-4464104?parceiro=1&gad_source=1&gclid=Cj0KCQjwyL24BhCtARIsALo0fSAJ_2qG-IYuIigBSo2KqXSXloPO-2c6ktpIRjGNoOaqlEFJS_7qvNkaAjPNEALw_wcB | F37: https://www.leroymerlin.com.br/volante-de-registro-gaveta-bruto-deca-1502b-2--4464104_1571439110?region=outros&gad_source=1&gclid=Cj0KCQjwyL24BhCtARIsALo0fSA07lAUcH2SnUA827pfc1ykmWJ3HjripH9z6XBXTepzdo5m15Pzg-kaArYjEALw_wcB | G37: https://www.hidroshop.com.br/metais-sanitarios/bases-e-registros/registro-de-gaveta/volante-de-registro-gaveta-bruto-deca-1502b-2?parceiro=5882&gad_source=1&gad_campaignid=22350096876&gbraid=0AAAAA9XnEVBl3CK2s4MniQ1f6trwv9nZd&gclid=Cj0KCQjw267GBhCSARIsAOjVJ4GEZ9b1whpwwoBc-LGALEUL7x8cJEdEX-dd7Zbx-h4JkjxR3o2dlksaAjJ-EALw_wcB
A39: =VLOOKUP(D39,'[2]2024 - Curva ABC de Insumos'!$E$6:$R$172,14,FALSE()) -> C | B39: 11.1.30 | C39: UFF_COTAÇÃO 08 | D39: VOLANTE DE LATÃO PARA REGISTRO GAVETA BRUTO 2. 1/2". | E39: HIDRO SHOP | F39: MADEIRA MADEIRA | G39: AMERICANAS | J39: =SMALL(E40:I40,1) -> 59.22 | L39: =VLOOKUP(B39,[3]CPUs!D:L,9,FALSE()) -> #N/A | M39: =IF(J39=L39,"OK","DIF") -> #N/A | N39: ok
D40: Cotação | E40: 59.22 | F40: 60.22 | G40: 61.24
D41: Link | E41: https://www.hidroshop.com.br/metais-sanitarios/bases-e-registros/registro-de-gaveta/volante-de-registro-gaveta-bruto-deca-1502b-2-12 | F41: https://www.casahydro.com.br/deca/banheiro/acabamentos-e-registro-deca/volante-de-registro-gaveta-bruto-deca-1502b-2-12-4464124?parceiro=1&gad_source=1&gad_campaignid=19143189075&gbraid=0AAAAACwtwpd-rZOCyTxPm2fj_j5cRcLOq&gclid=Cj0KCQjw267GBhCSARIsAOjVJ4FU8oCkaynRrNNSZjfGS3QqqEaN2OICTLC2LsTd7ndMkF-r0jqJB_EaAmFJEALw_wcB | G41: https://www.mercadolivre.com.br/volante-p-registro-gaveta-bruto-deca-1501-1502-212-polega-cor-amarelo/p/MLB32607593?pdp_filters=item_id%3AMLB3856012103&from=gshop&matt_tool=29457868&matt_internal_campaign_id=&matt_word=&matt_source=google&matt_campaign_id=22090354295&matt_ad_group_id=173090578996&matt_match_type=&matt_network=g&matt_device=c&matt_creative=727882730820&matt_keyword=&matt_ad_position=&matt_ad_type=pla&matt_merchant_id=735098639&matt_product_id=MLB32607593-product&matt_product_partition_id=2391454777588&matt_target_id=pla-2391454777588&cq_src=google_ads&cq_cmp=22090354295&cq_net=g&cq_plt=gp&cq_med=pla&gad_source=1&gad_campaignid=22090354295&gbraid=0AAAAAD93qcATy0G3dQhHsZ8CUZLsQ-RjD&gclid=Cj0KCQjw267GBhCSARIsAOjVJ4GUdfvHNbR0h06EGr-RYm1_4B1tEcl1kMN93-AsnhbNMNzFpdmKrtUaAtZtEALw_wcB
A43: =VLOOKUP(D43,'[2]2024 - Curva ABC de Insumos'!$E$6:$R$172,14,FALSE()) -> C | B43: 11.2.4 | C43: UFF_COTAÇÃO 09 | D43: CURVA 90° POLIPROPILENO SOLDA PRETO 110 MM | E43: PLASTOLÂNDIA | F43: REPLASS* | J43: =SMALL(E44:I44,1) -> 162.75 | L43: =VLOOKUP(B43,[3]CPUs!D:L,9,FALSE()) -> #N/A | M43: =IF(J43=L43,"OK","DIF") -> #N/A | N43: ok
D44: Cotação | E44: 162.75 | F44: =211.91*1.0439 -> 221.21285
D45: Link | E45: https://www.plastolandia.com.br/curva-90-polipropileno-solda-preto-110-mm | F45: ver proposta anexo
D46: Justificativa pela ausência de três orçamentos: | E46: Foram feitas várias buscas em sites e pedidos de envio de orçamentos para diversas empresas do ramo específico, porém só obtivemos preço com a empresa mencionada acima, dificultando assim o fechamento com três orçamentos, conforme é orientado.Comprometo-me que o valor considerado está de acordo com o preço de mercado.
A48: =VLOOKUP(D48,'[2]2024 - Curva ABC de Insumos'!$E$6:$R$172,14,FALSE()) -> C | B48: 11.2.5 | C48: UFF_COTAÇÃO 10 | D48: VÁLVULA ESFERA POLIPROPILENO FLANGE VITON 4" | E48: PLASTOLÂNDIA | F48: REPLASS* | J48: =SMALL(E49:I49,1) -> 2654.69 | L48: =VLOOKUP(B48,[3]CPUs!D:L,9,FALSE()) -> #N/A | M48: =IF(J48=L48,"OK","DIF") -> #N/A | N48: ok
D49: Cotação | E49: 2654.69 | F49: =1.0439*2610 -> 2724.579
D50: Link | E50: https://www.plastolandia.com.br/valvula-esfera-polipropileno-flange-viton-4 | F50: ver proposta anexo
D51: Justificativa pela ausência de três orçamentos: | E51: Foram feitas várias buscas em sites e pedidos de envio de orçamentos para diversas empresas do ramo específico, porém só obtivemos preço com a empresa mencionada acima, dificultando assim o fechamento com três orçamentos, conforme é orientado.Comprometo-me que o valor considerado está de acordo com o preço de mercado.
A53: =VLOOKUP(D53,'[2]2024 - Curva ABC de Insumos'!$E$6:$R$172,14,FALSE()) -> C | B53: 12.1.1.10 | C53: UFF_COTAÇÃO 11 | D53: CURVA VERTICAL EXTERNA 90º PARA LEITO 500x100mm | E53: PERFIL LIDER* | F53: BH CALHAS* | G53: REAL PERFIL* | J53: =SMALL(E54:I54,1) -> 86.935992 | L53: =VLOOKUP(B53,[3]CPUs!D:L,9,FALSE()) -> #N/A | M53: =IF(J53=L53,"OK","DIF") -> #N/A | N53: ok
D54: Cotação | E54: =83.28*1.0439 -> 86.935992 | F54: =120*1.0439 -> 125.268 | G54: =95.53*1.0439 -> 99.723767
D55: Link | E55: ver proposta anexo | F55: ver proposta anexo | G55: ver proposta anexo
A57: =VLOOKUP(D57,'[2]2024 - Curva ABC de Insumos'!$E$6:$R$172,14,FALSE()) -> C | B57: 12.1.1.12 | C57: UFF_COTAÇÃO 12 | D57: TE REDUÇÃO PARA LEITO 500 P/300x100mm | E57: PERFIL LIDER* | F57: BH CALHAS* | G57: REAL PERFIL* | J57: =SMALL(E58:I58,1) -> 197.06744 | L57: =VLOOKUP(B57,[3]CPUs!D:L,9,FALSE()) -> #N/A | M57: =IF(J57=L57,"OK","DIF") -> #N/A | N57: ok
D58: Cotação | E58: =188.78*1.0439 -> 197.06744 | F58: =195*1.0439 -> 203.5605 | G58: =191.75*1.0439 -> 200.16782 | K58: =IF(A58="c",$M$4*J58,"")
D59: Link | E59: ver proposta anexo | F59: ver proposta anexo | G59: ver proposta anexo | K59: =IF(A59="c",$M$4*J59,"")
K60: =IF(A60="c",$M$4*J60,"")
A61: =VLOOKUP(D61,'[2]2024 - Curva ABC de Insumos'!$E$6:$R$172,14,FALSE()) -> C | B61: 12.1.1.13 | C61: UFF_COTAÇÃO 13 | D61: Junção Simples Galvanizado A Fogo P/Leito 100MM | E61: PLENOBRAS* | F61: REYMASTER* | G61: SCHARF* | J61: =SMALL(E62:I62,1) -> 5.981547 | L61: =VLOOKUP(B61,[3]CPUs!D:L,9,FALSE()) -> #N/A | M61: =IF(J61=L61,"OK","DIF") -> #N/A | N61: ok
D62: Cotação | E62: =6.66*1.0439 -> 6.952374 | F62: =5.73*1.0439 -> 5.981547 | G62: =8.1*1.0439 -> 8.45559 | K62: =IF(A62="c",$M$4*J62,"")
D63: Link | E63: https://www.plenobras.com.br/6503c7a1df6973c3d9cb3007/juncao-simples-galvanizado-a-fogo-pleito-100mm?srsltid=AfmBOoptYR5RmYkSPWo2fQlyilrLnAKdQh4YEpsZmIqSFGNcm6dEEqGw | F63: https://www.reymaster.com.br/product/juncao-simples-pleito-galv-fg-aba-100mm-18/01t1U000003YMezQAG?utm_source=&utm_medium=&utm_campaign=&utm_content=&gad_source=1&gclid=Cj0KCQjwm5e5BhCWARIsANwm06iM5OAZ3NVjAAilnIRk6K3pU0mrfizdQnn0qZtfjprilOisbvDuyYMaAoFSEALw_wcB | G63: https://scharftecnologia.com.br/produto/juncao-simples-p-leito-c-aba-100-mm/ | K63: =IF(A63="c",$M$4*J63,"")
K64: =IF(A64="c",$M$4*J64,"")
A65: =VLOOKUP(D65,'[2]2024 - Curva ABC de Insumos'!$E$6:$R$172,14,FALSE()) -> C | B65: 12.1.1.14 | C65: UFF_COTAÇÃO 14 | D65: FLANGE PARA LEITO P/PAINEL 500x100mm | E65: PERFIL LIDER* | F65: BH CALHAS* | G65: REAL PERFIL* | J65: =SMALL(E66:I66,1) -> 17.22435 | L65: =VLOOKUP(B65,[3]CPUs!D:L,9,FALSE()) -> #N/A | M65: =IF(J65=L65,"OK","DIF") -> #N/A | N65: ok
D66: Cotação | E66: =16.5*1.0439 -> 17.22435 | F66: =47*1.0439 -> 49.0633 | G66: =1.0439*50 -> 52.195 | K66: =IF(A66="c",$M$4*J66,"")
D67: Link | E67: ver proposta anexo | F67: ver proposta anexo | G67: ver proposta anexo | K67: =IF(A67="c",$M$4*J67,"")
K68: =IF(A68="c",$M$4*J68,"")
A69: =VLOOKUP(D69,'[2]2024 - Curva ABC de Insumos'!$E$6:$R$172,14,FALSE()) -> C | B69: 12.1.1.15 | C69: UFF_COTAÇÃO 15 | D69: FLANGE PARA LEITO P/PAINEL 400x100mm | E69: PERFIL LIDER* | F69: BH CALHAS* | G69: REAL PERFIL* | J69: =SMALL(E70:I70,1) -> 15.261818 | L69: =VLOOKUP(B69,[3]CPUs!D:L,9,FALSE()) -> #N/A | M69: =IF(J69=L69,"OK","DIF") -> #N/A | N69: ok
D70: Cotação | E70: =1.0439*14.62 -> 15.261818 | F70: =1.0439*42 -> 43.8438 | G70: =1.0439*42.13 -> 43.979507
D71: Link | E71: ver proposta anexo | F71: ver proposta anexo | G71: ver proposta anexo
A73: =VLOOKUP(D73,'[2]2024 - Curva ABC de Insumos'!$E$6:$R$172,14,FALSE()) -> C | B73: 12.1.1.16 | C73: UFF_COTAÇÃO 16 | D73: FLANGE PARA LEITO P/PAINEL 300x100mm | E73: PERFIL LIDER* | F73: BH CALHAS* | G73: REAL PERFIL* | J73: =SMALL(E74:I74,1) -> 12.380654 | L73: =VLOOKUP(B73,[3]CPUs!D:L,9,FALSE()) -> #N/A | M73: =IF(J73=L73,"OK","DIF") -> #N/A | N73: ok
D74: Cotação | E74: =11.86*1.0439 -> 12.380654 | F74: =39*1.0439 -> 40.7121 | G74: =34.27*1.0439 -> 35.774453
D75: Link | E75: ver proposta anexo | F75: ver proposta anexo | G75: ver proposta anexo
A77: =VLOOKUP(D77,'[2]2024 - Curva ABC de Insumos'!$E$6:$R$172,14,FALSE()) -> C | B77: 12.1.1.17 | C77: UFF_COTAÇÃO 17 | D77: CURVA REVERSÃO PARA LEITO 500x100mm | E77: PERFIL LIDER* | F77: BH CALHAS* | G77: REAL PERFIL* | J77: =SMALL(E78:I78,1) -> 86.935992 | L77: =VLOOKUP(B77,[3]CPUs!D:L,9,FALSE()) -> #N/A | M77: =IF(J77=L77,"OK","DIF") -> #N/A | N77: ok
D78: Cotação | E78: =1.0439*83.28 -> 86.935992 | F78: =1.0439*180 -> 187.902 | G78: =1.0439*95.52 -> 99.713328
D79: Link | E79: ver proposta anexo | F79: ver proposta anexo | G79: ver proposta anexo
A81: =VLOOKUP(D81,'[2]2024 - Curva ABC de Insumos'!$E$6:$R$172,14,FALSE()) -> C | B81: 12.1.1.18 | C81: UFF_COTAÇÃO 18 | D81: CURVA REVERSÃO PARA LEITO 400x100mm | E81: PERFIL LIDER* | F81: BH CALHAS* | G81: REAL PERFIL* | J81: =SMALL(E82:I82,1) -> 80.944006 | L81: =VLOOKUP(B81,[3]CPUs!D:L,9,FALSE()) -> #N/A | M81: =IF(J81=L81,"OK","DIF") -> #N/A | N81: ok
D82: Cotação | E82: =1.0439*77.54 -> 80.944006 | F82: =1.0439*165 -> 172.2435 | G82: =1.0439*88.79 -> 92.687881 | K82: =IF(A82="c",$M$4*J82,"")
D83: Link | E83: ver proposta anexo | F83: ver proposta anexo | G83: ver proposta anexo | K83: =IF(A83="c",$M$4*J83,"")
K84: =IF(A84="c",$M$4*J84,"")
A85: =VLOOKUP(D85,'[2]2024 - Curva ABC de Insumos'!$E$6:$R$172,14,FALSE()) -> C | B85: 12.1.1.19 | C85: UFF_COTAÇÃO 19 | D85: CURVA REVERSÃO PARA LEITO 300x100mm | E85: PERFIL LIDER* | F85: BH CALHAS* | G85: REAL PERFIL* | J85: =SMALL(E86:I86,1) -> 74.95202 | L85: =VLOOKUP(B85,[3]CPUs!D:L,9,FALSE()) -> #N/A | M85: =IF(J85=L85,"OK","DIF") -> #N/A | N85: ok
D86: Cotação | E86: =1.0439*71.8 -> 74.95202 | F86: =1.0439*155 -> 161.8045 | G86: =1.0439*82.08 -> 85.683312 | K86: =IF(A86="c",$M$4*J86,"")
D87: Link | E87: ver proposta anexo | F87: ver proposta anexo | G87: ver proposta anexo | K87: =IF(A87="c",$M$4*J87,"")
K88: =IF(A88="c",$M$4*J88,"")
A89: =VLOOKUP(D89,'[2]2024 - Curva ABC de Insumos'!$E$6:$R$172,14,FALSE()) -> C | B89: 12.1.1.24 | C89: UFF_COTAÇÃO 20 | D89: CURVA VERTICAL INTERNA PARA LEITO 90º 500x100mm | E89: PERFIL LIDER* | F89: BH CALHAS* | G89: REAL PERFIL* | J89: =SMALL(E90:I90,1) -> 86.935992 | L89: =VLOOKUP(B89,[3]CPUs!D:L,9,FALSE()) -> #N/A | M89: =IF(J89=L89,"OK","DIF") -> #N/A | N89: ok
D90: Cotação | E90: =1.0439*83.28 -> 86.935992 | F90: =1.0439*120 -> 125.268 | G90: =1.0439*95.53 -> 99.723767 | K90: =IF(A90="c",$M$4*J90,"")
D91: Link | E91: ver proposta anexo | F91: ver proposta anexo | G91: ver proposta anexo | K91: =IF(A91="c",$M$4*J91,"")
K92: =IF(A92="c",$M$4*J92,"")
C93: UFF_COTAÇÃO 21 A 23 | D93: COTAÇÕES CANCELADAS | K93: =IF(A93="c",$M$4*J93,"")
K94: =IF(A94="c",$M$4*J94,"")
A95: =VLOOKUP(D95,'[2]2024 - Curva ABC de Insumos'!$E$6:$R$172,14,FALSE()) -> C | B95: 12.1.1.35 | C95: UFF_COTAÇÃO 24 | D95: ELETRODUTO FLEXIVEL TIPO SEALTUBE 4" | E95: ELÉTRICA MARMOTA | F95: MERCADO LIVRE 1 | G95: MERCADO LIVRE 2 | J95: =SMALL(E96:I96,1) -> 79 | L95: =VLOOKUP(B95,[3]CPUs!D:L,9,FALSE()) -> #N/A | M95: =IF(J95=L95,"OK","DIF") -> #N/A | N95: ok
D96: Cotação | E96: 95.77 | F96: 79 | G96: 154.1 | K96: =IF(A96="c",$M$4*J96,"")
D97: Link | E97: https://www.marmota.com.br/sealtubo-eletroduto-flexivel-revestido-preto-4-ekoflex-p51469?srsltid=AfmBOoqyGtFgy_lVw_8-BbYvHFUOa_AooInM3H2dNCHo7LF3Del7cswz | F97: https://www.mercadolivre.com.br/conduite-flexivel-seal-tubo-de-4--preco-por-metro/up/MLBU3062031773?pdp_filters=item_id:MLB5315509368 | G97: https://www.mercadolivre.com.br/sealtubo-eletroduto-flexivel-revestido-preto-4-por-metro-/up/MLBU3131343726?pdp_filters=item_id:MLB4034813393 | K97: =IF(A97="c",$M$4*J97,"")
K98: =IF(A98="c",$M$4*J98,"")
A99: =VLOOKUP(D99,'[2]2024 - Curva ABC de Insumos'!$E$6:$R$172,14,FALSE()) -> B | B99: 12.1.1.53 | C99: UFF_COTAÇÃO 25 | D99: PORTA EQUIPAMENTOS PARA CANALETA DE ALUMINIO 90X35MM | E99: DIMENSIONAL | F99: LOJA ELÉTRICA | G99: ANDRA | J99: =SMALL(E100:I100,1) -> 30.59 | K99: =IF(A99="c",$M$4*J99,"") | L99: =VLOOKUP(B99,[3]CPUs!D:L,9,FALSE()) -> #N/A | M99: =IF(J99=L99,"OK","DIF") -> #N/A | N99: ok
D100: Cotação | E100: 30.59 | F100: 34.53 | G100: 34.21 | K100: =IF(A100="c",$M$4*J100,"")
D101: Link | E101: https://www.dimensional.com.br/acessorio-porta-equipamento-3-blocos-branco-canaleta-dt6444410-dutotec/p | F101: https://www.lojaeletrica.com.br/porta-equipamento-3-blocos-branco-dt-64444-10-dutotec.html | G101: https://www.andra.com.br/porta-equipamento-abs-dt-64444-10-para-3-modulos-branco-112777-dutotec/p | K101: =IF(A101="c",$M$4*J101,"")
K102: =IF(A102="c",$M$4*J102,"")
A103: =VLOOKUP(D103,'[2]2024 - Curva ABC de Insumos'!$E$6:$R$172,14,FALSE()) -> A | B103: 12.2.13 | C103: UFF_COTAÇÃO 26 | D103: CALHA CONDUTORA TRIFÁSICA COM NEUTRO 100%+ 50% TERRA, ISOLAMENTO PARA 1000V, CORRENTE NOMINAL 4000A, 120KA (Icc), IP55, PARA USO INTERNO/EXTERNO, TIPO BARRA-COLADA, COM UMA BARRA DE ATERRAMENTO 100%. NAS DIMENSÕES APROXIMADAS DE: (512 X 136 X 3000). | E103: ELETROBARRAS | J103: =SMALL(E104:I104,1) -> 182766.3 | K103: =IF(A103="c",$M$4*J103,"") | L103: =VLOOKUP(B103,[3]CPUs!D:L,9,FALSE()) -> #N/A | M103: =IF(J103=L103,"OK","DIF") -> #N/A | N103: ok
D104: Cotação | E104: 182766.3 | K104: =IF(A104="c",$M$4*J104,"")
D105: Link | E105: ver proposta anexo | K105: =IF(A105="c",$M$4*J105,"")
D106: Justificativa pela ausência de três orçamentos: | E106: Justifica-se a ausência de três orçamentos para os itens especificados (Cotações 26 a 28), devido os equipamentos possuirem condições específicas e alto nível de detalhamento para elaboração de uma cotação, demandando uma certa resistência dos fornecedores para emissão de propostas, elevando a dificuldade para obtenção de maior variedade de preços com outras empresas do ramo, com isso apenas a empresa citada, em cada uma das cotações (14 a 16) nos enviaram suas cotações. Porém, justifico que o preço colhido junto aos fornecedores anexo ao processo está de acordo com os preços médios praticados por outras empresas do ramo específico/contratação, ou seja, comprometo-me que o valor divulgado está de acordo com o preço de mercado. | K106: =IF(A106="c",$M$4*J106,"")
K107: =IF(A107="c",$M$4*J107,"")
A108: =VLOOKUP(D108,'[2]2024 - Curva ABC de Insumos'!$E$6:$R$172,14,FALSE()) -> B | B108: 12.2.13 | C108: UFF_COTAÇÃO 27 | D108: Quadro de distribuição de luz e força, tipo SOBREPOR, para uso abrigado (interno), construído em chapa de aço bitola #16, grau de proteção IP54, provido de placa de montagem na cor laranja, espelho de proteção dos barramentos em policarbonato (anti-fulgor), portas com dobradiças internas e fecho tipo fenda. Pintura de acabamento final na cor cinza claro RAL-7032. Nas dimensões aproximadas de: (1,4 X 0,8 X 0,25). | E108: ELETROBARRAS | J108: =SMALL(E109:I109,1) -> 31016.32 | K108: =IF(A108="c",$M$4*J108,"") | L108: =VLOOKUP(B108,[3]CPUs!D:L,9,FALSE()) -> #N/A | M108: =IF(J108=L108,"OK","DIF") -> #N/A | N108: ok
...

Sheet BDI
A2: PLANILHA DE MEMÓRIA DE CÁLCULO DE BDI - BÔNUS DE DESPESAS INDIRETAS
A3: UFF- INSTITUTO DE QUIMICA | E3: AUTOR: | H3: FUNÇÃO:
A4: LOCAL: CAMPUS PRAIA VERMELHA | E4: PROCESSO: 23069.000000/0000-00 | H4: ART/RRT:
A5: NOME/APELIDO DA OBRA: | E5: BDI | F5: BDI EQUIP. | G5: SIAPE | H5: DATA | I5: REVISÃO
A6: BASE DE DADOS: SINAPI - 12/2024 - Rio de Janeiro; SBC - 12/2024 - Rio de Janeiro; EMOP - 12/2024 - Rio de Janeiro; SCO - 12/2024 - Rio de Janeiro - DESONERADO | E6: =BDI!$D$66 -> 0.2549 | F6: =BDI_DIF.!D67 -> 0.1612 | H6: ='Orçamento Sintético'!H6 -> 45931 | I6: ='Orçamento Sintético'!I6 -> R21
B28: Declaro que, de acordo com a legislação tributária do município de Niterói – RJ, considerando a natureza da obra discriminada, para cálculo do valor de ISS a ser cobrado da empresa construtora, é aplicada a alíquota de 3% sobre o valor total da obra.
B30: Declaro para os devidos fins que o regime de Contribuição Previdenciária sobre a Receita Bruta adotado para elaboração do orçamento foi COM Desoneração, e que esta é a alternativa mais adequada para a Administração Pública.
B32: DETALHAMENTO DO BDI
B34: PROPONENTE: | C34: Universidade Federal Fluminense (UFF)
B35: OBRA: | C35: Instituto de Química (Campus Praia Vermelha)
C37: SERVIÇO
C38: PLANILHA DESONERADA
B39: 1. Regime de Contribuição Previdenciária
C41: Com Desoneração
B43: 2. Tipo de Intervenção
C45: Edificações
B47: 3. Incidências sobre o custo
C49: Administração Central - AC | D49: 3.4 | E49: %
C50: Riscos - R | D50: 1.27 | E50: %
C51: Seguros e Garantias Contratuais - S+G | D51: 0.8 | E51: %
C52: Despesas e Encargos Financeiros - RJ | D52: 0.59 | E52: %
C54: Lucro - L | D54: 6.16 | E54: %
B56: 4 – Incidências sobre o preço de venda
C58: Despesas Tributárias - I | D58: =D59+D60+D61+D62 -> 10.25 | E58: %
C59: ISS | D59: 3 | E59: %
C60: COFINS | D60: 3 | E60: %
C61: PIS | D61: 0.65 | E61: %
C62: INSS | D62: 3.6 | E62: %
B64: 5 – Demonstrativo de cálculo do BDI
C66: BDI= (1+(AC+S+R+G))(1+DF)(1+L)) -1 = | D66: =ROUND((((1+($D$49/100)+($D$51/100)+($D$50/100))*(1+($D$52/100))*(1+($D$54/100)))/(1-$D$58/100)-1),4) -> 0.2549
C67: ( 1- I )

Sheet BDI_DIF.
A2: PLANILHA DE MEMÓRIA DE CÁLCULO DE BDI - BÔNUS DE DESPESAS INDIRETAS
A3: UFF- INSTITUTO DE QUIMICA | E3: AUTOR: | H3: FUNÇÃO:
A4: LOCAL: CAMPUS PRAIA VERMELHA | E4: PROCESSO: 23069.000000/0000-00 | H4: ART/RRT:
A5: NOME/APELIDO DA OBRA: | E5: BDI | F5: BDI EQUIP. | G5: SIAPE | H5: DATA | I5: REVISÃO
A6: BASE DE DADOS: SINAPI - 12/2024 - Rio de Janeiro; SBC - 12/2024 - Rio de Janeiro; EMOP - 12/2024 - Rio de Janeiro; SCO - 12/2024 - Rio de Janeiro - DESONERADO | E6: =BDI_DIF.!$D$67 -> 0.1612 | F6: =D67 -> 0.1612 | H6: ='Orçamento Sintético'!H6 -> 45931 | I6: ='Orçamento Sintético'!I6 -> R21
B29: Declaro para os devidos fins que o regime de Contribuição Previdenciária sobre a Receita Bruta adotado para elaboração do orçamento foi COM Desoneração, e que esta é a alternativa mais adequada para a Administração Pública.
B33: DETALHAMENTO DO BDI
B35: PROPONENTE: | C35: Universidade Federal Fluminense (UFF)
B36: OBRA: | C36: Instituto de Química (Campus Praia Vermelha)
C38: SERVIÇO
C39: PLANILHA DESONERADA
B40: 1. Regime de Contribuição Previdenciária
C42: Com Desoneração
B44: 2. Tipo de Intervenção
C46: Edificações
B48: 3. Incidências sobre o custo
C50: Administração Central - AC | D50: 1.5 | E50: %
C51: Riscos - R | D51: 0.89 | E51: %
C52: Seguros e Garantias Contratuais - S+G | D52: 0.3 | E52: %
C53: Despesas e Encargos Financeiros - RJ | D53: 0.85 | E53: %
C55: Lucro - L | D55: 4 | E55: %
B57: 4 – Incidências sobre o preço de venda
C59: Despesas Tributárias - I | D59: =D60+D61+D62+D63 -> 7.25 | E59: %
C60: ISS | D60: 0 | E60: %
C61: COFINS | D61: 3 | E61: %
C62: PIS | D62: 0.65 | E62: %
C63: INSS | D63: 3.6 | E63: %
B65: 5 – Demonstrativo de cálculo do BDI
C67: BDI= (1+(AC+S+R+G))(1+DF)(1+L)) -1 = | D67: =ROUND((((1+($D$50/100)+($D$52/100)+($D$51/100))*(1+($D$53/100))*(1+($D$55/100)))/(1-$D$59/100)-1),4) -> 0.1612
C68: ( 1- I )

Sheet Enc. Sociais
A2: ENCARGOS SOCIAIS
A3: UFF- INSTITUTO DE QUIMICA | E3: AUTOR: | H3: FUNÇÃO:
A4: LOCAL: CAMPUS PRAIA VERMELHA | E4: PROCESSO: 23069.000000/0000-00 | H4: ART/RRT:
A5: NOME/APELIDO DA OBRA: | E5: BDI | F5: BDI EQUIP. | G5: SIAPE | H5: DATA | I5: REVISÃO
A6: =RESUMO!A16 -> BASE DE DADOS: SINAPI - 07/2025 - Rio de Janeiro; SBC - 07/2025 - Rio de Janeiro; EMOP - 07/2025 - Rio de Janeiro; SCO - 07/2025 - Rio de Janeiro - DESONERADO | E6: =BDI!E6 -> 0.2549 | F6: =BDI_DIF.!F6 -> 0.1612 | H6: ='Orçamento Sintético'!H6 -> 45931 | I6: ='Orçamento Sintético'!I6 -> R21

Sheet Curva ABC de Serviços
A2: CURVA ABC DE SERVIÇOS
A3: UFF- INSTITUTO DE QUIMICA | F3: AUTOR: | I3: FUNÇÃO:
A4: LOCAL: CAMPUS PRAIA VERMELHA | F4: =RESUMO!E14 -> PROCESSO: 23069.180351/2025-62 | I4: ART/RRT:
A5: NOME/APELIDO DA OBRA: | F5: BDI | G5: BDI EQUIP. | H5: SIAPE | I5: DATA | J5: REVISÃO
A6: =RESUMO!A16 -> BASE DE DADOS: SINAPI - 07/2025 - Rio de Janeiro; SBC - 07/2025 - Rio de Janeiro; EMOP - 07/2025 - Rio de Janeiro; SCO - 07/2025 - Rio de Janeiro - DESONERADO | F6: =BDI!E6 -> 0.2549 | G6: =BDI_DIF.!F6 -> 0.1612 | I6: ='Enc. Sociais'!H6 -> 45931 | J6: ='Orçamento Sintético'!I6 -> R21
A7: Curva ABC de Serviços
A8: Código | B8: Banco | C8: Descrição | D8: Tipo | E8: Und | F8: Quant. | G8: Valor Unit | H8: Total | I8: Peso (%) | J8: Peso Acumulado (%)
A9: UFF00066 | B9: Próprio | C9: ADMINISTRAÇÃO LOCAL | D9: CANT - CANTEIRO DE OBRAS | E9: UN | F9: 1,0 | G9: 1.439.486,86 | H9: 1.439.486,86 | I9: 7,21 | J9: 7,21
A10: UFF00266 (ADAPT_ORSE: 9728) | B10: Próprio | C10: PAINEL GERAL DE BAIXA TENSÃO, AUTOPORTANTE (QGBT-AC), FABRICADOS CONFORME IEC NBR 60439-1, TENSÃO 380V, BARRAMENTO TRIPOLAR+NEUTRO+TERRA DE 4000A, COM UM CIRCUITO DE ENTRADA COM DISJUNTOR GERAL ABERTO DE 4000A, 1 RELE DE MULTIFUNÇÃO, COM DISJUNTORES DE SAÍDA EM CAIXA MOLDADA ICC=100kA, COMPLETO. FORNECIMENTO. | D10: 80 | E10: un | F10: 1,0 | G10: 968.388,69 | H10: 968.388,69 | I10: 4,85 | J10: 12,06
A11: UFF00344 (ADAPT_CPOS:61.10.010) | B11: Próprio | C11: FORNECIMENTO - CHILLER CONDENSAÇÃO A AR COM COMPRESSOR PARAFUSO (EFETIVO) - MODELO 30XSB300 - CAPACIDADE 282,5TR - TBS EXT 38,1ºC - TBS INT 21ºC - UR EXTERNA 80% - UR INTERNA 50% - VAZÃO DE AR 168544,8m³/h - TEMP. DE ADMISSÃO 5ºC - TEMP. DE RETORNO 10,5ºC - VAZÃO DE ÁGUA 185m³/h - POTÊNCIA 325,6KW / 483A - PESO 6734kg - ALIMENTAÇÃO 3F/380V/60Hz - MARCA CARRIER OU EQUIVALENTE TÉCNICO | D11: 61.1 | E11: UN | F11: 1,0 | G11: 853.878,73 | H11: 853.878,73 | I11: 4,28 | J11: 16,34
A12: 93002 | B12: SINAPI | C12: CABO DE COBRE FLEXÍVEL ISOLADO, 300 MM², ANTI-CHAMA 0,6/1,0 KV, PARA REDE ENTERRADA DE DISTRIBUIÇÃO DE ENERGIA ELÉTRICA - FORNECIMENTO E INSTALAÇÃO. AF_12/2021 | D12: Redes Enterradas de Distribuição Elétrica | E12: M | F12: 2.180,7 | G12: 350,84 | H12: 765.076,78 | I12: 3,83 | J12: 20,17
A13: UFF00264 (ADAPT_ORSE: 9728) | B13: Próprio | C13: PAINEL GERAL DE BAIXA TENSÃO, AUTOPORTANTE (QGBT-N), FABRICADOS CONFORME IEC NBR 60439-1, TENSÃO 220/127V, BARRAMENTO TRIPOLAR+NEUTRO+TERRA DE 5500A, COM DOIS CIRCUITOS DE ENTRADA COM DISJUNTORES GERAIS ABERTOS DE 3200A, 2 RELES DE MULTIFUNÇÃO, COM DISJUNTORES DE SAÍDA EM CAIXA MOLDADA ICC=100kA, COMPLETO. FORNECIMENTO. | D13: 80 | E13: un | F13: 1,0 | G13: 563.976,25 | H13: 563.976,25 | I13: 2,83 | J13: 23,00
A14: UFF00355 | B14: Próprio | C14: MANUTENÇÃO DOS ELEVADORES DE FABRICAÇÃO THYSSENKRUP COM SUBSTITUIÇÃO DOS PAINEIS DE FORÇA E CONTROLE NAS CASAS DE MÁQUINAS, SUBESTITUIÇÃO DOS TRANSFORMADORES, SUBSTITUIÇÃO DAS BOTOEIRAS EXTERNAS, SUBSTITUIÇÃO DOS PAINÉIS DE COMANDO INTERNO DAS CABINES, SUBSTIRUIÇÃO DOS CABOS DE COMANDO ENTRE OS PAINEIS E AS CABINES E SUBSTITUIÇÃO DAS PORTAS | D14: SERT - SERVIÇOS TÉCNICOS | E14: mês | F14: 1,0 | G14: 399.237,20 | H14: 399.237,20 | I14: 2,00 | J14: 25,00
A15: 91926 | B15: SINAPI | C15: CABO DE COBRE FLEXÍVEL ISOLADO, 2,5 MM², ANTI-CHAMA 450/750 V, PARA CIRCUITOS TERMINAIS - FORNECIMENTO E INSTALAÇÃO. AF_03/2023 | D15: Instalações Elétricas - Eletrodutos Embutidos, Cabos, Caixas, Tomadas e Interruptores | E15: M | F15: 70.714,0 | G15: 4,98 | H15: 352.155,72 | I15: 1,76 | J15: 26,76
A16: 112561 | B16: SBC | C16: GUARDA-CORPO EM TUBO DE AǏ INOX (NBR 9050) | D16: ESQUADRIAS DE ALUMINIO | E16: M | F16: 401,4 | G16: 854,54 | H16: 343.012,35 | I16: 1,72 | J16: 28,48
A17: 101727 | B17: SINAPI | C17: PISO VINÍLICO SEMI-FLEXÍVEL EM PLACAS, PADRÃO LISO, ESPESSURA 3,2 MM, FIXADO COM COLA. AF_09/2020 | D17: Pisos | E17: m² | F17: 1.366,0 | G17: 223,57 | H17: 305.396,62 | I17: 1,53 | J17: 30,01
A18: 13.193.0010-A | B18: EMOP | C18: FORRO EM PLACA TIPO COLMEIA,EM ALUMINIO PRE-PINTADO,MODULACA O DE (62X62)CM,MALHA MEDINDO APROXIMADAMENTE 5X5CM,FIXADO CO M PERFIL "T" APARENTE.FORNECIMENTO E COLOCACAO | D18: 13 | E18: m² | F18: 670,74 | G18: 442,66 | H18: 296.909,76 | I18: 1,49 | J18: 31,49
A19: UFF00028 (ADAPT_CPOS:50.05.430) | B19: Próprio | C19: FORNECIMENTO E INSTALAÇÃO - DETECTOR ENDEREÇÁVEL ÓPTICO DE FUMAÇA FSP-951 DE FABRICAÇÃO NOTIFIER OU SIMILAR TÉCNICO EXCLUSIVE BASE | D19: INES - INSTALAÇÕES ESPECIAIS | E19: UN | F19: 882,0 | G19: 327,73 | H19: 289.057,86 | I19: 1,45 | J19: 32,94
A20: UFF00549 | B20: Próprio | C20: BARRAMENTO BLINDADO DE ALUMÍNIO 400A (512 X 136 X 3000), INCLUSIVE QUADRO ELÉTRICO/CAIXA DE CABOS 400A (1,4 X 0,8 X 0,25), SEM PROTEÇÃO. FORNECIMENTO E INSTALAÇÃO. | D20: INEL - INSTALAÇÃO ELÉTRICA/ELETRIFICAÇÃO E ILUMINAÇÃO EXTERNA | E20: UN | F20: 1,0 | G20: 267.442,62 | H20: 267.442,62 | I20: 1,34 | J20: 34,28
A21: UFF00359 (ADAPT_CPOS:36.01.252) | B21: Próprio | C21: PAINEL DE MÉDIA TENSÃO DA SUBESTAÇÃO. FORNECIMENTO. | D21: 36.01 | E21: CJ | F21: 1,0 | G21: 267.355,80 | H21: 267.355,80 | I21: 1,34 | J21: 35,62
A22: UFF00444 (ADAPT_EMOP:15.029.0200-A) | B22: Próprio | C22: ATUADOR PARA VÁLVULA DE GAVETA DN=4" MOTORIZADA PROPORCIONAL | D22: INEL - INSTALAÇÃO ELÉTRICA/ELETRIFICAÇÃO E ILUMINAÇÃO EXTERNA | E22: UN | F22: 4,0 | G22: 61.302,17 | H22: 245.208,68 | I22: 1,23 | J22: 36,85
A23: UFF00030 (ADAPT_SBC: 120715) | B23: Próprio | C23: FORRO TERMOACÚSTICO EM FIBRA MINERAL APOIADAS SOBRE PERFIL EM AÇO TIPO "T", MODULAÇÃO 625X625MM. REF. LINHA ARMSTRONG, MODELO SAHRA, HUNTER DOUGLAS OU EQUIVALENTE TÉCNICO. | D23: REVE - REVESTIMENTO E TRATAMENTO DE SUPERFÍCIES | E23: m² | F23: 1.064,17 | G23: 203,32 | H23: 216.367,04 | I23: 1,08 | J23: 37,93
A24: 98297 | B24: SINAPI | C24: CABO ELETRÔNICO CATEGORIA 6, INSTALADO EM EDIFICAÇÃO INSTITUCIONAL - FORNECIMENTO E INSTALAÇÃO. AF_11/2019 | D24: INES - INSTALAÇÕES ESPECIAIS | E24: M | F24: 25.590,0 | G24: 8,30 | H24: 212.397,00 | I24: 1,06 | J24: 39,00
A25: UFF00347 (ADAPT_CPOS:61.10.120) | B25: Próprio | C25: FORNECIMENTO - UNIDADE DE TRATAMENTO DE AR 100% AR EXTERNO COM MOTOR EC - MODELO TKZ - FILTROS G4 + F8 - CAPACIDADE 105,31TR - TBS EXT 38,1ºC - TBS INT. 21ºC - UR EXTERNA 80% - UR INTERNA 50% - VAZÃO DE INSUFLAMENTO 15644m³/h - TEMP. DE ADMISSÃO 5ºC - TEMP. DE RETORNO 10,5ºC - VAZÃO DE ÁGUA 57,9m³/h - Pd 100Pa - RESIST DE AQUECIMENTO 46,8kW - POTÊNCIA 6,55KW / 29,77A - PESO 1635kg - ALIMENTAÇÃO 3F/220V/60Hz - MARCA TROX OU EQUIVALENTE TÉCNICO | D25: 61.1 | E25: UN | F25: 1,0 | G25: 204.859,51 | H25: 204.859,51 | I25: 1,03 | J25: 40,02
A26: UFF00049 (ADAPT_AGESUL: 1202007081) | B26: Próprio | C26: CAMERA POE, FIXA, RESOLUÇÃO 4K, 8 MEGAPIXELS, ALCANCE DE ATÉ 60 METROS, USO INTERNO/EXTERNO, COM INFRAVERMELHO, CASE METÁLICO, INDICE DE PROTEÇÃO IP67, COM PROTEÇÃO ANTI-SURTO.ILAR- FORNECIMENTO E INSTALAÇÃO | D26: REDE DE LOGICA E CFTV | E26: UN | F26: 113,0 | G26: 1.711,95 | H26: 193.450,35 | I26: 0,97 | J26: 40,99
A27: UFF00268 (ADAPT_EMBASA: 60.14.06) | B27: Próprio | C27: PAINEL DE FORÇA E COMANDO PARA AS UTAS, 380V, INCLUINDO CONTROLE DO MOTOR DE 15CV POR INVERSOR DE FREQUENCIA, CONTROLE DE RESISTENCIAS POR MÓDULO DE POTENCIA ANALÓGICO ATÉ 100A E PROTEÇÃO TERMOMAGNÉTICA PARA OS CIRCUITO ALIMENTADOR E O CIRCUITO DA RESISTENACIA POR DISJUNTOR E DO MOTOR POR DISJUNTOR MOTOR E RELÉ TÉRMICO. FORNECIMENTO E INSTALAÇÃO. | D27: INEL - INSTALAÇÃO ELÉTRICA/ELETRIFICAÇÃO E ILUMINAÇÃO EXTERNA | E27: UN | F27: 2,0 | G27: 95.281,52 | H27: 190.563,04 | I27: 0,95 | J27: 41,95
A28: UFF00346 (ADAPT_CPOS:61.10.120) | B28: Próprio | C28: FORNECIMENTO - UNIDADE DE TRATAMENTO DE AR 100% AR EXTERNO COM MOTOR EC - MODELO TKZ - FILTROS G4 + F8 - CAPACIDADE 93,59TR - TBS EXT 38,1ºC - TBS INT. 21ºC - UR EXTERNA 80% - UR INTERNA 50% - VAZÃO DE INSUFLAMENTO 14340m³/h - TEMP. DE ADMISSÃO 5ºC - TEMP. DE RETORNO 10,5ºC - VAZÃO DE ÁGUA 51,46m³/h - Pd 100Pa - RESIST DE AQUECIMENTO 39kW - POTÊNCIA 6,29KW / 28,59A - PESO 1437kg - ALIMENTAÇÃO 3F/220V/60Hz - MARCA TROX OU EQUIVALENTE TÉCNICO | D28: 61.1 | E28: UN | F28: 1,0 | G28: 184.998,76 | H28: 184.998,76 | I28: 0,93 | J28: 42,87
A29: UFF00085 (ADAPT_EMOP:14.003.0231-A) | B29: Próprio | C29: PORTA DE ABRIR EM ALUMÍNIO COM 2 FOLHAS, ACABAMENTO PRETO FOSCO - 0,80X2,10M.(PA-10 - Conforme projeto de arquitetura) | D29: ESQV - ESQUADRIAS/FERRAGENS/VIDROS | E29: UN | F29: 62,0 | G29: 2.823,17 | H29: 175.036,54 | I29: 0,88 | J29: 43,75
A30: UFF00543 (ADAPT_SBC: 060588) | B30: Próprio | C30: LUMINARIA EMBUTIR ALETADA ALUMINIO BRILHANTE 4X9W LED. FORNECIMENTO E INSTALAÇÃO. | D30: 60 | E30: UN | F30: 605,0 | G30: 284,69 | H30: 172.237,45 | I30: 0,86 | J30: 44,61
A31: 92988 | B31: SINAPI | C31: CABO DE COBRE FLEXÍVEL ISOLADO, 50 MM², ANTI-CHAMA 0,6/1,0 KV, PARA REDE ENTERRADA DE DISTRIBUIÇÃO DE ENERGIA ELÉTRICA - FORNECIMENTO E INSTALAÇÃO. AF_12/2021 | D31: Redes Enterradas de Distribuição Elétrica | E31: M | F31: 2.768,7 | G31: 59,86 | H31: 165.734,38 | I31: 0,83 | J31: 45,44
A32: UFF00345 (ADAPT_CPOS:43.08.004) | B32: Próprio | C32: FORNECIMENTO - UNIDADE CONDENSADORA VRF TIPO - MODELO INOVA MV6-850WV2DN1 - CAPACIDADE 290kBTU/h - POTÊNCIA 25,68kW / 116,73A - ALIMENTAÇÃO 3F/220V/60Hz - PESO 507kg - MARCA CARRIER OU EQUIVALENTE TÉCNICO | D32: 43.08 | E32: UN | F32: 1,0 | G32: 155.966,19 | H32: 155.966,19 | I32: 0,78 | J32: 46,22
A33: 070963 | B33: SBC | C33: ISOLANTE TERMICO FLEXIVEL EM ESPUMA ELASTOMERICA, MANTA 25MM | D33: INSTALACOES MECANICAS - AR CONDICIONADO | E33: m² | F33: 615,0 | G33: 246,01 | H33: 151.296,15 | I33: 0,76 | J33: 46,98
A34: 88496 | B34: SINAPI | C34: EMASSAMENTO COM MASSA LÁTEX, APLICAÇÃO EM TETO, DUAS DEMÃOS, LIXAMENTO MANUAL. AF_04/2023 | D34: Pintura Interna | E34: m² | F34: 3.536,09 | G34: 40,31 | H34: 142.539,78 | I34: 0,71 | J34: 47,70
A35: 040628 | B35: SBC | C35: CONCRETO USINADO 35MPA PARA ESTRUTURA LANCAMENTO MECANICO | D35: ESTRUTURA | E35: m³ | F35: 160,986 | G35: 849,64 | H35: 136.780,14 | I35: 0,69 | J35: 48,38
A36: UFF00484 (ADAPT_EMOP: 18.028.0190-A) | B36: Próprio | C36: TRANSFORMADOR DE DISTRIBUICAO DE 1.000KVA,ABRIGADA,CLASSE 15 KV,A SECO,TENSAO PRIMARIA DE 13,8KV,TENSAO SECUNDARIA DE 220 /127V-60HZ.FORNECIMENTO. | D36: 18 | E36: UN | F36: 1,0 | G36: 132.000,00 | H36: 132.000,00 | I36: 0,66 | J36: 49,04
A37: 070101 | B37: SBC | C37: ISOFLEX 4+ LàDE VIDRO PARA DUTOS DE AR-CONDICIONADO | D37: INSTALACOES MECANICAS - AR CONDICIONADO | E37: m² | F37: 1.278,63 | G37: 101,08 | H37: 129.243,92 | I37: 0,65 | J37: 49,69
A38: UFF00011 (ADAPT_SINAPI:102183) | B38: Próprio | C38: PORTA DE VIDRO TEMPERADO 10MM, COM 05 MÓDULOS COM EIXO PIVOTANTE DE 1,20mx2,40m E 02 MÓDULOS FÍXOS DE 0,525mx2,40m, COR TRANSPARENTE, COM PERFIS E INSERTOS EM ALUMÍNIO, ACABAMENTO PRETO FOSCO, MARCA DE REF. DORMA OU EQUIVALENTE TÉCNICO - COMPREENDENDO TAMANHO TOTAL DE 7,05mX2,40m. FORNECIMENTO E COLOCAÇÃO. (PA-01 - Conforme projeto de arquitetura) | D38: ESQV - ESQUADRIAS/FERRAGENS/VIDROS | E38: UN | F38: 10,0 | G38: 12.765,89 | H38: 127.658,90 | I38: 0,64 | J38: 50,33
A39: UFF00488 (ADAPT_CPOS: 39.06.084) | B39: Próprio | C39: CABO DE COBRE ISOLAMENTO EPR 8,7/15KV #120MM² | D39: INEL - INSTALAÇÃO ELÉTRICA/ELETRIFICAÇÃO E ILUMINAÇÃO EXTERNA | E39: M | F39: 549,0 | G39: 230,46 | H39: 126.522,54 | I39: 0,63 | J39: 50,96
A40: 88497 | B40: SINAPI | C40: EMASSAMENTO COM MASSA LÁTEX, APLICAÇÃO EM PAREDE, DUAS DEMÃOS, LIXAMENTO MANUAL. AF_04/2023 | D40: Pintura Interna | E40: m² | F40: 5.590,93 | G40: 22,13 | H40: 123.727,28 | I40: 0,62 | J40: 51,58
A41: 99054 | B41: SINAPI | C41: ACABAMENTOS PARA FORRO (SANCA DE GESSO, MONTADA NA OBRA). AF_08/2023_PS | D41: Forros | E41: m² | F41: 1.529,63 | G41: 73,05 | H41: 111.739,47 | I41: 0,56 | J41: 52,14
A42: 94995 | B42: SINAPI | C42: EXECUÇÃO DE PASSEIO (CALÇADA) OU PISO DE CONCRETO COM CONCRETO MOLDADO IN LOCO, USINADO, ACABAMENTO CONVENCIONAL, ESPESSURA 8 CM, ARMADO. AF_08/2022 | D42: Passeios de Concreto | E42: m² | F42: 1.229,03 | G42: 90,35 | H42: 111.042,86 | I42: 0,56 | J42: 52,70
A43: UFF00021 (ADAPT_ORSE:12545) | B43: Próprio | C43: FIXAÇÃO - BARRA DE TIRANTE ROSQUEADA GALVANIZADA, DE Ø1/4" | D43: INEL - INSTALAÇÃO ELÉTRICA/ELETRIFICAÇÃO E ILUMINAÇÃO EXTERNA | E43: UN | F43: 4.244,0 | G43: 25,31 | H43: 107.415,64 | I43: 0,54 | J43: 53,24
A44: UFF00026 (ADAPT_SCO: RV 24.10.0050) | B44: Próprio | C44: Forro modulado liso, configurado por perfis em aço na forma de "t" invertido, modulação 625 x 625mm. ref. modelo tile tegular, hunter douglas ou equivalente técnico | D44: RV | E44: m² | F44: 335,14 | G44: 316,62 | H44: 106.112,02 | I44: 0,53 | J44: 53,77
A45: UFF00331 (ADAPT_EMOP: 18.017.0105-A) | B45: Próprio | C45: APROVEITAMENTO AGUA CHUVA (AAC) P/AREA DE TELHADO ATE 3000M2,COMPREENDENDO FORN.SEGUINTES EQUIPAMENTOS: FILTRO DO TIPO VORTEX DA WISY WFF 300 - FILTRO FLUTUANTE DE Ø 1" - KIT DE INTERLIGAÇÃO. FORNECIMENTO. | D45: 18 | E45: UN | F45: 2,0 | G45: 51.663,00 | H45: 103.326,00 | I45: 0,52 | J45: 54,29
A46: UFF00101 (ADAPT_EMOP: 15.018.0175-A) | B46: Próprio | C46: CANALETA PERFURADA ALTA(PERFILADOS),MEDINDO(38X38X6000)MM PRE-GALVANIZADA,INCLUSIVE SUPORTE E CONEXOES.DESMONTAGEM E LIMPEZA | D46: 15 | E46: M | F46: 1.501,4 | G46: 67,42 | H46: 101.224,38 | I46: 0,51 | J46: 54,79
A47: 052532 | B47: SBC | C47: CURVA 90 GALVANIZADA 6"" | D47: INSTALACOES HIDRAULICAS - AGUA | E47: UN | F47: 46,0 | G47: 2.095,62 | H47: 96.398,52 | I47: 0,48 | J47: 55,28
A48: UFF00065 (ADAPT_CPOS:50.05.430) | B48: Próprio | C48: FORNECIMENTO E INSTALAÇÃO - BASE PARA SENSOR DE TEMPERATURA, FUMAÇÃO E MULTIFUNÇÃO ENDEREÇÁVEL | D48: INES - INSTALAÇÕES ESPECIAIS | E48: UN | F48: 884,0 | G48: 105,95 | H48: 93.659,80 | I48: 0,47 | J48: 55,75
A49: 92994 | B49: SINAPI | C49: CABO DE COBRE FLEXÍVEL ISOLADO, 120 MM², ANTI-CHAMA 0,6/1,0 KV, PARA REDE ENTERRADA DE DISTRIBUIÇÃO DE ENERGIA ELÉTRICA - FORNECIMENTO E INSTALAÇÃO. AF_12/2021 | D49: Redes Enterradas de Distribuição Elétrica | E49: M | F49: 672,1 | G49: 138,56 | H49: 93.126,17 | I49: 0,47 | J49: 56,21
A50: 01.002.0044-A | B50: EMOP | C50: PERFURACAO ROTATIVA COM COROA DE WIDIA,EM SOLO,DIAMETRO 12", VERTICAL,INCLUSIVE DESLOCAMENTO DENTRO DO CANTEIRO E INSTALA CAO DA SONDA EM CADA FURO | D50: 1 | E50: M | F50: 272,0 | G50: 334,70 | H50: 91.038,40 | I50: 0,46 | J50: 56,67
A51: UFF00025 (ADAPT_CPOS:39.12.510) | B51: Próprio | C51: FORNECIMENTO E INSTALAÇÃO - CABO 2X1,5MM2 PARA SISTEMA DE ALARME DE INCÊNDIO – TIPO MA AI CONDUTOR: ENCORDOAMENTO CLASSE 2 / ISOLAÇÃO: PVC/EB (105 °C) / 1 PAR OU 1 TERNA /BLINDAGEM ELETROSTÁTICA TOTAL (215 MA AI FR) | D51: INES - INSTALAÇÕES ESPECIAIS | E51: M | F51: 6.604,0 | G51: 13,02 | H51: 85.984,08 | I51: 0,43 | J51: 57,10
A52: 88489 | B52: SINAPI | C52: PINTURA LÁTEX ACRÍLICA PREMIUM, APLICAÇÃO MANUAL EM PAREDES, DUAS DEMÃOS. AF_04/2023 | D52: Pintura Interna | E52: m² | F52: 5.590,93 | G52: 15,19 | H52: 84.926,22 | I52: 0,43 | J52: 57,52
A53: UFF00265 (ADAPT_ORSE: 9728) | B53: Próprio | C53: PAINEL GERAL DE BAIXA TENSÃO, AUTOPORTANTE (QGBT-SE-AC), FABRICADOS CONFORME IEC NBR 60439-1, TENSÃO 380V, BARRAMENTO TRIPOLAR+NEUTRO+TERRA DE 4000A, COM UM CIRCUITO DE ENTRADA COM DISJUNTOR GERAL ABERTO DE 4000A, 1 RELE DE MULTIFUNÇÃO, COM DISJUNTORES DE SAÍDA EM CAIXA MOLDADA ICC=100kA, COMPLETO. FORNECIMENTO E INSTALAÇÃO. | D53: 80 | E53: un | F53: 1,0 | G53: 83.948,65 | H53: 83.948,65 | I53: 0,42 | J53: 57,94
A54: UFF00489 (ADAPT_EMOP: 18.030.0206-A) | B54: Próprio | C54: DESMONTAGEM, TRANSPORTE E ELEVACAO VERTICAL DE EQUIPAMENTOS ATÉ 300TR-MEIO MECANICO | D54: 18 | E54: UN | F54: 16,0 | G54: 5.236,07 | H54: 83.777,12 | I54: 0,42 | J54: 58,36
A55: 15.034.0021-A | B55: EMOP | C55: ELETRODUTO DE FERRO GALVANIZADO,TIPO MEDIO,DIAMETRO DE 1",IN CLUSIVE CONEXOES E EMENDAS,EXCLUSIVE ABERTURA E FECHAMENTO D E RASGO.FORNECIMENTO E ASSENTAMENTO | D55: 15 | E55: M | F55: 3.905,75 | G55: 21,39 | H55: 83.543,99 | I55: 0,42 | J55: 58,78
A56: 104162 | B56: SINAPI | C56: PISO EM GRANILITE, MARMORITE OU GRANITINA EM AMBIENTES INTERNOS, COM ESPESSURA DE 8 MM, INCLUSO MISTURA EM BETONEIRA, COLOCAÇÃO DAS JUNTAS, APLICAÇÃO DO PISO, 4 POLIMENTOS COM POLITRIZ, ESTUCAMENTO, SELADOR E CERA. AF_06/2022 | D56: Pisos | E56: m² | F56: 822,46 | G56: 100,46 | H56: 82.624,33 | I56: 0,41 | J56: 59,20
A57: UFF00054 (ADAPT_SINAPI: 73800/001) | B57: Próprio | C57: POLIMENTO EM PISO GRANILITE, MARMORITE OU GRANITINA EM AMBIENTES INTERNOS | D57: SEDI - SERVIÇOS DIVERSOS | E57: m² | F57: 1.342,49 | G57: 61,23 | H57: 82.200,66 | I57: 0,41 | J57: 59,61
A58: 14.002.0215-A | B58: EMOP | C58: CORRIMAO DUPLO EM TUBO DE ACO GALVANIZADO COM DIAMETRO DE 1. 1/4",BARRA SUPERIOR COM ALTURA DE 92CM E BARRA INFERIOR COM ALTURA DE 70CM,FIXADO NA PAREDE POR CHUMBADORES,CONFORME ABN T NBR 9050 PARA ACESSIBILIDADE.FORNECIMENTO E COLOCACAO | D58: 14 | E58: M | F58: 324,1 | G58: 252,74 | H58: 81.913,03 | I58: 0,41 | J58: 60,02
A59: 92400 | B59: SINAPI | C59: EXECUÇÃO DE PAVIMENTO EM PISO INTERTRAVADO, COM BLOCO RETANGULAR DE 20 X 10 CM, ESPESSURA 10 CM. AF_10/2022 | D59: Pavimento Intertravado | E59: m² | F59: 728,04 | G59: 112,06 | H59: 81.584,16 | I59: 0,41 | J59: 60,43
A60: 95696 | B60: SINAPI | C60: SPRINKLER TIPO PENDENTE, 68 °C, UNIÃO POR ROSCA DN 15 (1/2") - FORNECIMENTO E INSTALAÇÃO. AF_10/2020 | D60: Instalações de Gás e Incêndio em Aço e Ferro Galvanizado | E60: UN | F60: 1.522,0 | G60: 53,45 | H60: 81.350,90 | I60: 0,41 | J60: 60,83
A61: 98547 | B61: SINAPI | C61: IMPERMEABILIZAÇÃO DE SUPERFÍCIE COM MANTA ASFÁLTICA, DUAS CAMADAS, INCLUSIVE APLICAÇÃO DE PRIMER ASFÁLTICO, E=3MM E E=4MM. AF_09/2023 | D61: Impermeabilização, Proteção Mecânica e Tratamento de Junta | E61: m² | F61: 323,72 | G61: 246,08 | H61: 79.661,01 | I61: 0,40 | J61: 61,23
A62: UFF00458 (ADAPT_CPOS: 61.15.196) | B62: Próprio | C62: MODULO DE EXPANSAO TM3 2 ENTRADAS ANALOGICAS ALTA RESISTENCIA OU SIMILAR TÉCNICO | D62: 61.15 | E62: UN | F62: 39,0 | G62: 2.033,13 | H62: 79.292,07 | I62: 0,40 | J62: 61,63
A63: UFF00321 (ADAPT_SBC:077205) | B63: Próprio | C63: FORNECIMENTO - BOMBA CENTRÍFUGA DE VOLUTA (RESERVA) - MONOCELULAR NÃO AUTO-FERRANTE - NBG 150-125-250/269 AASF2LESBQQETX4 - VAZÃO DE ÁGUA 277,50 m³/h - ALTURA MANOMÉTICA 25m - ROTAÇÃO 1782rpm - PRESSÃO MÁX. 16bar - POTÊNCIA 45KW / 80A - PESO 526kg - ALIMENTAÇÃO 3F/400/690V/60Hz - MARCA GRUNDFOS OU EQUIVALENTE TÉCNICO | D63: 77 | E63: UN | F63: 1,0 | G63: 79.111,54 | H63: 79.111,54 | I63: 0,40 | J63: 62,03
A64: UFF00320 (ADAPT_SBC:077205) | B64: Próprio | C64: FORNECIMENTO - BOMBA CENTRÍFUGA DE VOLUTA (EFETIVO) - MONOCELULAR NÃO AUTO-FERRANTE - NBG 150-125-250/269 AASF2LESBQQETX4 - VAZÃO DE ÁGUA 277,50 m³/h - ALTURA MANOMÉTICA 25m - ROTAÇÃO 1782rpm - PRESSÃO MÁX. 16bar - POTÊNCIA 45KW / 80A - PESO 526kg - ALIMENTAÇÃO 3F/400/690V/60Hz - MARCA GRUNDFOS OU EQUIVALENTE TÉCNICO | D64: 77 | E64: UN | F64: 1,0 | G64: 79.111,54 | H64: 79.111,54 | I64: 0,40 | J64: 62,42
A65: UFF00043 (ADAPT_CPOS: 50.05.312) | B65: Próprio | C65: Bloco autônomo de iluminação de emergência LED, com autonomia mínima de 2 horas, fluxo luminoso de 2.200 lúmens, equipado com 2 faróis | D65: INEL - INSTALAÇÃO ELÉTRICA/ELETRIFICAÇÃO E ILUMINAÇÃO EXTERNA | E65: UN | F65: 253,0 | G65: 312,41 | H65: 79.039,73 | I65: 0,40 | J65: 62,82
A66: 92990 | B66: SINAPI | C66: CABO DE COBRE FLEXÍVEL ISOLADO, 70 MM², ANTI-CHAMA 0,6/1,0 KV, PARA REDE ENTERRADA DE DISTRIBUIÇÃO DE ENERGIA ELÉTRICA - FORNECIMENTO E INSTALAÇÃO. AF_12/2021 | D66: Redes Enterradas de Distribuição Elétrica | E66: M | F66: 949,3 | G66: 82,68 | H66: 78.488,12 | I66: 0,39 | J66: 63,21
A67: 98302 | B67: SINAPI | C67: PATCH PANEL 24 PORTAS, CATEGORIA 6 - FORNECIMENTO E INSTALAÇÃO. AF_11/2019 | D67: Redes de Lógica, Telefonia e Imagem | E67: UN | F67: 58,0 | G67: 1.330,92 | H67: 77.193,36 | I67: 0,39 | J67: 63,60
A68: 10.003.0050-A | B68: EMOP | C68: ESTACA RAIZ COM DIAMETRO DE 12" PARA CARGA DE 110T,INJECAO D E ARGAMASSA DE CIMENTO E AREIA,COM RESISTENCIA DE 20MPA,CONF ORME ABNT NBR 6122,INCLUSIVE FORNECIMENTO DOS MATERIAIS (CIM ENTO,AREIA E ACO),EXCLUSIVE PERFURACAO | D68: 10 | E68: M | F68: 272,0 | G68: 278,31 | H68: 75.700,32 | I68: 0,38 | J68: 63,98
A69: UFF00318 (ADAPT_SBC:077205) | B69: Próprio | C69: FORNECIMENTO - BOMBA CENTRÍFUGA DE VOLUTA (EFETIVO) - MONOCELULAR NÃO AUTO-FERRANTE - MODELO NBG 150-125-400/414 AASF2KESBQQE1X4 - VAZÃO DE ÁGUA 185 m³/h - ALTURA MANOMÉTICA 80m - ROTAÇÃO 1792rpm - PRESSÃO MÁX. 16bar - POTÊNCIA 110KW / 194A - PESO 1300kg - ALIMENTAÇÃO 3F/400/690V/60Hz - MARCA GRUNDFOS OU EQUIVALENTE TÉCNICO | D69: 77 | E69: UN | F69: 1,0 | G69: 75.550,80 | H69: 75.550,80 | I69: 0,38 | J69: 64,36
A70: UFF00319 (ADAPT_SBC:077205) | B70: Próprio | C70: FORNECIMENTO - BOMBA CENTRÍFUGA DE VOLUTA (RESERVA) - MONOCELULAR NÃO AUTO-FERRANTE - MODELO NBG 150-125-400/414 AASF2KESBQQE1X4 - VAZÃO DE ÁGUA 185 m³/h - ALTURA MANOMÉTICA 80m - ROTAÇÃO 1792rpm - PRESSÃO MÁX. 16bar - POTÊNCIA 110KW / 194A - PESO 1300kg - ALIMENTAÇÃO 3F/400/690V/60Hz - MARCA GRUNDFOS OU EQUIVALENTE TÉCNICO | D70: 77 | E70: UN | F70: 1,0 | G70: 75.550,80 | H70: 75.550,80 | I70: 0,38 | J70: 64,74
A71: UFF00078 (ADAPT_SINAPI:90790) | B71: Próprio | C71: PORTA EM DIVISÓRIA, 110 X 210 + 0,40 CM, 2 FOLHAS, REVESTIDA EM LAMINADO MELAMÍNICO DE ALTA PRESSÃO, COR GELO REFERÊNCIA L106, MARCA FÓRMICA OU EQUIVALENTE, INCLUSO BATENTE, ALIZAR, FERRAGENS E FECHADURA EM METAL CROMADO NA COR PRETA, VISOR COM VIDRO INCOLOR e= 4mm, BANDEIRA FIXA EM VIDRO INCOLOR, e= 4mm. (PM-06 - Conforme projeto de arquitetura) | D71: ESQV - ESQUADRIAS/FERRAGENS/VIDROS | E71: UN | F71: 34,0 | G71: 2.210,80 | H71: 75.167,20 | I71: 0,38 | J71: 65,11
A72: UFF00590 (ADAPT_SBC: 065025) | B72: Próprio | C72: GRUPO GERADOR 49,5/55 KVA REF. YBG55TE YANMAR. FORNECIMENTO. | D72: 65 | E72: UN | F72: 1,0 | G72: 72.410,00 | H72: 72.410,00 | I72: 0,36 | J72: 65,47
A73: UFF00310 (ADAPT_CPOS:61.10.230) | B73: Próprio | C73: FORNECIMENTO E INSTALAÇÃO COMPLETA - FANCOLETE TIPO BUILT-IN DE ALTA EFICIÊNCIA (NOVO) COM FILTRO G4 E KIT VÁLVULA 2 VIAS - MODELO 42BB 044 - CAPACIDADE 46319BTU/h - POTÊNCIA 684W - ALIMENTAÇÃO 1F/220V/60Hz - MARCA CARRIER OU EQUIVALENTE TÉCNICO | D73: 61.1 | E73: UN | F73: 10,0 | G73: 7.032,21 | H73: 70.322,10 | I73: 0,35 | J73: 65,83
A74: 98553 | B74: SINAPI | C74: IMPERMEABILIZAÇÃO DE SUPERFÍCIE COM MEMBRANA À BASE DE POLIURETANO, 2 DEMÃOS. AF_09/2023 | D74: Impermeabilização, Proteção Mecânica e Tratamento de Junta | E74: m² | F74: 335,9 | G74: 207,82 | H74: 69.806,73 | I74: 0,35 | J74: 66,18
A75: UFF00077 (ADAPT_SINAPI:90790) | B75: Próprio | C75: PORTA EM DIVISÓRIA, 80 X 210 + 0,40 CM, 1 FOLHA REVESTIDA EM LAMINADO MELAMÍNICO DE ALTA PRESSÃO, COR GELO REFERÊNCIA L106, MARCA FÓRMICA OU EQUIVALENTE, INCLUSO BATENTE, ALIZAR, FERRAGENS E FECHADURA EM METAL CROMADO NA COR PRETA, VISOR COM VIDRO INCOLOR e= 4mm, BANDEIRA FIXA EM VIDRO INCOLOR, e= 4mm. (PM-05 - Conforme projeto de arquitetura) | D75: ESQV - ESQUADRIAS/FERRAGENS/VIDROS | E75: UN | F75: 46,0 | G75: 1.515,72 | H75: 69.723,12 | I75: 0,35 | J75: 66,53
A76: 92986 | B76: SINAPI | C76: CABO DE COBRE FLEXÍVEL ISOLADO, 35 MM², ANTI-CHAMA 0,6/1,0 KV, PARA REDE ENTERRADA DE DISTRIBUIÇÃO DE ENERGIA ELÉTRICA - FORNECIMENTO E INSTALAÇÃO. AF_12/2021 | D76: Redes Enterradas de Distribuição Elétrica | E76: M | F76: 1.622,5 | G76: 41,42 | H76: 67.203,95 | I76: 0,34 | J76: 66,86
A77: UFF00311 (ADAPT_CPOS:61.10.230) | B77: Próprio | C77: FORNECIMENTO E INSTALAÇÃO COMPLETA - FANCOLETE TIPO BUILT-IN DE ALTA EFICIÊNCIA (NOVO) COM FILTRO G4 E KIT VÁLVULA 2 VIAS - MODELO 42BB 055 - CAPACIDADE 58316BTU/h - POTÊNCIA 870W - ALIMENTAÇÃO 1F/220V/60Hz - MARCA CARRIER OU EQUIVALENTE TÉCNICO | D77: 61.1 | E77: UN | F77: 9,0 | G77: 7.199,24 | H77: 64.793,16 | I77: 0,32 | J77: 67,19
A78: 88488 | B78: SINAPI | C78: PINTURA LÁTEX ACRÍLICA PREMIUM, APLICAÇÃO MANUAL EM TETO, DUAS DEMÃOS. AF_04/2023 | D78: Pintura Interna | E78: m² | F78: 3.536,09 | G78: 18,24 | H78: 64.498,28 | I78: 0,32 | J78: 67,51
A79: 14.002.0216-A | B79: EMOP | C79: CORRIMAO DUPLO EM TUBO DE ACO GALVANIZADO COM DIAMETRO DE 1. 1/4",BARRA SUPERIOR COM ALTURA DE 92CM E BARRA INFERIOR COM ALTURA DE 70CM,FIXADO EM MONTANTES DE ACO GALVANIZADO COM DI AMETRO DE 1.1/4",CONFORME ABNT NBR 9050 PARA ACESSIBILIDADE. FORNECIMENTO E COLOCACAO | D79: 14 | E79: M | F79: 208,2 | G79: 307,55 | H79: 64.031,91 | I79: 0,32 | J79: 67,83
A80: UFF00018 (ADAPT_EMOP:14.003.0226-A) | B80: Próprio | C80: PORTA DE ABRIR VENEZIANADA 2 FOLHAS EM ALUMÍNIO ANODIZADO PRETO FOSCO, NA DIMENSÃO 1,60X2,40 M. (PA-07 - Conforme projeto de arquitetura) | D80: ESQV - ESQUADRIAS/FERRAGENS/VIDROS | E80: UN | F80: 10,0 | G80: 6.232,12 | H80: 62.321,20 | I80: 0,31 | J80: 68,14
A81: 97535 | B81: SINAPI | C81: TUBO DE AÇO GALVANIZADO COM COSTURA, CLASSE MÉDIA, CONEXÃO ROSQUEADA, DN 25 (1"), INSTALADO EM REDE DE ALIMENTAÇÃO PARA SPRINKLER - FORNECIMENTO E INSTALAÇÃO. AF_10/2020 | D81: Instalações de Gás e Incêndio em Aço e Ferro Galvanizado | E81: M | F81: 1.151,6 | G81: 53,47 | H81: 61.576,05 | I81: 0,31 | J81: 68,45
A82: 87777 | B82: SINAPI | C82: EMBOÇO OU MASSA ÚNICA EM ARGAMASSA TRAÇO 1:2:8, PREPARO MANUAL, APLICADA MANUALMENTE EM PANOS DE FACHADA COM PRESENÇA DE VÃOS, ESPESSURA DE 25 MM. AF_08/2022 | D82: Massa Única Externa | E82: m² | F82: 827,48 | G82: 72,30 | H82: 59.826,80 | I82: 0,30 | J82: 68,75
A83: 073351 | B83: SBC | C83: CHAPA DE ACO GALVANIZADO #24 (5,20kg/m2) PARA DUTOS EXAUSTAO | D83: INSTALACOES MECANICAS - EXAUSTAO | E83: KG | F83: 3.301,27 | G83: 18,03 | H83: 59.521,89 | I83: 0,30 | J83: 69,05
A84: UFF00553 (ADAPT_SBC: 061309) | B84: Próprio | C84: ENVELOPE CONCRETO 1:2:4 , PARA 12 ELETRODUTOS KANALEX 6"" | D84: 61 | E84: M | F84: 65,0 | G84: 915,20 | H84: 59.488,00 | I84: 0,30 | J84: 69,35
A85: 112800 | B85: SBC | C85: CAIXILHO ALUMINIO VENEZIANA FIXA | D85: ESQUADRIAS DE ALUMINIO | E85: m² | F85: 65,52 | G85: 899,65 | H85: 58.945,06 | I85: 0,30 | J85: 69,64
A86: 15.029.0202-A | B86: EMOP | C86: VALVULA DE DUAS VIAS COM ATUADOR ON/OFF,220V,DE 3/4".FORNECI MENTO E COLOCACAO | D86: 15 | E86: UN | F86: 66,0 | G86: 887,22 | H86: 58.556,52 | I86: 0,29 | J86: 69,94
A87: UFF00316 (ADAPT_AGETOP: 072661) | B87: Próprio | C87: FORNECIMENTO E INSTALAÇÃO COMPLETA - VERGALHÃO ROSCADO Ø5/16" | D87: 726 | E87: M | F87: 2.486,0 | G87: 23,54 | H87: 58.520,44 | I87: 0,29 | J87: 70,23
A88: UFF00490 (ADAPT_SINAPI: 96765) | B88: Próprio | C88: ABRIGO PARA HIDRANTE, 90X60X17CM, COM REGISTRO GLOBO ANGULAR 45 GRAUS 2 1/2", ADAPTADOR STORZ 2 1/2", 02 MANGUEIRAS DE INCÊNDIO 15M, REDUÇÃO 2 1/2" X 1 1/2" E ESGUICHO EM LATÃO 1 1/2" - FORNECIMENTO E INSTALAÇÃO. | D88: INES - INSTALAÇÕES ESPECIAIS | E88: UN | F88: 24,0 | G88: 2.383,07 | H88: 57.193,68 | I88: 0,29 | J88: 70,52
A89: 05.006.0001-1 | B89: EMOP | C89: LOCACAO DE ANDAIME COM ELEMENTOS TUBULARES SOBRE SAPATAS FIX AS,CONSIDERANDO-SE A AREA DA PROJECAO VERTICAL DO ANDAIME E PAGO PELO TEMPO NECESSARIO A SUA UTILIZACAO,EXCLUSIVE TRANSP ORTE DOS ELEMENTOS DO ANDAIME ATE A OBRA,PLATAFORMA OU PASSA RELA DE PINHO,MONTAGEM E DESMONTAGEM DOS ANDAIMES | D89: 5 | E89: M2XMES | F89: 1.344,0 | G89: 39,66 | H89: 53.303,04 | I89: 0,27 | J89: 70,78
A90: UFF00333 (ADAPT_SINAPI: 92656) | B90: Próprio | C90: FORNECIMENTO E INSTALAÇÃO COMPLETA - TUBULAÇÃO DE AÇO GALVANIZADO DIM 2880 PARA ROSCA BSP - Ø6" | D90: INHI - INSTALAÇÕES HIDROS SANITÁRIAS | E90: M | F90: 169,0 | G90: 312,85 | H90: 52.871,65 | I90: 0,26 | J90: 71,05
A91: UFF00335 (ADAPT_SINAPI: 92650) | B91: Próprio | C91: FORNECIMENTO E INSTALAÇÃO COMPLETA - TUBULAÇÃO DE AÇO CARBONO NBR 5580/5590 PARA SOLDA - Ø4" | D91: INHI - INSTALAÇÕES HIDROS SANITÁRIAS | E91: M | F91: 139,45 | G91: 373,26 | H91: 52.051,10 | I91: 0,26 | J91: 71,31
A92: 190396 | B92: SBC | C92: VASO SANITARIO CONVENCIONAL VOGUE PLUS COMPLETO COM ASSENTO | D92: APARELHOS SANITARIOS | E92: UN | F92: 29,0 | G92: 1.776,86 | H92: 51.528,94 | I92: 0,26 | J92: 71,57
A93: UFF00558 (ADAPT_CPOS: 69.05.230) | B93: Próprio | C93: ESTABILIZADOR DE TENSÃO MICROPROCESSADO, TRIFÁSICO, TENSÃO IN/OUT 220/127 V, POTÊNCIA NOMINAL 40 kVA | D93: 69.05 | E93: UN | F93: 2,0 | G93: 25.101,13 | H93: 50.202,26 | I93: 0,25 | J93: 71,82
A94: 96973 | B94: SINAPI | C94: CORDOALHA DE COBRE NU 35 MM², NÃO ENTERRADA, COM ISOLADOR - FORNECIMENTO E INSTALAÇÃO. AF_08/2023 | D94: Sistema de Proteção contra Descargas Atmosféricas - SPDA | E94: M | F94: 630,0 | G94: 78,29 | H94: 49.322,70 | I94: 0,25 | J94: 72,06
A95: 06.069.0050-A | B95: EMOP | C95: DUTO ANELAR FLEXIVEL,NA COR CINZA CONCRETO,SINGELO,DE POLIET ILENO DE ALTA DENSIDADE(PEAD),PARA PROTECAO DE CONDUTORES EL ETRICOS,COM DIAMETRO NOMINAL DE 6",SENDO O DIAMETRO INTERNO DE 138,0MM,COM FIO GUIA DE ACO E FORNECIDO COM 2 PLUGUES(TAM POES)NAS EXTREMIDADES,LANCADO DIRETAMENTE NO SOLO,INCLUSIVE CONEXOES E KIT VEDACAO | D95: 6 | E95: M | F95: 1.305,0 | G95: 36,49 | H95: 47.619,45 | I95: 0,24 | J95: 72,30
A96: 15.018.0467-A | B96: EMOP | C96: ELETROCALHA PERFURADA,SEM TAMPA,TIPO "U",100X50MM,TRATAMENTO SUPERFICIAL PRE-ZINCADO A QUENTE,INCLUSIVE CONEXOES,ACESSOR IOS E FIXACAO SUPERIOR.FORNECIMENTO E COLOCACAO | D96: 15 | E96: M | F96: 611,0 | G96: 77,62 | H96: 47.425,82 | I96: 0,24 | J96: 72,54
A97: UFF00064 (ADAPT_ORSE:11820) | B97: Próprio | C97: FORNECIMENTO, INSTALAÇÃO E PROGRAMAÇÃO DE CENTRAL DE ALARME DE INCENDIO INDEREÇAVEL INTELIGENTE PARA ATÉ 10 LAÇOS, COM 159 DETECTORES POR LAÇO, E 318 DISPOSITIVOS POR LAÇO, MODELO NFS2-3030 DE FABRICAÇÃO NOTIFIER OU SIMILAR TÉCNICO. | D97: INES - INSTALAÇÕES ESPECIAIS | E97: UN | F97: 1,0 | G97: 47.319,59 | H97: 47.319,59 | I97: 0,24 | J97: 72,78
A98: UFF00017 (ADAPT_EMOP:14.003.0206-A) | B98: Próprio | C98: PORTA DE ABRIR EM ALUMÍNIO COM 2 FOLHAS E BANDEIRA FIXA LATERAL, ACABAMENTO PRETO FOSCO COM VISOR EM VIDRO TEMPERADO 6MM, COR TRANSPARENTE - 2,80X2,40M. (PA-06 - Conforme projeto de arquitetura) | D98: ESQV - ESQUADRIAS/FERRAGENS/VIDROS | E98: UN | F98: 4,0 | G98: 11.655,14 | H98: 46.620,56 | I98: 0,23 | J98: 73,01
A99: 94216 | B99: SINAPI | C99: TELHAMENTO COM TELHA METÁLICA TERMOACÚSTICA E = 30 MM, COM ATÉ 2 ÁGUAS, INCLUSO IÇAMENTO. AF_07/2019 | D99: Telhamento para Cobertura | E99: m² | F99: 194,9 | G99: 237,37 | H99: 46.263,41 | I99: 0,23 | J99: 73,24
A100: 93109 | B100: SINAPI | C100: JUNTA DE EXPANSÃO EM COBRE, DN 22 MM, PONTA X PONTA, INSTALADO EM RAMAL E SUB-RAMAL DE HIDRÁULICA PREDIAL - FORNECIMENTO E INSTALAÇÃO. AF_04/2022 | D100: Instalações em Cobre | E100: UN | F100: 82,0 | G100: 560,17 | H100: 45.933,94 | I100: 0,23 | J100: 73,47
A101: 13.385.0005-0 | B101: EMOP | C101: RODAPE DE ALTA RESISTENCIA,EM ARGAMASSA DE CIMENTO E AGREGAD OS MINERAIS, COM 10CM DE ALTURA, NA COR NATURAL DO CIMENTO, INCLUSIVE 3 POLIMENTOS,SENDO OS CANTOS SALIENTES BOLEADOS,E OS REENTRANTES E JUNTO AO PISO EM MEIA CANA | D101: 13 | E101: M | F101: 567,0 | G101: 80,82 | H101: 45.824,94 | I101: 0,23 | J101: 73,70
...

Sheet Curva ABC de Insumos
A2: CURVA ABC DE INSUMOS
A3: UFF- INSTITUTO DE QUIMICA | E3: AUTOR: | H3: FUNÇÃO:
A4: LOCAL: CAMPUS PRAIA VERMELHA | E4: =RESUMO!E14 -> PROCESSO: 23069.180351/2025-62 | H4: ART/RRT:
A5: NOME/APELIDO DA OBRA: | E5: BDI | F5: BDI EQUIP. | G5: SIAPE | H5: DATA | I5: REVISÃO
A6: =RESUMO!A16 -> BASE DE DADOS: SINAPI - 07/2025 - Rio de Janeiro; SBC - 07/2025 - Rio de Janeiro; EMOP - 07/2025 - Rio de Janeiro; SCO - 07/2025 - Rio de Janeiro - DESONERADO | E6: =BDI!E6 -> 0.2549 | F6: =BDI_DIF.!F6 -> 0.1612 | H6: ='Enc. Sociais'!H6 -> 45931 | I6: ='Orçamento Sintético'!I6 -> R21
A7: Curva ABC de Insumos
A8: Código | B8: Banco | C8: Descrição | D8: Tipo | E8: Und | F8: Quantidade | H8: Valor Unitário | J8: Total | M8: Peso | N8: Valor Acumulado | O8: Peso Acumulado
F9: Operativa | G9: Improdutiva | H9: Operativa | I9: Improdutiva | J9: Operativa | K9: Improdutiva | L9: Geral
A10: UFF_COTAÇÃO 163 | B10: Próprio | C10: PAINEL GERAL DE BAIXA TENSÃO, AUTOPORTANTE (QGBT-AC), FABRICADOS CONFORME IEC NBR 60439-1, TENSÃO 380V, BARRAMENTO TRIPOLAR+NEUTRO+TERRA DE 4000A, COM UM CIRCUITO DE ENTRADA COM DISJUNTOR GERAL ABERTO DE 4000A, 1 RELE DE MULTIFUNÇÃO, COM DISJUNTORES DE SAÍDA EM CAIXA MOLDADA ICC=100kA, COMPLETO. FORNECIMENTO E MONTAGEM. | D10: Material | E10: UN | F10: 1,0000000 | H10: 968.388,69 | J10: 968.388,69 | L10: 968388.69 | M10: 4,85% | N10: 968388.69 | O10: 4,85%
A11: UFF_COTAÇÃO 235 | B11: Próprio | C11: CHILLER CONDENSAÇÃO A AR COM COMPRESSOR PARAFUSO (EFETIVO) - MODELO 30XSB300 - CAPACIDADE 282,5TR - TBS EXT 38,1ºC - TBS INT 21ºC - UR EXTERNA 80% - UR INTERNA 50% - VAZÃO DE AR 168544,8m³/h - TEMP. DE ADMISSÃO 5ºC - TEMP. DE RETORNO 10,5ºC - VAZÃO DE ÁGUA 185m³/h - POTÊNCIA 325,6KW / 483A - PESO 6734kg - ALIMENTAÇÃO 3F/380V/60Hz - MARCA CARRIER OU EQUIVALENTE TÉCNICO | D11: Equipamento | E11: UN | F11: 1,0000000 | G11: 0,0000000 | H11: 853.878,73 | I11: 817.969,85 | J11: 853.878,73 | K11: 0,00 | L11: 853878.73 | M11: 4,28% | N11: 1822267.4 | O11: 9,13%
A12: 00001001 | B12: SINAPI | C12: CABO DE COBRE, FLEXIVEL, CLASSE 4 OU 5, ISOLACAO EM PVC/A, ANTICHAMA BWF-B, COBERTURA PVC-ST1, ANTICHAMA BWF-B, 1 CONDUTOR, 0,6/1 KV, SECAO NOMINAL 300 MM2 | D12: Material | E12: M | F12: 2.213,4105000 | H12: 325,36 | J12: 720.155,24 | L12: 720155.24 | M12: 3,61% | N12: 2542422.7 | O12: 12,74%
A13: UFF_COTAÇÃO 161 | B13: Próprio | C13: PAINEL GERAL DE BAIXA TENSÃO, AUTOPORTANTE (QGBT-N), FABRICADOS CONFORME IEC NBR 60439-1, TENSÃO 220/127V, BARRAMENTO TRIPOLAR+NEUTRO+TERRA DE 5500A, COM DOIS CIRCUITOS DE ENTRADA COM DISJUNTORES GERAIS ABERTOS DE 3200A, 2 RELES DE MULTIFUNÇÃO, COM DISJUNTORES DE SAÍDA EM CAIXA MOLDADA ICC=100kA | D13: Material | E13: UN | F13: 1,0000000 | H13: 563.976,25 | J13: 563.976,25 | L13: 563976.25 | M13: 2,83% | N13: 3106398.9 | O13: 15,56%
A14: 00002436 | B14: SINAPI | C14: ELETRICISTA (HORISTA) | D14: Mão de Obra | E14: H | F14: 17.771,0948861 | H14: 25,81 | J14: 458.671,96 | L14: 458671.96 | M14: 2,30% | N14: 3565070.9 | O14: 17,86%
A15: 00037370 | B15: SINAPI | C15: ALIMENTACAO - HORISTA (COLETADO CAIXA - ENCARGOS COMPLEMENTARES) | D15: Material | E15: H | F15: 87.457,6064150 | H15: 4,84 | J15: 423.294,82 | L15: 423294.82 | M15: 2,12% | N15: 3988365.7 | O15: 19,98%
A16: UFF_COTAÇÃO 301 | B16: Próprio | C16: MANUTENÇÃO DOS ELEVADORES DE FABRICAÇÃO THYSSENKRUP COM SUBSTITUIÇÃO DOS PAINEIS DE FORÇA E CONTROLE NAS CASAS DE MÁQUINAS, SUBESTITUIÇÃO DOS TRANSFORMADORES, SUBSTITUIÇÃO DAS BOTOEIRAS EXTERNAS, SUBSTITUIÇÃO DOS PAINÉIS DE COMANDO INTERNO DAS CABINES, SUBSTIRUIÇÃO DOS CABOS DE COMANDO ENTRE OS PAINEIS E AS CABINES E SUBSTITUIÇÃO DAS PORTAS | D16: Serviços | E16: mês | F16: 1,0000000 | H16: 399.237,20 | J16: 399.237,20 | L16: 399237.2 | M16: 2,00% | N16: 4387602.9 | O16: 21,98%
A17: 00022 | B17: EMOP | C17: ALUMINIO EM PERFIL TUBULAR EXTRUDADO, LI GA COMUM | D17: Material | E17: KG | F17: 11.320,8677200 | H17: 34,92 | J17: 395.324,70 | L17: 395324.7 | M17: 1,98% | N17: 4782927.6 | O17: 23,96%
A18: 00006111 | B18: SINAPI | C18: SERVENTE DE OBRAS (HORISTA) | D18: Mão de Obra | E18: H | F18: 18.945,5940978 | H18: 18,83 | J18: 356.745,54 | L18: 356745.54 | M18: 1,79% | N18: 5139673.1 | O18: 25,75%
A19: 00000247 | B19: SINAPI | C19: AJUDANTE DE ELETRICISTA (HORISTA) | D19: Mão de Obra | E19: H | F19: 17.391,6879630 | H19: 19,82 | J19: 344.703,26 | L19: 344703.26 | M19: 1,73% | N19: 5484376.4 | O19: 27,47%
A20: 00040813 | B20: SINAPI | C20: ENGENHEIRO CIVIL DE OBRA PLENO (MENSALISTA) | D20: Mão de Obra | E20: MES | F20: 12,1334400 | H20: 23.997,99 | J20: 291.178,17 | L20: 291178.17 | M20: 1,46% | N20: 5775554.5 | O20: 28,93%
A21: 00004792 | B21: SINAPI | C21: PLACA VINILICA SEMIFLEXIVEL PARA PISOS, E = 3,2 MM, 30 X 30 CM (SEM COLOCACAO) | D21: Material | E21: m² | F21: 1.516,2600000 | H21: 188,43 | J21: 285.708,87 | L21: 285708.87 | M21: 1,43% | N21: 6061263.4 | O21: 30,36%
A22: 11219 | B22: EMOP | C22: PLACA TIPO COLMEIA,EM ALUMINIO PRE-PINTA DO,MODULACAO DE (62X62)CM,MALHA MEDINDO APROX.(5X5)CM,FIXADO C/PERFIL T APARENTE | D22: Material | E22: m² | F22: 670,7400000 | H22: 420,23 | J22: 281.865,07 | L22: 281865.07 | M22: 1,41% | N22: 6343128.5 | O22: 31,77%
A23: UFF_COTAÇÃO 172 | B23: Próprio | C23: PAINEL DE MÉDIA TENSÃO DA SUBESTAÇÃO. FORNECIMENTO. | D23: Material | E23: CJ | F23: 1,0000000 | H23: 267.355,80 | J23: 267.355,80 | L23: 267355.8 | M23: 1,34% | N23: 6610484.3 | O23: 33,11%
... A29: 00039599 | B29: SINAPI | C29: CABO DE REDE, PAR TRANCADO UTP, 4 PARES, CATEGORIA 6 (CAT 6), ISOLAMENTO PVC (LSZH) | D29: Material | E29: M | F29: 27.033,7200000 | H29: 7,63 | J29: 206.267,28 | L29: 206267.28 | M29: 1,03% | N29: 7994237.5 | O29: 40,04%
A30: UFF_COTAÇÃO 238 | B30: Próprio | C30: UNIDADE DE TRATAMENTO DE AR 100% AR EXTERNO COM MOTOR EC - MODELO TKZ - FILTROS G4 + F8 - CAPACIDADE 105,31TR - TBS EXT 38,1ºC - TBS INT. 21ºC - UR EXTERNA 80% - UR INTERNA 50% - VAZÃO DE INSUFLAMENTO 15644m³/h - TEMP. DE ADMISSÃO 5ºC - TEMP. DE RETORNO 10,5ºC - VAZÃO DE ÁGUA 57,9m³/h - Pd 100Pa - RESIST DE AQUECIMENTO 46,8kW - POTÊNCIA 6,55KW / 29,77A - PESO 1635kg - ALIMENTAÇÃO 3F/220V/60Hz - MARCA TROX OU EQUIVALENTE TÉCNICO | D30: Equipamento | E30: UN | F30: 1,0000000 | G30: 0,0000000 | H30: 204.859,51 | I30: 196.244,38 | J30: 204.859,51 | K30: 0,00 | L30: 204859.51 | M30: 1,03% | N30: 8199097 | O30: 41,07%
A31: 20153 | B31: EMOP | C31: MAO-DE-OBRA DE VIGIA, INCLUSIVE ENCARGOS SOCIAIS DESONERADOS | D31: Mão de Obra | E31: H | F31: 9.902,2800000 | H31: 20,20 | J31: 200.026,06 | L31: 200026.06 | M31: 1,00% | N31: 8399123.1 | O31: 42,07%
A32: UFF_COTAÇÃO 165 | B32: Próprio | C32: PAINEL DE FORÇA E COMANDO PARA AS UTAS, 380V, INCLUINDO CONTROLE DO MOTOR DE 15CV POR INVERSOR DE FREQUENCIA, CONTROLE DE RESISTENCIAS POR MÓDULO DE POTENCIA ANALÓGICO ATÉ 100A E PROTEÇÃO TERMOMAGNÉTICA PARA OS CIRCUITO ALIMENTADOR E O CIRCUITO DA RESISTENACIA POR DISJUNTOR E DO MOTOR POR DISJUNTOR MOTOR E RELÉ TÉRMICO. FORNECIMENTO E MONTAGEM. | D32: Material | E32: UN | F32: 2,0000000 | H32: 94.978,13 | J32: 189.956,26 | L32: 189956.26 | M32: 0,95% | N32: 8589079.4 | O32: 43,02%
A33: UFF_COTAÇÃO 237 | B33: Próprio | C33: UNIDADE DE TRATAMENTO DE AR 100% AR EXTERNO COM MOTOR EC - MODELO TKZ - FILTROS G4 + F8 - CAPACIDADE 93,59TR - TBS EXT 38,1ºC - TBS INT. 21ºC - UR EXTERNA 80% - UR INTERNA 50% - VAZÃO DE INSUFLAMENTO 14340m³/h - TEMP. DE ADMISSÃO 5ºC - TEMP. DE RETORNO 10,5ºC - VAZÃO DE ÁGUA 51,46m³/h - Pd 100Pa - RESIST DE AQUECIMENTO 39kW - POTÊNCIA 6,29KW / 28,59A - PESO 1437kg - ALIMENTAÇÃO 3F/220V/60Hz - MARCA TROX OU EQUIVALENTE TÉCNICO | D33: Equipamento | E33: UN | F33: 1,0000000 | G33: 0,0000000 | H33: 184.998,76 | I33: 177.218,85 | J33: 184.998,76 | K33: 0,00 | L33: 184998.76 | M33: 0,93% | N33: 8774078.1 | O33: 43,95%
A34: UFF_COTAÇÃO 26 | B34: Próprio | C34: CALHA CONDUTORA TRIFÁSICA COM NEUTRO 100%+ 50% TERRA, ISOLAMENTO PARA 1000V, CORRENTE NOMINAL 4000A, 120KA (Icc), IP55, PARA USO INTERNO/EXTERNO, TIPO BARRA-COLADA, COM UMA BARRA DE ATERRAMENTO 100%. NAS DIMENSÕES APROXIMADAS DE: (512 X 136 X 3000). | D34: Material | E34: UN | F34: 1,0000000 | H34: 182.766,30 | J34: 182.766,30 | L34: 182766.3 | M34: 0,92% | N34: 8956844.4 | O34: 44,87%
A35: UFF_COTAÇÃO 182 | B35: Próprio | C35: CAMERA POE, FIXA, RESOLUÇÃO 4K, 8 MEGAPIXELS, ALCANCE DE ATÉ 60 METROS, USO INTERNO/EXTERNO, COM INFRAVERMELHO, CASE METÁLICO, INDICE DE PROTEÇÃO IP67, COM PROTEÇÃO ANTI-SURTO. | D35: Equipamento | E35: UN | F35: 113,0000000 | G35: 0,0000000 | H35: 1.570,03 | I35: 1.354,05 | J35: 177.413,39 | K35: 0,00 | L35: 177413.39 | M35: 0,89% | N35: 9134257.8 | O35: 45,75%
A36: 20132 | B36: EMOP | C36: MAO-DE-OBRA DE SERVENTE DA CONSTRUCAO CI VIL, INCLUSIVE ENCARGOS SOCIAIS DESONERA DOS | D36: Mão de Obra | E36: H | F36: 9.010,6253762 | H36: 19,16 | J36: 172.643,58 | L36: 172643.58 | M36: 0,86% | N36: 9306901.4 | O36: 46,62%
A37: UFF_COTAÇÃO 236 | B37: Próprio | C37: UNIDADE CONDENSADORA VRF TIPO - MODELO INOVA MV6-850WV2DN1 - CAPACIDADE 290kBTU/h - POTÊNCIA 25,68kW / 116,73A - ALIMENTAÇÃO 3F/220V/60Hz - PESO 507kg - MARCA CARRIER OU EQUIVALENTE TÉCNICO | D37: Equipamento | E37: UN | F37: 1,0000000 | G37: 0,0000000 | H37: 155.966,19 | I37: 149.407,21 | J37: 155.966,19 | K37: 0,00 | L37: 155966.19 | M37: 0,78% | N37: 9462867.6 | O37: 47,40%
A38: 036595 | B38: SBC | C38: TUBO ACO INOX AISI 304 REDONDO 1" (25,40mm) ESPESSURA DA PAREDE 1,2 mm | D38: Material | E38: M | F38: 3.885,1506000 | H38: 39,17 | J38: 152.181,35 | L38: 152181.35 | M38: 0,76% | N38: 9615048.9 | O38: 48,16%
A39: 005053 | B39: SBC | C39: FORRO MINERAL DUNE MICROLOOK T15 16 x 625 x 625mm ARMSTRONG | D39: Material | E39: m² | F39: 1.117,3785000 | H39: 135,05 | J39: 150.901,97 | L39: 150901.97 | M39: 0,76% | N39: 9765950.9 | O39: 48,92%
A40: 00001018 | B40: SINAPI | C40: CABO DE COBRE, FLEXIVEL, CLASSE 4 OU 5, ISOLACAO EM PVC/A, ANTICHAMA BWF-B, COBERTURA PVC-ST1, ANTICHAMA BWF-B, 1 CONDUTOR, 0,6/1 KV, SECAO NOMINAL 50 MM2 | D40: Material | E40: M | F40: 2.810,2305000 | H40: 53,39 | J40: 150.038,21 | L40: 150038.21 | M40: 0,75% | N40: 9915989.1 | O40: 49,67%
A41: 036542 | B41: SBC | C41: MANTA ISOLANTE FLEXIVEL EM BORRACHA ELASTOMERICA 25mm | D41: Material | E41: m² | F41: 645,7500000 | H41: 223,48 | J41: 144.312,21 | L41: 144312.21 | M41: 0,72% | N41: 10060301 | O41: 50,39%
A42: 00037371 | B42: SINAPI | C42: TRANSPORTE - HORISTA (COLETADO CAIXA - ENCARGOS COMPLEMENTARES) | D42: Material | E42: H | F42: 87.457,6064150 | H42: 1,58 | J42: 138.183,02 | L42: 138183.02 | M42: 0,69% | N42: 10198484 | O42: 51,09%
A43: 13256 | B43: EMOP | C43: TRANSFORMADOR DISTRIB.A SECO DE 1000KVA, ABRIGADO CLASSE 15KV TENSAO PRIMARIA 13, 8KV, TENSAO SECUND.220/127V-60HZ,C/ACESS | D43: Material | E43: UN | F43: 1,0000000 | H43: 132.000,00 | J43: 132.000,00 | L43: 132000 | M43: 0,66% | N43: 10330484 | O43: 51,75%
A44: 00040819 | B44: SINAPI | C44: MESTRE DE OBRAS (MENSALISTA) | D44: Mão de Obra | E44: MES | F44: 12,1916400 | H44: 10.293,36 | J44: 125.492,94 | L44: 125492.94 | M44: 0,63% | N44: 10455977 | O44: 52,37%
A45: 00037372 | B45: SINAPI | C45: EXAMES - HORISTA (COLETADO CAIXA - ENCARGOS COMPLEMENTARES) | D45: Material | E45: H | F45: 87.504,3064150 | H45: 1,43 | J45: 125.131,16 | L45: 125131.16 | M45: 0,63% | N45: 10581108 | O45: 53,00%
A46: 00039492 | B46: SINAPI | C46: KIT PORTA PRONTA DE MADEIRA, FOLHA MEDIA (NBR 15930) DE 800 X 2100 MM, DE 35 MM A 40 MM DE ESPESSURA, NUCLEO SEMI-SOLIDO (SARRAFEADO), ESTRUTURA USINADA PARA FECHADURA, CAPA LISA EM HDF, ACABAMENTO MELAMINICO BRANCO (INCLUI MARCO, ALIZARES E DOBRADICAS) | D46: Material | E46: UN | F46: 119,7500000 | H46: 1.038,43 | J46: 124.351,99 | L46: 124351.99 | M46: 0,62% | N46: 10705460 | O46: 53,62%
A47: 087499 | B47: SBC | C47: LUMINARIA DE EMBUTIR COM REFLETOR ALETA ALTA PARA 4 LAMPADAS TUBOLED 60cm | D47: Material | E47: UN | F47: 605,0000000 | H47: 179,22 | J47: 108.428,10 | L47: 108428.1 | M47: 0,54% | N47: 10813889 | O47: 54,17%
A48: 20017 | B48: EMOP | C48: MAO-DE-OBRA DE ARQUITETO OU ENGENHEIRO J UNIOR-PROJETO E CONSULTORIA, INCLUSIVE E NCARGOS SOCIAIS DESONERADOS | D48: Mão de Obra | E48: H | F48: 792,1077807 | H48: 130,31 | J48: 103.219,56 | L48: 103219.56 | M48: 0,52% | N48: 10917108 | O48: 54,68%
A49: 008415 | B49: SBC | C49: CONCRETO USINADO 35.0 MPa COM CUSTO DE BOMBEAMENTO | D49: Material | E49: m³ | F49: 169,0353000 | H49: 579,38 | J49: 97.935,67 | L49: 97935.672 | M49: 0,49% | N49: 11015044 | O49: 55,18%
... A61: 00041084 | B61: SINAPI | C61: SERVENTE DE OBRAS (MENSALISTA) | D61: Mão de Obra | E61: MES | F61: 24,3832800 | H61: 3.309,86 | J61: 80.705,24 | L61: 80705.243 | M61: 0,40% | N61: 12067560 | O61: 60,45%
A62: UFF_COTAÇÃO 233 | B62: Próprio | C62: BOMBA CENTRÍFUGA DE VOLUTA (EFETIVO) - MONOCELULAR NÃO AUTO-FERRANTE - NBG 150-125-250/269 AASF2LESBQQETX4 - VAZÃO DE ÁGUA 277,50 m³/h - ALTURA MANOMÉTICA 25m - ROTAÇÃO 1782rpm - PRESSÃO MÁX. 16bar - POTÊNCIA 45KW / 80A - PESO 526kg - ALIMENTAÇÃO 3F/400/690V/60Hz - MARCA GRUNDFOS OU EQUIVALENTE TÉCNICO | D62: Equipamento | E62: UN | F62: 1,0000000 | G62: 0,0000000 | H62: 79.111,54 | I62: 75.784,60 | J62: 79.111,54 | K62: 0,00 | L62: 79111.54 | M62: 0,40% | N62: 12146672 | O62: 60,84%
A63: UFF_COTAÇÃO 234 | B63: Próprio | C63: BOMBA CENTRÍFUGA DE VOLUTA (RESERVA) - MONOCELULAR NÃO AUTO-FERRANTE - NBG 150-125-250/269 AASF2LESBQQETX4 - VAZÃO DE ÁGUA 277,50 m³/h - ALTURA MANOMÉTICA 25m - ROTAÇÃO 1782rpm - PRESSÃO MÁX. 16bar - POTÊNCIA 45KW / 80A - PESO 526kg - ALIMENTAÇÃO 3F/400/690V/60Hz - MARCA GRUNDFOS OU EQUIVALENTE TÉCNICO | D63: Equipamento | E63: UN | F63: 1,0000000 | G63: 0,0000000 | H63: 79.111,54 | I63: 75.784,60 | J63: 79.111,54 | K63: 0,00 | L63: 79111.54 | M63: 0,40% | N63: 12225784 | O63: 61,24%
A64: UFF_COTAÇÃO 232 | B64: Próprio | C64: BOMBA CENTRÍFUGA DE VOLUTA (RESERVA) - MONOCELULAR NÃO AUTO-FERRANTE - MODELO NBG 150-125-400/414 AASF2KESBQQE1X4 - VAZÃO DE ÁGUA 185 m³/h - ALTURA MANOMÉTICA 80m - ROTAÇÃO 1792rpm - PRESSÃO MÁX. 16bar - POTÊNCIA 110KW / 194A - PESO 1300kg - ALIMENTAÇÃO 3F/400/690V/60Hz - MARCA GRUNDFOS OU EQUIVALENTE TÉCNICO | D64: Equipamento | E64: UN | F64: 1,0000000 | G64: 0,0000000 | H64: 75.550,80 | I64: 72.373,60 | J64: 75.550,80 | K64: 0,00 | L64: 75550.8 | M64: 0,38% | N64: 12301334 | O64: 61,62%
A65: UFF_COTAÇÃO 231 | B65: Próprio | C65: BOMBA CENTRÍFUGA DE VOLUTA (EFETIVO) - MONOCELULAR NÃO AUTO-FERRANTE - MODELO NBG 150-125-400/414 AASF2KESBQQE1X4 - VAZÃO DE ÁGUA 185 m³/h - ALTURA MANOMÉTICA 80m - ROTAÇÃO 1792rpm - PRESSÃO MÁX. 16bar - POTÊNCIA 110KW / 194A - PESO 1300kg - ALIMENTAÇÃO 3F/400/690V/60Hz - MARCA GRUNDFOS OU EQUIVALENTE TÉCNICO | D65: Equipamento | E65: UN | F65: 1,0000000 | G65: 0,0000000 | H65: 75.550,80 | I65: 72.373,60 | J65: 75.550,80 | K65: 0,00 | L65: 75550.8 | M65: 0,38% | N65: 12376885 | O65: 62,00%
A66: 20131 | B66: EMOP | C66: MAO-DE-OBRA DE SERRALHEIRO DA CONSTRUCAO CIVIL, INCLUSIVE ENCARGOS SOCIAIS DESON ERADOS | D66: Mão de Obra | E66: H | F66: 2.627,8472400 | H66: 28,55 | J66: 75.025,04 | L66: 75025.039 | M66: 0,38% | N66: 12451910 | O66: 62,37%
A67: 203034 | B67: SBC | C67: BLOCO AUTONOMO DE ILUMINACAO DE EMERGENCIA DOIS FAROIS LED 2200 LUMENS BATERIA SELADA AUTONOMIA 2 HORAS INTELBRAS | D67: Material | E67: UN | F67: 253,0000000 | H67: 291,57 | J67: 73.767,21 | L67: 73767.21 | M67: 0,37% | N67: 12525677 | O67: 62,74%
A68: UFF_COTAÇÃO 49 | B68: Próprio | C68: MODULO DE EXPANSAO TM3 2 ENTRADAS ANALOGICAS ALTA RESISTENCIA OU SIMILAR TÉCNICO | D68: Material | E68: UN | F68: 39,0000000 | H68: 1.885,82 | J68: 73.546,98 | L68: 73546.98 | M68: 0,37% | N68: 12599224 | O68: 63,11%
A69: MAT061950 | B69: SCO | C69: Forro acustico, RH-90, perfil Javelim, Armstrong, Hunter Douglas ou similar, medindo: (625x625x19)mm, tipo Cirrus | D69: Material | E69: m² | F69: 351,8970000 | H69: 207,00 | J69: 72.842,68 | L69: 72842.679 | M69: 0,36% | N69: 12672067 | O69: 63,48%
A70: 001238 | B70: SBC | C70: GRUPO GERADOR 49,5/55 KVA YBG55TE 127/220V YANMAR | D70: Material | E70: UN | F70: 1,0000000 | H70: 72.410,00 | J70: 72.410,00 | L70: 72410 | M70: 0,36% | N70: 12744477 | O70: 63,84%
A71: 00000977 | B71: SINAPI | C71: CABO DE COBRE, FLEXIVEL, CLASSE 4 OU 5, ISOLACAO EM PVC/A, ANTICHAMA BWF-B, COBERTURA PVC-ST1, ANTICHAMA BWF-B, 1 CONDUTOR, 0,6/1 KV, SECAO NOMINAL 70 MM2 | D71: Material | E71: M | F71: 963,5395000 | H71: 74,69 | J71: 71.966,77 | L71: 71966.765 | M71: 0,36% | N71: 12816444 | O71: 64,20%
A72: 00007356 | B72: SINAPI | C72: TINTA LATEX ACRILICA PREMIUM, COR BRANCO FOSCO | D72: Material | E72: L | F72: 2.165,1551060 | H72: 32,47 | J72: 70.302,59 | L72: 70302.586 | M72: 0,35% | N72: 12886746 | O72: 64,55%
A73: 02845 | B73: EMOP | C73: TUBO DE ACO GALVANIZADO, COM COSTURA, PE SADO, NBR 5580, DN=1.1/4" | D73: Material | E73: M | F73: 1.704,9413520 | H73: 41,04 | J73: 69.970,79 | L73: 69970.793 | M73: 0,35% | N73: 12956717 | O73: 64,90%
A74: 00000242 | B74: SINAPI | C74: AJUDANTE ESPECIALIZADO (HORISTA) | D74: Mão de Obra | E74: H | F74: 3.403,7928664 | H74: 20,15 | J74: 68.586,43 | L74: 68586.426 | M74: 0,34% | N74: 13025304 | O74: 65,24%
A75: 099230 | B75: SBC | C75: SERRALHEIRO | D75: Mão de Obra | E75: H | F75: 2.360,0779200 | H75: 28,99 | J75: 68.429,86 | L75: 68429.855 | M75: 0,34% | N75: 13093733 | O75: 65,59%
A76: 00040810 | B76: SINAPI | C76: APONTADOR OU APROPRIADOR DE MAO DE OBRA (MENSALISTA) | D76: Mão de Obra | E76: MES | F76: 12,1916400 | H76: 5.409,52 | J76: 65.950,92 | L76: 65950.92 | M76: 0,33% | N76: 13159684 | O76: 65,92%
A77: 00034492 | B77: SINAPI | C77: CONCRETO USINADO BOMBEAVEL, CLASSE DE RESISTENCIA C20, COM BRITA 0 E 1, SLUMP = 100 +/- 20 MM, EXCLUI SERVICO DE BOMBEAMENTO (NBR 8953) | D77: Material | E77: m³ | F77: 132,8206390 | H77: 490,00 | J77: 65.082,11 | L77: 65082.113 | M77: 0,33% | N77: 13224766 | O77: 66,24%
... A84: 00001214 | B84: SINAPI | C84: CARPINTEIRO DE ESQUADRIAS (HORISTA) | D84: Mão de Obra | E84: H | F84: 1.965,0539298 | H84: 29,48 | J84: 57.929,79 | L84: 57929.79 | M84: 0,29% | N84: 13655718 | O84: 68,40%
A85: UFF_COTAÇÃO 225 | B85: Próprio | C85: FANCOLETE TIPO BUILT-IN DE ALTA EFICIÊNCIA (NOVO) COM FILTRO G4 E KIT VÁLVULA 2 VIAS - MODELO 42BB 044 - CAPACIDADE 46319BTU/h - POTÊNCIA 684W - ALIMENTAÇÃO 1F/220V/60Hz - MARCA CARRIER OU EQUIVALENTE TÉCNICO.FORNECIMENTO | D85: Equipamento | E85: UN | F85: 10,0000000 | G85: 0,0000000 | H85: 5.632,37 | I85: 5.395,51 | J85: 56.323,70 | K85: 0,00 | L85: 56323.7 | M85: 0,28% | N85: 13712042 | O85: 68,97%
A86: 003462 | B86: SBC | C86: CAIXILHO DE ALUMINIO ANODIZADO C28 NATURAL | D86: Material | E86: m² | F86: 68,7960000 | H86: 816,56 | J86: 56.176,06 | L86: 56176.062 | M86: 0,28% | N86: 13768218 | O86: 69,26%
A87: 04752 | B87: EMOP | C87: ELETRODUTO DE FERRO GALVANIZADO, MEDIO, GALVANIZACAO A FOGO, NBR 5624, EM BARRAS DE 3M, DE 1" | D87: Material | E87: UN | F87: 1.503,7137500 | H87: 36,04 | J87: 54.193,84 | L87: 54193.844 | M87: 0,27% | N87: 13822412 | O87: 69,53%
A88: 14836 | B88: EMOP | C88: LOCACAO DE ANDAIME METALICO COM ELEMENTO S TUBULARES SOBRE SAPATAS,C/ESCADA DE AC ESSO E GUARDA-CORPO,EXCL.PISO E TRANSP. | D88: Material | E88: M2XMES | F88: 1.344,0000000 | H88: 39,66 | J88: 53.303,04 | L88: 53303.04 | M88: 0,27% | N88: 13875715 | O88: 69,79%
A89: 00039596 | B89: SINAPI | C89: PATCH PANEL, 24 PORTAS, CATEGORIA 6, COM RACKS DE 19" DE LARGURA E 1 U DE ALTURA | D89: Material | E89: UN | F89: 58,0000000 | H89: 912,88 | J89: 52.947,04 | L89: 52947.04 | M89: 0,27% | N89: 13928662 | O89: 70,06%
A90: UFF_COTAÇÃO 28 | B90: Próprio | C90: INSTALAÇÃO DE BARRAMENTO BLINDADO DE ALUMÍNIO 4000A E QUADRO ELÉTRICO | D90: Serviços | E90: UN | F90: 1,0000000 | H90: 52.650,00 | J90: 52.650,00 | L90: 52650 | M90: 0,26% | N90: 13981312 | O90: 70,32%
A91: 00012872 | B91: SINAPI | C91: GESSEIRO (HORISTA) | D91: Mão de Obra | E91: H | F91: 2.036,0110459 | H91: 25,70 | J91: 52.325,48 | L91: 52325.484 | M91: 0,26% | N91: 14033638 | O91: 70,59%
A92: 00000034 | B92: SINAPI | C92: ACO CA-50, 10,0 MM, VERGALHAO | D92: Material | E92: KG | F92: 6.153,9509000 | H92: 8,50 | J92: 52.308,58 | L92: 52308.583 | M92: 0,26% | N92: 14085946 | O92: 70,85%
A93: UFF_COTAÇÃO 226 | B93: Próprio | C93: FANCOLETE TIPO BUILT-IN DE ALTA EFICIÊNCIA (NOVO) COM FILTRO G4 E KIT VÁLVULA 2 VIAS - MODELO 42BB 055 - CAPACIDADE 58316BTU/h - POTÊNCIA 870W - ALIMENTAÇÃO 1F/220V/60Hz - MARCA CARRIER OU EQUIVALENTE TÉCNICO.FORNECIMENTO | D93: Equipamento | E93: UN | F93: 9,0000000 | G93: 0,0000000 | H93: 5.799,40 | I93: 5.555,51 | J93: 52.194,60 | K93: 0,00 | L93: 52194.6 | M93: 0,26% | N93: 14138141 | O93: 71,11%
A94: COTAÇÃO 307 | B94: Próprio | C94: ESTABILIZADOR DE TENSÃO MICROPROCESSADO, TRIFÁSICO, TENSÃO IN/OUT 220/127 V, POTÊNCIA NOMINAL 40 kVA | D94: Material | E94: un | F94: 2,0000000 | H94: 25.000,00 | J94: 50.000,00 | L94: 50000 | M94: 0,25% | N94: 14188141 | O94: 71,36%
A95: 00021151 | B95: SINAPI | C95: TUBO ACO CARBONO SEM COSTURA 4", E= *6,02 MM, SCHEDULE 40, *16,06 KG/M | D95: Material | E95: M | F95: 144,8885500 | H95: 340,22 | J95: 49.293,98 | L95: 49293.982 | M95: 0,25% | N95: 14237435 | O95: 71,61%
A96: 00002696 | B96: SINAPI | C96: ENCANADOR OU BOMBEIRO HIDRAULICO (HORISTA) | D96: Mão de Obra | E96: H | F96: 1.914,8379792 | H96: 25,72 | J96: 49.249,63 | L96: 49249.633 | M96: 0,25% | N96: 14286684 | O96: 71,85%
A97: 00007695 | B97: SINAPI | C97: TUBO ACO GALVANIZADO COM COSTURA, CLASSE MEDIA, DN 6", E = 4,85* MM, PESO 19,68* KG/M (NBR 5580) | D97: Material | E97: M | F97: 175,5910000 | H97: 277,57 | J97: 48.738,79 | L97: 48738.794 | M97: 0,24% | N97: 14335423 | O97: 72,10%
A98: 099450 | B98: SBC | C98: AJUDANTE ESPECIALIZADO | D98: Mão de Obra | E98: H | F98: 2.371,7799000 | H98: 20,52 | J98: 48.658,85 | L98: 48658.848 | M98: 0,24% | N98: 14384082 | O98: 72,34%
A99: 099250 | B99: SBC | C99: ELETRICISTA | D99: Mão de Obra | E99: H | F99: 1.800,7100000 | H99: 26,93 | J99: 48.489,98 | L99: 48489.98 | M99: 0,24% | N99: 14432572 | O99: 72,58%
A100: 099900 | B100: SBC | C100: SERVENTE | D100: Mão de Obra | E100: H | F100: 2.440,9987925 | H100: 19,47 | J100: 47.530,78 | L100: 47530.777 | M100: 0,24% | N100: 14480103 | O100: 72,82%
A101: UFF_COTAÇÃO 185 | B101: Próprio | C101: CENTRAL DE ALARME DE INCENDIO INDEREÇAVEL INTELIGENTE PARA ATÉ 10 LAÇOS, COM 159 DETECTORES POR LAÇO, E 318 DISPOSITIVOS POR LAÇO, MODELO NFS2-3030 DE FABRICAÇÃO NOTIFIER OU SIMILAR TÉCNICO | D101: Material | E101: UN | F101: 1,0000000 | H101: 47.282,77 | J101: 47.282,77 | L101: 47282.77 | M101: 0,24% | N101: 14527386 | O101: 73,06%
A102: 00000032 | B102: SINAPI | C102: ACO CA-50, 6,3 MM, VERGALHAO | D102: Material | E102: KG | F102: 5.197,5464000 | H102: 8,96 | J102: 46.570,02 | L102: 46570.016 | M102: 0,23% | N102: 14573956 | O102: 73,29%
A103: 00043148 | B103: SINAPI | C103: MEMBRANA IMPERMEABILIZANTE A BASE DE POLIURETANO | D103: Material | E103: KG | F103: 671,8000000 | H103: 69,04 | J103: 46.381,07 | L103: 46381.072 | M103: 0,23% | N103: 14620337 | O103: 73,52%
A104: 00039873 | B104: SINAPI | C104: JUNTA DE EXPANSAO DE COBRE, PONTA X PONTA, 22 MM | D104: Material | E104: UN | F104: 82,0000000 | H104: 548,33 | J104: 44.963,06 | L104: 44963.06 | M104: 0,23% | N104: 14665300 | O104: 73,75%
A105: 14280 | B105: EMOP | C105: RODAPE ALTA RES.C/ARG.CIM.AGREG.MIN.C/10 CM ALT.,COR NAT.CIM.C/CAN.SAL.BOL.REENT. PISO MEIA CANA,COL.INCL.3 POL.EXC.CIM.AR | D105: Material | E105: M | F105: 567,0000000 | H105: 79,22 | J105: 44.917,74 | L105: 44917.74 | M105: 0,22% | N105: 14710218 | O105: 73,97%
... A122: UFF_COTAÇÃO 52 | B122: Próprio | C122: RACK PARA CONTROLADOR M580 - 12 SLOTS OU SIMILAR TÉCNICO | D122: Material | E122: UN | F122: 8,0000000 | H122: 4.400,33 | J122: 35.202,64 | L122: 35202.64 | M122: 0,18% | N122: 15392049 | O122: 77,39%
A123: UFF_COTAÇÃO 239 | B123: Próprio | C123: VENTILADOR CENTRÍFUGO DE SIMPLES ASPIRAÇÃO COM PÁS CURVASDAS PARA TRÁS - MODELO GTS 800 - VAZÃO MÁX 13596m³/h - Pd 100mmCA - POTÊNCIA 7,5W / 34,09A - PESO 523kg - ALIMENTAÇÃO 3F/380V/60Hz - MARCA BERLINERLUFT OU EQUIVALENTE TÉCNICO | D123: Equipamento | E123: UN | F123: 1,0000000 | G123: 0,0000000 | H123: 34.749,22 | I123: 33.287,88 | J123: 34.749,22 | K123: 0,00 | L123: 34749.22 | M123: 0,17% | N123: 15426798 | O123: 77,56%
A124: 00002701 | B124: SINAPI | C124: INSTALADOR DE TUBULACOES - TUBOS/EQUIPAMENTOS (HORISTA) | D124: Mão de Obra | E124: H | F124: 920,1449344 | H124: 37,68 | J124: 34.671,06 | L124: 34671.061 | M124: 0,17% | N124: 15461469 | O124: 77,74%
A125: 000050 | B125: SBC | C125: CIMENTO PORTLAND CP III 32RS NBR 11578 (quilo) | D125: Material | E125: KG | F125: 50.404,8190000 | H125: 0,68 | J125: 34.275,28 | L125: 34275.277 | M125: 0,17% | N125: 15495744 | O125: 77,91%
A126: 00040863 | B126: SINAPI | C126: EXAMES - MENSALISTA (COLETADO CAIXA - ENCARGOS COMPLEMENTARES) | D126: Material | E126: MES | F126: 126,0000000 | H126: 270,51 | J126: 34.084,26 | L126: 34084.26 | M126: 0,17% | N126: 15529829 | O126: 78,08%
A127: UFF_COTAÇÃO 188 | B127: Próprio | C127: BASE PARA SENSOR DE TEMPERATURA, FUMAÇÃO E MULTIFUNÇÃO ENDEREÇÁVEL | D127: Material | E127: UN | F127: 884,0000000 | H127: 38,53 | J127: 34.060,52 | L127: 34060.52 | M127: 0,17% | N127: 15563889 | O127: 78,25%
A128: 10962 | B128: EMOP | C128: ALUGUEL CACAMBA DE ACO TIPO CONTAINER C/ 5M3 CAPAC.P/RETIRADA ENTULHO OBRA,INCL.C ARREGA.,TRANSP.E DESCAR.LOCAIS AUTORIZ. | D128: Material | E128: UN | F128: 96,0000000 | H128: 350,00 | J128: 33.600,00 | L128: 33600 | M128: 0,17% | N128: 15597489 | O128: 78,42%
A129: 00001525 | B129: SINAPI | C129: CONCRETO USINADO BOMBEAVEL, CLASSE DE RESISTENCIA C30, BRITA 0 E 1, SLUMP = 100 +/- 20 MM, COM BOMBEAMENTO (DISPONIBILIZACAO DE BOMBA), SEM O LANCAMENTO (NBR 8953) | D129: Material | E129: m³ | F129: 58,2326900 | H129: 562,58 | J129: 32.760,55 | L129: 32760.547 | M129: 0,16% | N129: 15630250 | O129: 78,58%
A130: UFF_COTAÇÃO 27 | B130: Próprio | C130: Quadro de distribuição de luz e força, tipo SOBREPOR, para uso abrigado (interno), construído em chapa de aço bitola #16, grau de proteção IP54, provido de placa de montagem na cor laranja, espelho de proteção dos barramentos em policarbonato (anti-fulgor), portas com dobradiças internas e fecho tipo fenda. Pintura de acabamento final na cor cinza claro RAL-7032. Nas dimensões aproximadas de: (1,4 X 0,8 X 0,25). | D130: Material | E130: UN | F130: 1,0000000 | H130: 32.026,32 | J130: 32.026,32 | L130: 32026.32 | M130: 0,16% | N130: 15662276 | O130: 78,74%
A131: UFF_COTAÇÃO 46 | B131: Próprio | C131: CONTROLADOR LOGICO PROGRAMAVEL M241 24IO OU SIMILAR TÉCNICO COM TODOS OS ACESSÓRIOS NECESSÁRIOS | D131: Material | E131: UN | F131: 3,0000000 | H131: 10.544,70 | J131: 31.634,10 | L131: 31634.1 | M131: 0,16% | N131: 15693910 | O131: 78,90%
A132: 00007156 | B132: SINAPI | C132: TELA DE ACO SOLDADA NERVURADA, CA-60, Q-196, (3,11 KG/M2), DIAMETRO DO FIO = 5,0 MM, LARGURA = 2,45 M, ESPACAMENTO DA MALHA = 10 X 10 CM | D132: Material | E132: m² | F132: 1.329,3188480 | H132: 23,55 | J132: 31.305,46 | L132: 31305.459 | M132: 0,16% | N132: 15725216 | O132: 79,06%
A133: 00020 | B133: EMOP | C133: ACO CA-50, ESTIRADO, PRECO DE REVENDEDOR , NO DIAMETRO DE 20,0MM | D133: Material | E133: KG | F133: 4.628,1888000 | H133: 6,75 | J133: 31.240,27 | L133: 31240.274 | M133: 0,16% | N133: 15756456 | O133: 79,21%
A134: 00039872 | B134: SINAPI | C134: JUNTA DE EXPANSAO DE COBRE, PONTA X PONTA, 15 MM | D134: Material | E134: UN | F134: 66,0000000 | H134: 472,72 | J134: 31.199,52 | L134: 31199.52 | M134: 0,16% | N134: 15787655 | O134: 79,37%
A135: 008100 | B135: SBC | C135: VASO SANITARIO CONVENCIONAL BRANCO VOGUE PLUS - DECA | D135: Material | E135: UN | F135: 29,0000000 | H135: 1.074,90 | J135: 31.172,10 | L135: 31172.1 | M135: 0,16% | N135: 15818827 | O135: 79,53%
... A161: 00507 | B161: EMOP | C161: TAMPAO DE FERRO FUNDIDO NODULAR MISTO, A RTICULADO, DIAMETRO DE 60CM, TIPO PESADO | D161: Material | E161: UN | F161: 49,0000000 | H161: 514,80 | J161: 25.225,20 | L161: 25225.2 | M161: 0,13% | N161: 16540737 | O161: 83,14%
A162: UFF_COTAÇÃO 240 | B162: Próprio | C162: VENTILADOR CENTRÍFUGO DE SIMPLES ASPIRAÇÃO COM PÁS CURVASDAS PARA TRÁS - MODELO GTS 630 - VAZÃO MÁX 9816m³/h - Pd 100mmCA - POTÊNCIA 4,5W / 20,45A - PESO 274kg - ALIMENTAÇÃO 3F/380V/60Hz - MARCA BERLINERLUFT OU EQUIVALENTE TÉCNICO | D162: Equipamento | E162: UN | F162: 1,0000000 | G162: 0,0000000 | H162: 24.983,01 | I162: 23.932,38 | J162: 24.983,01 | K162: 0,00 | L162: 24983.01 | M162: 0,13% | N162: 16565720 | O162: 83,39%
A163: 00043836 | B163: SINAPI | C163: RACK DE PISO PARA SERVIDOR, FECHADO, 44U, COM PORTA, 44U X *570* MM | D163: Material | E163: UN | F163: 9,0000000 | H163: 2.773,94 | J163: 24.965,46 | L163: 24965.46 | M163: 0,13% | N163: 16590686 | O163: 83,52%
A164: 00039615 | B164: SINAPI | C164: BARRA ANTIPANICO SIMPLES, CEGA EM LADO OPOSTO, COR CINZA | D164: Material | E164: UN | F164: 37,0000000 | H164: 657,81 | J164: 24.338,97 | L164: 24338.97 | M164: 0,12% | N164: 16615025 | O164: 83,64%
...

Sheet FISICO-FINANCEIRO
I1: Bancos | K1: B.D.I. | L1: BDI EQUIP. | M1: REVISÃO | N1: Encargos Sociais
I2: SINAPI - 07/2025 - Rio de Janeiro SBC - 07/2025 - Rio de Janeiro EMOP - 07/2025 - Rio de Janeiro SCO - 07/2025 - Rio de Janeiro | K2: =BDI!$D$66 -> 0.2549 | L2: =BDI_DIF.!D67 -> 0.1612 | M2: =RESUMO!I16 -> R21 | N2: Desonerado: embutido nos preços unitário dos insumos de mão de obra, de acordo com as bases.
B3: Obra: UFF INSTITUTO DE QUÍMICA_CAMPUS PRAIA VERMELHA
B4: Prazo - 13 MESES
I5: Cronograma Físico e Financeiro
A6: Item | B6: Descrição | C6: Total Por Etapa | D6: MÊS 1 | E6: MÊS 2 | F6: MÊS 3 | G6: MÊS 4 | H6: MÊS 5 | I6: MÊS 6 | J6: MÊS 7 | K6: MÊS 8 | L6: MÊS 9 | M6: MÊS 10 | N6: MÊS 11 | O6: MÊS 12 | P6: MÊS 13
A7: 1 | B7: =RESUMO!B18 -> PROJETOS | C7: =VLOOKUP(B7,RESUMO!$B$18:$I$38,8,FALSE()) -> 128905.04 | P7: 1 | R7: =SUM(E7:P7) -> 1
E8: =ROUNDDOWN($C7*E7,4) -> 0 | F8: =ROUNDDOWN($C7*F7,4) -> 0 | G8: =ROUNDDOWN($C7*G7,4) -> 0 | H8: =ROUNDDOWN($C7*H7,4) -> 0 | I8: =ROUNDDOWN($C7*I7,4) -> 0 | J8: =ROUNDDOWN($C7*J7,4) -> 0 | K8: =ROUNDDOWN($C7*K7,4) -> 0 | L8: =ROUNDDOWN($C7*L7,4) -> 0 | ... P8: =ROUNDDOWN($C7*P7,4) -> 128905.04 | R8: =ROUND(SUM(E8:P8),2) -> 128905.04 | S8: =IF(R8=C7,"OK","DIF") -> OK
A9: 2 | B9: =RESUMO!B19 -> GERENCIAMENTO DE OBRAS / FISCALIZAÇÃO | C9: =VLOOKUP(B9,RESUMO!$B$18:$I$38,8,FALSE()) -> 1806412.1 | D9: =SUM(D8,D12,D14,D16,D18,D20,D22,D24,D26,D28,D30,D32,D34,D36,D38,D40,D42,D44,D46,D48)/(SUM($C$7,$C$9,$C$11,$C$13,$C$15,$C$17,$C$19,$C$21,$C$23,$C$25,$C$27,$C$29,$C$31,$C$33,$C$35,$C$37,$C$39,$C$41,$C$43,$C$45,$C$47)-$C$9) -> 0.0011595746 | E9: =SUM(E8,E12,E14,E16,E18,E20,E22,E24,E26,E28,E30,E32,E34,E36,E38,E40,E42,E44,E46,E48)/(SUM($C$7,$C$9,$C$11,$C$13,$C$15,$C$17,$C$19,$C$21,$C$23,$C$25,$C$27,$C$29,$C$31,$C$33,$C$35,$C$37,$C$39,$C$41,$C$43,$C$45,$C$47)-$C$9) -> 0.010999479 | F9: =SUM(F8,F12,F14,F16,F18,F20,F22,F24,F26,F28,F30,F32,F34,F36,F38,F40,F42,F44,F46,F48)/(SUM($C$7,$C$9,$C$11,$C$13,$C$15,$C$17,$C$19,$C$21,$C$23,$C$25,$C$27,$C$29,$C$31,$C$33,$C$35,$C$37,$C$39,$C$41,$C$43,$C$45,$C$47)-$C$9) -> 0.019681263 | G9: =SUM(G8,G12,G14,G16,G18,G20,G22,G24,G26,G28,G30,G32,G34,G36,G38,G40,G42,G44,G46,G48)/(SUM($C$7,$C$9,$C$11,$C$13,$C$15,$C$17,$C$19,$C$21,$C$23,$C$25,$C$27,$C$29,$C$31,$C$33,$C$35,$C$37,$C$39,$C$41,$C$43,$C$45,$C$47)-$C$9) -> 0.059164525 | H9: =SUM(H8,H12,H14,H16,H18,H20,H22,H24,H26,H28,H30,H32,H34,H36,H38,H40,H42,H44,H46,H48)/(SUM($C$7,$C$9,$C$11,$C$13,$C$15,$C$17,$C$19,$C$21,$C$23,$C$25,$C$27,$C$29,$C$31,$C$33,$C$35,$C$37,$C$39,$C$41,$C$43,$C$45,$C$47)-$C$9) -> 0.078527502 | I9: =SUM(I8,I12,I14,I16,I18,I20,I22,I24,I26,I28,I30,I32,I34,I36,I38,I40,I42,I44,I46,I48)/(SUM($C$7,$C$9,$C$11,$C$13,$C$15,$C$17,$C$19,$C$21,$C$23,$C$25,$C$27,$C$29,$C$31,$C$33,$C$35,$C$37,$C$39,$C$41,$C$43,$C$45,$C$47)-$C$9) -> 0.078527502 | J9: =SUM(J8,J12,J14,J16,J18,J20,J22,J24,J26,J28,J30,J32,J34,J36,J38,J40,J42,J44,J46,J48)/(SUM($C$7,$C$9,$C$11,$C$13,$C$15,$C$17,$C$19,$C$21,$C$23,$C$25,$C$27,$C$29,$C$31,$C$33,$C$35,$C$37,$C$39,$C$41,$C$43,$C$45,$C$47)-$C$9) -> 0.084789967 | K9: =SUM(K8,K12,K14,K16,K18,K20,K22,K24,K26,K28,K30,K32,K34,K36,K38,K40,K42,K44,K46,K48)/(SUM($C$7,$C$9,$C$11,$C$13,$C$15,$C$17,$C$19,$C$21,$C$23,$C$25,$C$27,$C$29,$C$31,$C$33,$C$35,$C$37,$C$39,$C$41,$C$43,$C$45,$C$47)-$C$9) -> 0.11058192 | ... P9: =SUM(P8,P12,P14,P16,P18,P20,P22,P24,P26,P28,P30,P32,P34,P36,P38,P40,P42,P44,P46,P48)/(SUM($C$7,$C$9,$C$11,$C$13,$C$15,$C$17,$C$19,$C$21,$C$23,$C$25,$C$27,$C$29,$C$31,$C$33,$C$35,$C$37,$C$39,$C$41,$C$43,$C$45,$C$47)-$C$9) -> 0.11607323 | R9: =SUM(D9:P9) -> 1
D10: =ROUNDDOWN($C9*D9,4) -> 2094.6695 | E10: =ROUNDDOWN($C9*E9,4) -> 19869.591 | F10: =ROUNDDOWN($C9*F9,4) -> 35552.471 | G10: =ROUNDDOWN($C9*G9,4) -> 106875.51 | H10: =ROUNDDOWN($C9*H9,4) -> 141853.03 | I10: =ROUNDDOWN($C9*I9,4) -> 141853.03 | J10: =ROUNDDOWN($C9*J9,4) -> 153165.62 | K10: =ROUNDDOWN($C9*K9,4) -> 199756.52 | ... P10: =ROUNDDOWN($C9*P9,4) -> 209676.08 | R10: =ROUND(SUM(D10:P10),2) -> 1806412.1 | S10: =IF(R10=C9,"OK","DIF") -> OK
A11: 3 | B11: =RESUMO!B20 -> SERVIÇOS PRELIMINARES | C11: =VLOOKUP(B11,RESUMO!$B$18:$I$38,8,FALSE()) -> 424790.73 | D11: =TRUNC(26435.67/424790.73,4) -> 0.0622 | E11: =(100%-6.22%)/6 -> 0.1563 | F11: =(100%-6.22%)/6 -> 0.1563 | G11: =(100%-6.22%)/6 -> 0.1563 | H11: =(100%-6.22%)/6 -> 0.1563 | I11: =(100%-6.22%)/6 -> 0.1563 | J11: =(100%-6.22%)/6 -> 0.1563 | R11: =SUM(D11:P11) -> 1
D12: =ROUNDDOWN($C11*D11,4) -> 26421.983 | E12: =ROUNDDOWN($C11*E11,4) -> 66394.791 | F12: =ROUNDDOWN($C11*F11,4) -> 66394.791 | G12: =ROUNDDOWN($C11*G11,4) -> 66394.791 | H12: =ROUNDDOWN($C11*H11,4) -> 66394.791 | I12: =ROUNDDOWN($C11*I11,4) -> 66394.791 | J12: =ROUNDDOWN($C11*J11,4) -> 66394.791 | K12: =ROUNDDOWN($C11*K11,4) -> 0 | ... P12: =ROUNDDOWN($C11*P11,4) -> 0 | R12: =ROUND(SUM(D12:P12),2) -> 424790.73 | S12: =IF(R12=C11,"OK","DIF") -> OK
A13: 4 | B13: =RESUMO!B21 -> MOVIMENTO DE TERRA | C13: =VLOOKUP(B13,RESUMO!$B$18:$I$38,8,FALSE()) -> 31617.87 | E13: =100%/3 -> 0.33333333 | F13: =100%/3 -> 0.33333333 | G13: =100%/3 -> 0.33333333 | R13: =SUM(E13:P13) -> 1
E14: =ROUNDDOWN($C13*E13,4) -> 10539.29 | F14: =ROUNDDOWN($C13*F13,4) -> 10539.29 | G14: =ROUNDDOWN($C13*G13,4) -> 10539.29 | H14: =ROUNDDOWN($C13*H13,4) -> 0 | I14: =ROUNDDOWN($C13*I13,4) -> 0 | J14: =ROUNDDOWN($C13*J13,4) -> 0 | K14: =ROUNDDOWN($C13*K13,4) -> 0 | L14: =ROUNDDOWN($C13*L13,4) -> 0 | ... P14: =ROUNDDOWN($C13*P13,4) -> 0 | R14: =ROUND(SUM(E14:P14),2) -> 31617.87 | S14: =IF(R14=C13,"OK","DIF") -> OK
A15: 5 | B15: =RESUMO!B22 -> FUNDAÇÃO E INFRAESTRUTURA | C15: =VLOOKUP(B15,RESUMO!$B$18:$I$38,8,FALSE()) -> 395645.02 | F15: 0.5 | G15: 0.5 | R15: =SUM(E15:P15) -> 1
E16: =ROUNDDOWN($C15*E15,4) -> 0 | F16: =ROUNDDOWN($C15*F15,4) -> 197822.51 | G16: =ROUNDDOWN($C15*G15,4) -> 197822.51 | H16: =ROUNDDOWN($C15*H15,4) -> 0 | I16: =ROUNDDOWN($C15*I15,4) -> 0 | J16: =ROUNDDOWN($C15*J15,4) -> 0 | K16: =ROUNDDOWN($C15*K15,4) -> 0 | L16: =ROUNDDOWN($C15*L15,4) -> 0 | ... P16: =ROUNDDOWN($C15*P15,4) -> 0 | R16: =ROUND(SUM(E16:P16),2) -> 395645.02 | S16: =IF(R16=C15,"OK","DIF") -> OK
A17: 6 | B17: =RESUMO!B23 -> SUPERESTRUTURA | C17: =VLOOKUP(B17,RESUMO!$B$18:$I$38,8,FALSE()) -> 538800.04 | H17: =100%/3 -> 0.33333333 | I17: =100%/3 -> 0.33333333 | J17: =100%/3 -> 0.33333333 | R17: =SUM(E17:P17) -> 1
E18: =ROUNDDOWN($C17*E17,4) -> 0 | F18: =ROUNDDOWN($C17*F17,4) -> 0 | G18: =ROUNDDOWN($C17*G17,4) -> 0 | H18: =ROUNDDOWN($C17*H17,4) -> 179600.01 | I18: =ROUNDDOWN($C17*I17,4) -> 179600.01 | J18: =ROUNDDOWN($C17*J17,4) -> 179600.01 | K18: =ROUNDDOWN($C17*K17,4) -> 0 | L18: =ROUNDDOWN($C17*L17,4) -> 0 | ... P18: =ROUNDDOWN($C17*P17,4) -> 0 | R18: =ROUND(SUM(E18:P18),2) -> 538800.04 | S18: =IF(R18=C17,"OK","DIF") -> OK
A19: 7 | B19: =RESUMO!B24 -> ELEMENTOS DE FECHAMENTO | C19: =VLOOKUP(B19,RESUMO!$B$18:$I$38,8,FALSE()) -> 89452.13 | H19: =100%/4 -> 0.25 | I19: =100%/4 -> 0.25 | J19: =100%/4 -> 0.25 | K19: =100%/4 -> 0.25 | R19: =SUM(E19:P19) -> 1
E20: =ROUNDDOWN($C19*E19,4) -> 0 | F20: =ROUNDDOWN($C19*F19,4) -> 0 | G20: =ROUNDDOWN($C19*G19,4) -> 0 | H20: =ROUNDDOWN($C19*H19,4) -> 22363.033 | I20: =ROUNDDOWN($C19*I19,4) -> 22363.033 | J20: =ROUNDDOWN($C19*J19,4) -> 22363.033 | K20: =ROUNDDOWN($C19*K19,4) -> 22363.033 | L20: =ROUNDDOWN($C19*L19,4) -> 0 | ... P20: =ROUNDDOWN($C19*P19,4) -> 0 | R20: =ROUND(SUM(E20:P20),2) -> 89452.13 | S20: =IF(R20=C19,"OK","DIF") -> OK
A21: 8 | B21: =RESUMO!B25 -> COBERTURAS | C21: =VLOOKUP(B21,RESUMO!$B$18:$I$38,8,FALSE()) -> 79099.69 | J21: 0.5 | K21: 0.5 | R21: =SUM(E21:P21) -> 1
E22: =ROUNDDOWN($C21*E21,4) -> 0 | F22: =ROUNDDOWN($C21*F21,4) -> 0 | G22: =ROUNDDOWN($C21*G21,4) -> 0 | H22: =ROUNDDOWN($C21*H21,4) -> 0 | I22: =ROUNDDOWN($C21*I21,4) -> 0 | J22: =ROUNDDOWN($C21*J21,4) -> 39549.845 | K22: =ROUNDDOWN($C21*K21,4) -> 39549.845 | L22: =ROUNDDOWN($C21*L21,4) -> 0 | ... P22: =ROUNDDOWN($C21*P21,4) -> 0 | R22: =ROUND(SUM(E22:P22),2) -> 79099.69 | S22: =IF(R22=C21,"OK","DIF") -> OK
A23: 9 | B23: =RESUMO!B26 -> IMPERMEABILIZAÇÃO, ISOLAMENTO TÉRMICO E ACÚSTICO | C23: =VLOOKUP(B23,RESUMO!$B$18:$I$38,8,FALSE()) -> 206292.48 | J23: 0.5 | K23: 0.5 | R23: =SUM(E23:P23) -> 1
E24: =ROUNDDOWN($C23*E23,4) -> 0 | F24: =ROUNDDOWN($C23*F23,4) -> 0 | G24: =ROUNDDOWN($C23*G23,4) -> 0 | H24: =ROUNDDOWN($C23*H23,4) -> 0 | I24: =ROUNDDOWN($C23*I23,4) -> 0 | J24: =ROUNDDOWN($C23*J23,4) -> 103146.24 | K24: =ROUNDDOWN($C23*K23,4) -> 103146.24 | L24: =ROUNDDOWN($C23*L23,4) -> 0 | ... P24: =ROUNDDOWN($C23*P23,4) -> 0 | R24: =ROUND(SUM(E24:P24),2) -> 206292.48 | S24: =IF(R24=C23,"OK","DIF") -> OK
A25: 10 | B25: =RESUMO!B27 -> ESQUADRIAS E VIDROS | C25: =VLOOKUP(B25,RESUMO!$B$18:$I$38,8,FALSE()) -> 1919499 | K25: =100%/3 -> 0.33333333 | L25: =100%/3 -> 0.33333333 | M25: =100%/3 -> 0.33333333 | R25: =SUM(E25:P25) -> 1
E26: =ROUNDDOWN($C25*E25,4) -> 0 | F26: =ROUNDDOWN($C25*F25,4) -> 0 | G26: =ROUNDDOWN($C25*G25,4) -> 0 | H26: =ROUNDDOWN($C25*H25,4) -> 0 | I26: =ROUNDDOWN($C25*I25,4) -> 0 | J26: =ROUNDDOWN($C25*J25,4) -> 0 | K26: =ROUNDDOWN($C25*K25,4) -> 639832.99 | L26: =ROUNDDOWN($C25*L25,4) -> 639832.99 | ... P26: =ROUNDDOWN($C25*P25,4) -> 0 | R26: =ROUND(SUM(E26:P26),2) -> 1919499 | S26: =IF(R26=C25,"OK","DIF") -> OK
A27: 11 | B27: =RESUMO!B28 -> INSTALAÇÕES HIDRÁULICAS E SANITÁRIAS | C27: =VLOOKUP(B27,RESUMO!$B$18:$I$38,8,FALSE()) -> 560198.88 | L27: 0.5 | M27: 0.5 | R27: =SUM(E27:P27) -> 1
E28: =ROUNDDOWN($C27*E27,4) -> 0 | F28: =ROUNDDOWN($C27*F27,4) -> 0 | G28: =ROUNDDOWN($C27*G27,4) -> 0 | H28: =ROUNDDOWN($C27*H27,4) -> 0 | I28: =ROUNDDOWN($C27*I27,4) -> 0 | J28: =ROUNDDOWN($C27*J27,4) -> 0 | K28: =ROUNDDOWN($C27*K27,4) -> 0 | L28: =ROUNDDOWN($C27*L27,4) -> 280099.44 | ... P28: =ROUNDDOWN($C27*P27,4) -> 0 | R28: =ROUND(SUM(E28:P28),2) -> 560198.88 | S28: =IF(R28=C27,"OK","DIF") -> OK
A29: 12 | B29: =RESUMO!B29 -> INSTALAÇÕES ELÉTRICAS | C29: =VLOOKUP(B29,RESUMO!$B$18:$I$38,8,FALSE()) -> 8154071.1 | G29: =100%/10 -> 0.1 | H29: =100%/10 -> 0.1 | I29: =100%/10 -> 0.1 | J29: =100%/10 -> 0.1 | K29: =100%/10 -> 0.1 | L29: =100%/10 -> 0.1 | M29: =100%/10 -> 0.1 | N29: =100%/10 -> 0.1 | ... P29: =100%/10 -> 0.1 | R29: =SUM(E29:P29) -> 1
E30: =ROUNDDOWN($C29*E29,4) -> 0 | F30: =ROUNDDOWN($C29*F29,4) -> 0 | G30: =ROUNDDOWN($C29*G29,4) -> 815407.11 | H30: =ROUNDDOWN($C29*H29,4) -> 815407.11 | I30: =ROUNDDOWN($C29*I29,4) -> 815407.11 | J30: =ROUNDDOWN($C29*J29,4) -> 815407.11 | K30: =ROUNDDOWN($C29*K29,4) -> 815407.11 | L30: =ROUNDDOWN($C29*L29,4) -> 815407.11 | ... P30: =ROUNDDOWN($C29*P29,4) -> 815407.11 | R30: =ROUND(SUM(E30:P30),2) -> 8154071.1 | S30: =IF(R30=C29,"OK","DIF") -> OK
A31: 13 | B31: =RESUMO!B30 -> INSTALAÇÕES LÓGICA / TELEFONIA /CFTV | C31: =VLOOKUP(B31,RESUMO!$B$18:$I$38,8,FALSE()) -> 842556.32 | G31: =100%/10 -> 0.1 | H31: =100%/10 -> 0.1 | I31: =100%/10 -> 0.1 | J31: =100%/10 -> 0.1 | K31: =100%/10 -> 0.1 | L31: =100%/10 -> 0.1 | M31: =100%/10 -> 0.1 | N31: =100%/10 -> 0.1 | ... P31: =100%/10 -> 0.1 | R31: =SUM(E31:P31) -> 1
E32: =ROUNDDOWN($C31*E31,4) -> 0 | F32: =ROUNDDOWN($C31*F31,4) -> 0 | G32: =ROUNDDOWN($C31*G31,4) -> 84255.632 | H32: =ROUNDDOWN($C31*H31,4) -> 84255.632 | I32: =ROUNDDOWN($C31*I31,4) -> 84255.632 | J32: =ROUNDDOWN($C31*J31,4) -> 84255.632 | K32: =ROUNDDOWN($C31*K31,4) -> 84255.632 | L32: =ROUNDDOWN($C31*L31,4) -> 84255.632 | ... P32: =ROUNDDOWN($C31*P31,4) -> 84255.632 | R32: =ROUND(SUM(E32:P32),2) -> 842556.32 | S32: =IF(R32=C31,"OK","DIF") -> OK
A33: 14 | B33: =RESUMO!B31 -> INSTALAÇÃO DE INCÊNDIO | C33: =VLOOKUP(B33,RESUMO!$B$18:$I$38,8,FALSE()) -> 1915119 | E33: =100%/12 -> 0.083333333 | F33: =100%/12 -> 0.083333333 | G33: =100%/12 -> 0.083333333 | H33: =100%/12 -> 0.083333333 | I33: =100%/12 -> 0.083333333 | J33: =100%/12 -> 0.083333333 | K33: =100%/12 -> 0.083333333 | L33: =100%/12 -> 0.083333333 | ... P33: =100%/12 -> 0.083333333 | R33: =SUM(E33:P33) -> 1
E34: =ROUNDDOWN($C33*E33,4) -> 159593.25 | F34: =ROUNDDOWN($C33*F33,4) -> 159593.25 | G34: =ROUNDDOWN($C33*G33,4) -> 159593.25 | H34: =ROUNDDOWN($C33*H33,4) -> 159593.25 | I34: =ROUNDDOWN($C33*I33,4) -> 159593.25 | J34: =ROUNDDOWN($C33*J33,4) -> 159593.25 | K34: =ROUNDDOWN($C33*K33,4) -> 159593.25 | L34: =ROUNDDOWN($C33*L33,4) -> 159593.25 | ... P34: =ROUNDDOWN($C33*P33,4) -> 159593.25 | R34: =ROUND(SUM(E34:P34),2) -> 1915119 | S34: =IF(R34=C33,"OK","DIF") -> OK
A35: 15 | B35: =RESUMO!B32 -> AR CONDICIONADO | C35: =VLOOKUP(B35,RESUMO!$B$18:$I$38,8,FALSE()) -> 4028419.3 | H35: =100%/9 -> 0.11111111 | I35: =100%/9 -> 0.11111111 | J35: =100%/9 -> 0.11111111 | K35: =100%/9 -> 0.11111111 | L35: =100%/9 -> 0.11111111 | M35: =100%/9 -> 0.11111111 | N35: =100%/9 -> 0.11111111 | O35: =100%/9 -> 0.11111111 | P35: =100%/9 -> 0.11111111 | R35: =SUM(E35:P35) -> 1
E36: =ROUNDDOWN($C35*E35,4) -> 0 | F36: =ROUNDDOWN($C35*F35,4) -> 0 | G36: =ROUNDDOWN($C35*G35,4) -> 0 | H36: =ROUNDDOWN($C35*H35,4) -> 447602.14 | I36: =ROUNDDOWN($C35*I35,4) -> 447602.14 | J36: =ROUNDDOWN($C35*J35,4) -> 447602.14 | K36: =ROUNDDOWN($C35*K35,4) -> 447602.14 | L36: =ROUNDDOWN($C35*L35,4) -> 447602.14 | ... P36: =ROUNDDOWN($C35*P35,4) -> 447602.14 | R36: =ROUND(SUM(E36:P36),2) -> 4028419.3 | S36: =IF(R36=C35,"OK","DIF") -> OK
A37: 16 | B37: =RESUMO!B33 -> REVESTIMENTO PAREDE | C37: =VLOOKUP(B37,RESUMO!$B$18:$I$38,8,FALSE()) -> 88899.37 | M37: =100%/4 -> 0.25 | N37: =100%/4 -> 0.25 | O37: =100%/4 -> 0.25 | P37: =100%/4 -> 0.25 | R37: =SUM(E37:P37) -> 1
E38: =ROUNDDOWN($C37*E37,4) -> 0 | F38: =ROUNDDOWN($C37*F37,4) -> 0 | G38: =ROUNDDOWN($C37*G37,4) -> 0 | H38: =ROUNDDOWN($C37*H37,4) -> 0 | I38: =ROUNDDOWN($C37*I37,4) -> 0 | J38: =ROUNDDOWN($C37*J37,4) -> 0 | K38: =ROUNDDOWN($C37*K37,4) -> 0 | L38: =ROUNDDOWN($C37*L37,4) -> 0 | ... P38: =ROUNDDOWN($C37*P37,4) -> 22224.842 | R38: =ROUND(SUM(E38:P38),2) -> 88899.37 | S38: =IF(R38=C37,"OK","DIF") -> OK
A39: 17 | B39: =RESUMO!B34 -> REVESTIMENTO PISO | C39: =VLOOKUP(B39,RESUMO!$B$18:$I$38,8,FALSE()) -> 1163132.5 | K39: =100%/6 -> 0.16666667 | L39: =100%/6 -> 0.16666667 | M39: =100%/6 -> 0.16666667 | N39: =100%/6 -> 0.16666667 | O39: =100%/6 -> 0.16666667 | P39: =100%/6 -> 0.16666667 | R39: =SUM(E39:P39) -> 1
E40: =ROUNDDOWN($C39*E39,4) -> 0 | F40: =ROUNDDOWN($C39*F39,4) -> 0 | G40: =ROUNDDOWN($C39*G39,4) -> 0 | H40: =ROUNDDOWN($C39*H39,4) -> 0 | I40: =ROUNDDOWN($C39*I39,4) -> 0 | J40: =ROUNDDOWN($C39*J39,4) -> 0 | K40: =ROUNDDOWN($C39*K39,4) -> 193855.42 | L40: =ROUNDDOWN($C39*L39,4) -> 193855.42 | ... P40: =ROUNDDOWN($C39*P39,4) -> 193855.42 | R40: =ROUND(SUM(E40:P40),2) -> 1163132.5 | S40: =IF(R40=C39,"OK","DIF") -> OK
A41: 18 | B41: =RESUMO!B35 -> PINTURA | C41: =VLOOKUP(B41,RESUMO!$B$18:$I$38,8,FALSE()) -> 626594.56 | N41: =100%/3 -> 0.33333333 | O41: =100%/3 -> 0.33333333 | P41: =100%/3 -> 0.33333333 | R41: =SUM(E41:P41) -> 1
E42: =ROUNDDOWN($C41*E41,4) -> 0 | F42: =ROUNDDOWN($C41*F41,4) -> 0 | G42: =ROUNDDOWN($C41*G41,4) -> 0 | H42: =ROUNDDOWN($C41*H41,4) -> 0 | I42: =ROUNDDOWN($C41*I41,4) -> 0 | J42: =ROUNDDOWN($C41*J41,4) -> 0 | K42: =ROUNDDOWN($C41*K41,4) -> 0 | L42: =ROUNDDOWN($C41*L41,4) -> 0 | ... P42: =ROUNDDOWN($C41*P41,4) -> 208864.85 | R42: =ROUND(SUM(E42:P42),2) -> 626594.56 | S42: =IF(R42=C41,"OK","DIF") -> OK
A43: 19 | B43: =RESUMO!B36 -> EQUIPAMENTOS | C43: =VLOOKUP(B43,RESUMO!$B$18:$I$38,8,FALSE()) -> 472531.35 | L43: =100%/5 -> 0.2 | M43: =100%/5 -> 0.2 | N43: =100%/5 -> 0.2 | O43: =100%/5 -> 0.2 | P43: =100%/5 -> 0.2 | R43: =SUM(E43:P43) -> 1
E44: =ROUNDDOWN($C43*E43,4) -> 0 | F44: =ROUNDDOWN($C43*F43,4) -> 0 | G44: =ROUNDDOWN($C43*G43,4) -> 0 | H44: =ROUNDDOWN($C43*H43,4) -> 0 | I44: =ROUNDDOWN($C43*I43,4) -> 0 | J44: =ROUNDDOWN($C43*J43,4) -> 0 | K44: =ROUNDDOWN($C43*K43,4) -> 0 | L44: =ROUNDDOWN($C43*L43,4) -> 94506.27 | ... P44: =ROUNDDOWN($C43*P43,4) -> 94506.27 | R44: =ROUND(SUM(E44:P44),2) -> 472531.35 | S44: =IF(R44=C43,"OK","DIF") -> OK
A45: 20 | B45: =RESUMO!B37 -> FORRO | C45: =VLOOKUP(B45,RESUMO!$B$18:$I$38,8,FALSE()) -> 951031.27 | O45: 0.5 | P45: 0.5 | R45: =SUM(E45:P45) -> 1
E46: =ROUNDDOWN($C45*E45,4) -> 0 | F46: =ROUNDDOWN($C45*F45,4) -> 0 | G46: =ROUNDDOWN($C45*G45,4) -> 0 | H46: =ROUNDDOWN($C45*H45,4) -> 0 | I46: =ROUNDDOWN($C45*I45,4) -> 0 | J46: =ROUNDDOWN($C45*J45,4) -> 0 | K46: =ROUNDDOWN($C45*K45,4) -> 0 | L46: =ROUNDDOWN($C45*L45,4) -> 0 | ... P46: =ROUNDDOWN($C45*P45,4) -> 475515.64 | R46: =ROUND(SUM(E46:P46),2) -> 951031.27 | S46: =IF(R46=C45,"OK","DIF") -> OK
A47: 21 | B47: =RESUMO!B38 -> SERVIÇOS COMPLEMENTARES | C47: =VLOOKUP(B47,RESUMO!$B$18:$I$38,8,FALSE()) -> 169272 | E47: =100%/12 -> 0.083333333 | F47: =100%/12 -> 0.083333333 | G47: =100%/12 -> 0.083333333 | H47: =100%/12 -> 0.083333333 | I47: =100%/12 -> 0.083333333 | J47: =100%/12 -> 0.083333333 | K47: =100%/12 -> 0.083333333 | L47: =100%/12 -> 0.083333333 | ... P47: =100%/12 -> 0.083333333 | R47: =SUM(E47:P47) -> 1
E48: =ROUNDDOWN($C47*E47,4) -> 14106 | F48: =ROUNDDOWN($C47*F47,4) -> 14106 | G48: =ROUNDDOWN($C47*G47,4) -> 14106 | H48: =ROUNDDOWN($C47*H47,4) -> 14106 | I48: =ROUNDDOWN($C47*I47,4) -> 14106 | J48: =ROUNDDOWN($C47*J47,4) -> 14106 | K48: =ROUNDDOWN($C47*K47,4) -> 14106 | L48: =ROUNDDOWN($C47*L47,4) -> 14106 | ... P48: =ROUNDDOWN($C47*P47,4) -> 14106 | R48: =ROUND(SUM(E48:P48),2) -> 169272 | S48: =IF(R48=C47,"OK","DIF") -> OK
A49: TOTAL DA ETAPA | C49: =SUM(C7:C48) -> 24592340 | D49: =D8+D10+D12+D14+D16+D18+D20+D22+D24+D26+D28+D30+D32+D34+D36+D38+D40+D42+D44+D46+D48 -> 28516.653 | E49: =E8+E10+E12+E14+E16+E18+E20+E22+E24+E26+E28+E30+E32+E34+E36+E38+E40+E42+E44+E46+E48 -> 270502.92 | F49: =F8+F10+F12+F14+F16+F18+F20+F22+F24+F26+F28+F30+F32+F34+F36+F38+F40+F42+F44+F46+F48 -> 484008.31 | G49: =G8+G10+G12+G14+G16+G18+G20+G22+G24+G26+G28+G30+G32+G34+G36+G38+G40+G42+G44+G46+G48 -> 1454994.1 | H49: =H8+H10+H12+H14+H16+H18+H20+H22+H24+H26+H28+H30+H32+H34+H36+H38+H40+H42+H44+H46+H48 -> 1931175 | I49: =I8+I10+I12+I14+I16+I18+I20+I22+I24+I26+I28+I30+I32+I34+I36+I38+I40+I42+I44+I46+I48 -> 1931175 | J49: =J8+J10+J12+J14+J16+J18+J20+J22+J24+J26+J28+J30+J32+J34+J36+J38+J40+J42+J44+J46+J48 -> 2085183.7 | K49: =K8+K10+K12+K14+K16+K18+K20+K22+K24+K26+K28+K30+K32+K34+K36+K38+K40+K42+K44+K46+K48 -> 2719468.2 | ... P49: =P8+P10+P12+P14+P16+P18+P20+P22+P24+P26+P28+P30+P32+P34+P36+P38+P40+P42+P44+P46+P48 -> 2854512.3
A50: Custo | D50: =D49/$C$49 -> 0.0011595746 | E50: =E49/$C$49 -> 0.010999479 | F50: =F49/$C$49 -> 0.019681263 | G50: =G49/$C$49 -> 0.059164525 | H50: =H49/$C$49 -> 0.078527502 | I50: =I49/$C$49 -> 0.078527502 | J50: =J49/$C$49 -> 0.084789967 | K50: =K49/$C$49 -> 0.11058192 | ... P50: =P49/$C$49 -> 0.11607323
A51: VALOR ACUMULADO | D51: =D49 -> 28516.653 | E51: =D51+E49 -> 299019.57 | F51: =E51+F49 -> 783027.88 | G51: =F51+G49 -> 2238022 | H51: =G51+H49 -> 4169197 | I51: =H51+I49 -> 6100372 | J51: =I51+J49 -> 8185555.6 | K51: =J51+K49 -> 10905024 | L51: =K51+L49 -> 13850651 | ... P51: =O51+P49 -> 24592340
A52: PORCENTAGEM ACUMULADA | D52: =D50 -> 0.0011595746 | E52: =D52+E50 -> 0.012159054 | F52: =E52+F50 -> 0.031840317 | G52: =F52+G50 -> 0.091004842 | H52: =G52+H50 -> 0.16953234 | I52: =H52+I50 -> 0.24805985 | J52: =I52+J50 -> 0.33284981 | K52: =J52+K50 -> 0.44343173 | L52: =K52+L50 -> 0.56320997 | ... P52: =O52+P50 -> 1
